 Dungeon Crawl Stone Soup version 0.31-a0-177-g4aa6249778 (webtiles) character file.

Game seed: 13953810853114395631

605834 qw the Slayer (level 27, 193/193 HPs)
             Began as a Gargoyle Fighter on June 18, 2023.
             Was the Champion of the Shining One.
             Quit the game on level 1 of the Tomb of the Ancients.
             The game lasted 01:01:44 (55322 turns).

qw the Slayer (Gargoyle Fighter)                   Turns: 55322, Time: 01:01:45

Health: 193/193    AC: 65    Str: 53    XL:     27
Magic:  36/36      EV: 19    Int:  9    God:    the Shining One [******]
Gold:   1729       SH: 24    Dex: 14    Spells: 26/26 levels left

rFire   . . .        u - +9 broad axe (holy)
rCold   + . .        B - +2 tower shield
rNeg    + + +        I - +9 crystal plate armour of Mematibo {Regen+ Int+3}
rPois   inf          J - +1 hat of the Locust {rC+ Regen+}
rElec   +            z - +2 cloak of Boappicw {Will+ Str+3}
rCorr   .            A - +2 pair of gloves {Str+3}
SInv    .            N - +2 pair of boots of Leapfrog {-Cast Fly Regen+ Dex+7}
Will    +++..        b - amulet of faith Stlth
                     f - +6 ring of strength
HPRegen 2.92/turn    D - +5 ring of evasion
MPRegen 0.25/turn

%: no spellcasting, faith
@: flying, glowing
A: sickness immunity, AC +20, big wings, negative energy resistance 1,
electricity resistance, torment resistance 1, petrification resistance,
iridescent scales 1, deformed body, dopey 1, strong 2, evolution 2, inability to
read after injury 1
}: 4/15 runes: decaying, serpentine, slimy, silver
a: Renounce Religion, Divine Shield, Cleansing Flame, Summon Divine Warrior


You were on level 1 of the Tomb of the Ancients.
You worshipped the Shining One.
The Shining One was exalted by your worship.
You visited 12 branches of the dungeon, and saw 53 of its levels.
You visited 1 bazaar.

You collected 6557 gold pieces.
You spent 4828 gold pieces at shops.


Innate Abilities, Weirdness & Mutations

You are immune to sickness and miasma.
Your stone body is resilient. (AC +20)
You are immune to poison.
Your large and strong wings let you fly.
You resist negative energy. (rN+)
You are resistant to electric shocks. (rElec)
You are resistant to unholy torment.
You are immune to petrification.
You are partially covered in iridescent scales. (AC +2)
Armour fits poorly on your strangely shaped body.
You are dopey. (Int -2)
Your muscles are very strong. (Str +8, Int/Dex -2)
You have great hidden genetic potential.
You occasionally lose the ability to read scrolls when taking damage.


   Skills:
 - Level 25.4 Fighting
 - Level 18.0 Axes
 - Level 14.0 Throwing
 - Level 22.0 Armour
 - Level 12.0 Dodging
 - Level 22.0 Shields
 + Level 19.3 Invocations


You had 26 spell levels left.
You didn't know any spells.
Your spell library was empty.

Inventory:

Hand Weapons
 j - the +8 mithril axe "Arga" {speed, Will+}
   (Okawaru gifted it to you on level 2 of the Vaults)

   Will:      It increases your willpower.
 l - a +7 vampiric broad axe
 u - a +9 broad axe of holy wrath (weapon)
Missiles
 C - 17 boomerangs (quivered)
Armour
 q - the +14 plate armour of Nuomec {Harm rF+ Dex+3 Stlth-}
   (You found it on level 1 of the Lair of Beasts)

   Dex:       It affects your dexterity (+3).
   rF:        It protects you from fire.
   Harm:      It increases damage dealt and taken.
   Stlth:     It makes you less stealthy.
 z - the +2 cloak of Boappicw (worn) {Will+ Str+3}
   (You acquired it on level 10 of the Dungeon)

   Str:       It affects your strength (+3).
   Will:      It increases your willpower.
 A - a +2 pair of gloves of strength (worn)
 B - a +2 tower shield (worn)
 I - the +9 crystal plate armour of Mematibo (worn) {Regen+ Int+3}
   (Okawaru gifted it to you on level 4 of the Vaults)

   Int:       It affects your intelligence (+3).
   Regen:     It increases your rate of health regeneration.
 J - the +1 hat of the Locust (worn) {rC+ Regen+}
   (Okawaru gifted it to you on level 2 of the Depths)

   rC:        It protects you from cold.
   Regen:     It increases your rate of health regeneration.
 N - the +2 pair of boots of Leapfrog (worn) {-Cast Fly Regen+ Dex+7}
   (You acquired it on level 2 of the Depths)

   Dex:       It affects your dexterity (+7).
   Fly:       It grants you flight.
   -Cast:     It prevents spellcasting.
   Regen:     It increases your rate of health regeneration.
Jewellery
 b - an amulet of faith (around neck)
 c - the ring of Luozy {Fly rC+ Str+2}
   (You found it on level 3 of the Crypt)

   [ring of flight]

   Str:       It affects your strength (+2).
   rC:        It protects you from cold.
   Fly:       It grants you flight.
 f - a +6 ring of strength (left hand)
 g - a ring of protection from fire
 y - a ring of protection from fire
 D - a +5 ring of evasion (right hand)
 M - an amulet of reflection
 Y - a ring of ice
Wands
 m - a wand of digging (40)
Scrolls
 i - 2 scrolls of enchant weapon
 k - 2 scrolls of enchant armour
 n - 7 scrolls of identify
 E - a scroll of brand weapon
Potions
 a - 6 potions of attraction
 d - 9 potions of might
 e - 15 potions of curing
 h - 3 potions of heal wounds
 o - 11 potions of lignification
 p - 2 potions of resistance
 r - 6 potions of haste
 t - 7 potions of enlightenment
 w - 7 potions of cancellation
 x - 3 potions of magic

Dungeon Overview and Level Annotations

Branches:
Dungeon (15/15)            Temple (1/1) D:7            Lair (5/5) D:9
  Swamp (4/4) Lair:3        Snake (4/4) Lair:2        Slime (5/5) Lair:4
    Orc (2/2) D:12            Elf (0/3) Orc:2        Vaults (5/5) D:13
  Crypt (3/3) Vaults:2       Tomb (1/3) Crypt:3      Depths (4/4) D:15
    Zot (4/5) Depths:4

Altars:
Ashenzari
Cheibriados
Dithmenos
Elyvilon
Fedhas
Gozag
Hepliaklqana
Kikubaaqudgha
Makhleb
Nemelex Xobeh
Okawaru
Qazlal
Ru
Sif Muna
Trog
Uskayaw
Vehumet
Wu Jian
Xom
Yredelemnul
Zin
The Shining One
Jiyva

Shops:
D:1 =   D:12 (   D:15 :   Orc:2 (!(!   Snake:4 ::=   Vaults:1 [   Vaults:2 (
Vaults:4 (   Depths:2 (

Portals:
Hell: Depths:1 Depths:2 Depths:3 Depths:4
Abyss: Depths:3
Pandemonium: Depths:2
Ziggurat: Depths:3

Annotations:
D:3 1 runed translucent door, Crazy Yiuf
D:6 2 transporters
D:9 Maurice
D:13 2 transporters
Swamp:3 2 transporters, Zatibaps's ghost, journeyman FeVM
Crypt:1 15 runed doors, rrossfarrar's ghost, veteran BaFi
Depths:2 1 runed translucent door
Depths:3 2 transporters, qw's ghost, veteran GrHu


Message History

Enter note:
Enter note:
Enter note:
Enter note:
Enter note:
Enter note:
Enter note:
Enter note:
Enter note:
Enter note:
Enter note:
Enter note:
Enter note:
Enter note:
Enter note:
Enter note:
Enter note:
Enter note:
Enter note:
Enter note:
Enter note:
Enter note:
Enter note:
Enter note:
Enter note:
Enter note:
Enter note:
Enter note:
Enter note:
Enter note:
Enter note:
Enter note:
Enter note:
Enter note:
Enter note:
Enter note:
Enter note:
Enter note:
55321 ||| Stepping randomly (stuck).
Are you sure you want to abandon this character and quit the game? (Confirm with "yes".)

#################################
.................................
.................................
.................................
.................................
.................................
.................................
............................}.}..
................@................
.................................
.........................).......
........................(..8)..8.
.................................
........##################.......
........# #.8...8. ........#
#....... ........# #.......


There were no monsters in sight!

Vanquished Creatures
  the Royal Jelly (Slime:5)
  A dread lich (Vaults:5)
  An orb of fire (Zot:3)
  A royal mummy (Tomb:1)
  the Lernaean hydra (Swamp:4)
  Saint Roka (Crypt:3)
  Vashnia (Snake:2)
  A curse toe (Zot:1)
  4 caustic shrikes (Depths:4)
  5 golden dragons
  2 profane servitors (Crypt:3)
  A Tzitzimitl (Depths:3)
  A hellephant (Depths:1)
  17 tentacled monstrosities
  Rupert (D:13)
  Jorgrun (D:12)
  2 liches
  7 quicksilver dragons
  6 deep elf master archers
  12 ancient champions
  29 titans
  A walking frostbound tome (Depths:2)
  14 death cobs
  2 deep elf blademasters
  7 sphinxes
  Gastronok (D:11)
  16 acid blobs
  9 shadow dragons
  A thorn hunter (Swamp:4)
  8 tengu reavers
  3 azure jellies (Slime:5)
  Roxanne (Swamp:3)
  3 draconian monks
  6 revenants
  Donald (Swamp:2)
  7 draconian knights
  14 storm dragons
  7 nagarajas
  24 fire giants
  12 frost giants
  10 rockslimes
  Aizul (Snake:1)
  A ghost moth (Zot:3)
  4 draconian scorchers
  25 vault wardens
  2 iron dragons (Vaults:5)
  24 ironbound preservers
  2 orc warlords
  9 ghouls
  7 draconian shifters
  6 draconian stormcallers
  9 draconian annihilators
  A spriggan defender (Depths:3)
  2 reapers (Crypt:2)
  A stone giant (shapeshifter) (Vaults:5)
  9 ironbound thunderhulks
  31 stone giants
  6 war gargoyles
  5 formless jellyfish
  3 quicksilver oozes
  A broodmother (shapeshifter) (Vaults:5)
  8 green draconians
  13 black draconians
  12 vampire knights
  10 yellow draconians
  4 bunyips
  20 very ugly things
  Azrael (D:13)
  4 eleionomae
  17 red draconians
  10 purple draconians
  4 deep elf annihilators (Vaults:5)
  A dire elephant (Vaults:1)
  3 eidola
  5 spark wasps
  A bunyip (shapeshifter) (Vaults:5)
  8 white draconians
  3 deep elf death magi
  A crystal guardian (Vaults:3)
  6 ettins
  Snorg (Orc:2)
  Josephine (D:11)
  9 jiangshi
  6 mummy priests
  9 fire dragons
  2 entropy weavers (Vaults:1)
  13 great orbs of eyes
  2 deep elf high priests (Vaults:5)
  2 shambling mangroves
  3 peacekeepers
  2 fenstrider witch zombies
  16 yaktaur captains
  37 vault guards
  9 spriggan air magi
  A quicksilver dragon skeleton (Crypt:1)
  2 salamander tyrants
  12 ice dragons
  5 rakshasas
  Erica (D:9)
  A hydra (shapeshifter) (Vaults:5)
  13 anacondas
  A ghost crab (Swamp:4)
  19 hydras
  5 ironbound frosthearts
  2 catoblepae
  11 centaur warriors
  5 ogre magi
  6 alligators
  7 boulder beetles
  3 death knights (Crypt:1)
  7 deep troll shamans
  20 death scarabs (Tomb:1)
  6 death yaks (Lair:5)
  9 two-headed ogres
  11 vampire magi
  13 naga warriors
  17 naga sharpshooters
  9 deep troll earth magi
  8 hell hogs (Depths:1)
  A quicksilver ooze zombie (Crypt:1)
  A bennu skeleton (Crypt:2)
  16 hell knights
  5 spriggan berserkers
  6 tengu warriors
  Urug (Lair:3)
  5 shock serpents
  7 deep elf knights
  8 orc high priests (Orc:2)
  3 skysharks
  A titan skeleton (Crypt:2)
  4 iron trolls
  4 soul eaters
  2 salamander mystics (Snake:4)
  45 skeletal warriors
  A fire crab (D:13)
  4 bog bodies
  A golden dragon zombie (D:15)
  70 deep trolls
  2 goliath frogs
  7 sea snakes (Snake:4)
  13 shadow wraiths
  3 glowing orange brains
  A spriggan druid (Swamp:3)
  9 naga ritualists
  13 swamp dragons
  3 shadow demons (Depths:3)
  6 flayed ghosts
  Pikel (D:9)
  8 phantasmal warriors
  A tengu zombie (Vaults:4)
  3 harpies (Vaults:3)
  8 necromancers
  4 wizards
  A sphinx zombie (Crypt:1)
  13 lindwurms
  7 deep elf archers
  7 orc knights
  17 ironbound convokers
  7 deep elf zephyrmancers
  8 large abominations (Depths:3)
  6 mana vipers
  2 stone giant zombies (D:15)
  A human zombie (Vaults:1)
  12 deep elf pyromancers
  A faun (Lair:1)
  A shining eye (shapeshifter) (Vaults:2)
  22 ugly things
  3 orc sorcerers
  An eleionoma zombie (Crypt:2)
  6 manticores
  13 salamanders
  5 shining eyes
  A tengu skeleton (Vaults:1)
  3 cyclopes
  2 sphinx skeletons
  6 elephants
  26 moths of wrath
  A will-o-the-wisp (Swamp:4)
  11 guardian serpents
  A centaur zombie (Crypt:3)
  2 eyes of devastation
  A stone giant skeleton (Crypt:2)
  20 vault sentinels
  24 black mambas
  17 naga magi
  7 cane toads
  An unseen horror (shapeshifter) (Vaults:2)
  2 torpor snails
  2 unseen horrors
  A shock serpent skeleton (Crypt:2)
  7 swamp worm zombies (Crypt:3)
  3 rime drakes
  13 freezing wraiths
  14 komodo dragons
  A yaktaur (shapeshifter) (D:13)
  A bunyip simulacrum (Crypt:2)
  A yaktaur zombie (Vaults:1)
  8 tengu conjurers
  A kobold demonologist (D:10)
  38 yaktaurs
  6 tyrant leeches
  A pale draconian skeleton (Crypt:1)
  7 guardian mummies
  7 polar bears (Lair:5)
  6 trolls
  A queen bee (shapeshifter) (D:15)
  A hydra skeleton (Tomb:1)
  A harpy skeleton (Crypt:3)
  Grinder (D:4)
  An ettin zombie (Vaults:1)
  A wind drake (shapeshifter) (D:15)
  21 hornets
  5 dream sheep (Lair:5)
  A tarantella (Vaults:1)
  A deep troll zombie (Vaults:4)
  27 blink frogs
  A jumping spider (Vaults:1)
  3 flying skulls (Tomb:1)
  A culicivora (Vaults:1)
  Sigmund (D:3)
  An ice dragon skeleton (Crypt:3)
  69 slime creatures
  A water elemental (Depths:3)
  A vampire (D:10)
  29 spriggans
  A shadow (D:10)
  13 wraiths
  6 wyverns
  6 ushabtiu
  A centaur simulacrum (D:15)
  8 basilisks
  11 golden eyes
  48 yaks
  5 fire elementals (D:13)
  Grum (D:9)
  A steam dragon (Lair:3)
  An elf simulacrum (Vaults:1)
  A golden eye (shapeshifter) (D:11)
  3 chaos spawn (Depths:3)
  2 redbacks (shapeshifter) (Vaults:2)
  A redback (Vaults:1)
  3 vampire mosquitoes (Swamp:4)
  4 small abominations (Depths:3)
  11 wargs
  Menkaure (D:4)
  An acid dragon (D:12)
  49 nagas
  17 swamp worms
  A swamp worm (shapeshifter) (Vaults:2)
  A water nymph skeleton (Crypt:2)
  A floating eye (shapeshifter) (Depths:3)
  5 floating eyes
  A hell hound (D:13)
  A deep troll skeleton (Crypt:1)
  6 water moccasins
  A cane toad zombie (Crypt:1)
  A fire bat skeleton (Crypt:1)
  20 orc warriors
  3 ice beasts
  6 swamp drakes (Swamp:4)
  3 black bears
  3 sky beasts
  25 wolves
  A blink frog zombie (Crypt:3)
  11 centaurs
  10 ogres
  4 boggarts
  A torpor snail zombie (Crypt:3)
  A lemure (D:9)
  4 kobold brigands
  5 bullfrogs
  3 necrophages (Crypt:1)
  4 scorpions
  2 spriggan zombies (Crypt:2)
  2 shapeshifter zombies
  14 wights
  3 killer bees (D:10)
  An electric eel (D:13)
  11 howler monkeys
  A bullfrog zombie (Crypt:2)
  3 jellies
  3 hounds
  A human skeleton (Crypt:1)
  47 orc priests
  2 sleepcaps
  Jessica (D:2)
  A centaur skeleton (Crypt:3)
  A gnoll bouda (D:6)
  4 iguanas
  Ijyb (D:3)
  40 orc wizards
  7 mummies (Tomb:1)
  Robin (D:2)
  7 gnolls
  5 adders
  A swamp drake skeleton (Crypt:2)
  A shadow imp (D:6)
  A white imp (D:6)
  An ufetubus (D:6)
  A worm (D:5)
  2 dart slugs
  129 orcs
  8 ball pythons
  4 endoplasms
  6 giant cockroaches
  15 goblins
  4 hobgoblins
  10 jackals
  2 quokkas
  3 bats
  A frilled lizard (D:3)
  A goblin skeleton (Crypt:2)
  A jackal skeleton (Crypt:2)
  11 kobolds
  6 rats
2322 creatures vanquished.

Vanquished Creatures (collateral kills)
  2 royal mummies (Tomb:1)
  A lich (Crypt:3)
  An ancient champion (Crypt:3)
  A revenant (Crypt:3)
  A ghoul (Crypt:3)
  A caustic shrike zombie (Crypt:3)
  An eidolon (Crypt:3)
  2 jiangshi (Crypt:3)
  A mummy priest (Tomb:1)
  2 death scarabs (Tomb:1)
  2 shadow wraiths (Crypt:3)
  A skeletal warrior (Crypt:3)
  A flayed ghost (Crypt:3)
  A storm dragon skeleton (Crypt:3)
  A phantasmal warrior (Crypt:3)
  4 swamp worm zombies (Crypt:3)
  2 guardian mummies (Crypt:3)
  A harpy zombie (Crypt:3)
  A dire elephant simulacrum (Crypt:3)
  4 orc warriors (Crypt:3)
  2 orcs (Crypt:3)
33 creatures vanquished.

Vanquished Creatures (others)
  A deep elf zephyrmancer (Crypt:3)
  A moth of wrath (Zot:1)
  A yaktaur (Vaults:4)
  A slime creature (D:13)
  An orc warrior (Vaults:5)
  A boggart (Vaults:1)
  An orc priest (Vaults:5)
  An orc wizard (D:13)
  An orc (Crypt:3)
9 creatures vanquished.

Grand Total: 2364 creatures vanquished

Notes
Turn   | Place    | Note
-------+----------+-------------------------------------------
     0 | D:1      | qw the Gargoyle Fighter began the quest for the Orb.
     0 | D:1      | Reached XP level 1. HP: 14/14 MP: 1/1
     0 | D:1      | 0 ||| qw: Version: 0.3-a-5-g6f28e65
     0 | D:1      | 0 ||| qw: Game counter: 621
     0 | D:1      | 0 ||| qw: Always use a shield: true
     0 | D:1      | 0 ||| qw: God list: Okawaru
     0 | D:1      | 0 ||| qw: Allow faded altars: false
     0 | D:1      | 0 ||| qw: Do Orc after D:15 true
     0 | D:1      | 0 ||| qw: Do second Lair branch before Depths: true
     0 | D:1      | 0 ||| qw: Lair rune preference: random
     0 | D:1      | 0 ||| qw: Plans: Normal, Zot:1-4, Slime:5, God:TSO, Crypt,
                  | Tomb, Abyss, Pan, Hells, Win
     0 | D:1      | 0 ||| PLANNING D:1-11
   180 | D:1      | Reached XP level 2. HP: 18/19 MP: 2/2
   364 | D:1      | Found Xoiggo's Jewellery Shop.
   373 | D:1      | 373 ||| SHOPLISTING +6 ring of dexterity (468 gold, have
                  | 41).
   373 | D:1      | 373 ||| SHOPLISTING +6 ring of strength (468 gold, have
                  | 41).
   373 | D:1      | 373 ||| SHOPLISTING ring of ice (325 gold, have 41).
   373 | D:1      | 373 ||| SHOPLISTING ring of willpower (325 gold, have 41).
   503 | D:1      | Reached skill level 3 in Axes
   706 | D:1      | 706 ||| UPGRADING to ring of resist corrosion.
   707 | D:1      | 707 ||| READING scroll labelled RYIT DOVEECSIN.
   708 | D:1      | 708 ||| READING scroll labelled PYABAU OZXA.
   709 | D:1      | 709 ||| READING scroll labelled NOUTID IKYU.
   713 | D:1      | 713 ||| DRINKING 3 black potions.
   794 | D:2      | Reached XP level 3. HP: 22/23 MP: 3/3
   929 | D:2      | Noticed Robin
   954 | D:2      | Killed Robin
  1044 | D:2      | Noticed Jessica
  1045 | D:2      | 1045 ||| Stepping ~*~*~tactically~*~*~ (hiding).
  1053 | D:2      | Killed Jessica
  1054 | D:2      | Reached XP level 4. HP: 11/28 MP: 4/4
  1168 | D:2      | 1168 ||| Stepping ~*~*~tactically~*~*~ (stealth).
  1623 | D:2      | 1623 ||| UPGRADING to +0 plate armour.
  1633 | D:2      | 1633 ||| DROPPING +0 scale mail.
  1634 | D:2      | 1634 ||| UPGRADING to +0 helmet.
  1639 | D:2      | 1639 ||| READING scroll labelled QOBBEXECIPP.
  1640 | D:2      | 1640 ||| READING scroll labelled XODITU FUB.
  1641 | D:2      | 1641 ||| READING scroll labelled JAUJEF PISEIS.
  1642 | D:2      | 1642 ||| DRINKING 2 grey potions.
  1643 | D:2      | 1643 ||| DRINKING 2 viscous grey potions.
  1644 | D:2      | 1644 ||| READING 2 scrolls of identify.
  1644 | D:2      | 1644 ||| IDENTIFYING murky blue potion
  1645 | D:2      | 1645 ||| DROPPING potion of degeneration.
  1646 | D:2      | 1646 ||| DROPPING potion of invisibility.
  1669 | D:3      | 1669 ||| Stepping ~*~*~tactically~*~*~ (stealth).
  1682 | D:3      | 1682 ||| Stepping ~*~*~tactically~*~*~ (hiding).
  1693 | D:3      | 1693 ||| Stepping ~*~*~tactically~*~*~ (hiding).
  1694 | D:3      | 1694 ||| Stepping ~*~*~tactically~*~*~ (hiding).
  1695 | D:3      | 1695 ||| Stepping ~*~*~tactically~*~*~ (hiding).
  1696 | D:3      | 1696 ||| Stepping ~*~*~tactically~*~*~ (hiding).
  1711 | D:3      | Reached XP level 5. HP: 30/32 MP: 5/5
  1728 | D:3      | 1728 ||| DROPPING +0 club.
  1842 | D:3      | Noticed Ijyb
  1843 | D:3      | 1843 ||| Stepping ~*~*~tactically~*~*~ (hiding).
  1846 | D:3      | 1846 ||| DRINKING 5 potions of curing.
  1846 | D:3      | 1846 ||| (to cure confusion)
  1851 | D:3      | 1851 ||| DRINKING 4 potions of curing.
  1851 | D:3      | 1851 ||| (to cure confusion)
  1857 | D:3      | Killed Ijyb
  1858 | D:3      | Reached skill level 1 in Throwing
  1997 | D:3      | Noticed Sigmund
  2004 | D:3      | Killed Sigmund
  2005 | D:3      | Reached skill level 5 in Fighting
  2005 | D:3      | Reached XP level 6. HP: 40/40 MP: 6/6
  2072 | D:3      | Found a runed translucent door.
  2073 | D:3      | Noticed Crazy Yiuf
  2231 | D:3      | 2231 ||| READING scroll labelled SEYHEO DUEDOE.
  2232 | D:3      | 2232 ||| READING scroll labelled ICKEFIEGRI.
  2233 | D:3      | 2233 ||| READING 2 scrolls of identify.
  2233 | D:3      | 2233 ||| IDENTIFYING fizzy blue potion
  2234 | D:3      | 2234 ||| DROPPING potion of berserk rage.
  2336 | D:4      | Noticed Grinder
  2339 | D:4      | 2339 ||| Stepping ~*~*~tactically~*~*~ (hiding).
  2341 | D:4      | 2341 ||| Stepping ~*~*~tactically~*~*~ (hiding).
  2342 | D:4      | 2342 ||| Stepping ~*~*~tactically~*~*~ (hiding).
  2357 | D:4      | Paralysed by Grinder for 2 turns
  2358 | D:4      | Reached XP level 7. HP: 36/44 MP: 7/7
  2369 | D:4      | Killed Grinder
  2370 | D:4      | Reached skill level 6 in Axes
  2498 | D:4      | 2498 ||| Stepping ~*~*~tactically~*~*~ (stealth).
  2500 | D:4      | 2500 ||| Stepping ~*~*~tactically~*~*~ (stealth).
  2551 | D:4      | 2551 ||| Stepping ~*~*~tactically~*~*~ (stealth).
  2553 | D:4      | 2553 ||| Stepping ~*~*~tactically~*~*~ (stealth).
  2555 | D:4      | Noticed Menkaure
  2562 | D:4      | Killed Menkaure
  2690 | D:4      | Reached XP level 8. HP: 39/49 MP: 8/8
  2859 | D:4      | 2859 ||| UPGRADING to +0 kite shield.
  2869 | D:4      | 2869 ||| DROPPING +0 buckler.
  2870 | D:4      | 2870 ||| READING scroll labelled JEAQYETWAIBE.
  2871 | D:4      | 2871 ||| READING scroll labelled BEB QUIBUATSUCH.
  2872 | D:4      | 2872 ||| READING scroll labelled XAUSIC SAIS.
  2872 | D:4      | Identified a scroll of acquirement
  2872 | D:4      | 2872 ||| ACQUIRING +9 ice dragon scales of the Cricket
                  | {rPois rF- rC++ rCorr}
  2872 | D:4      | Acquired the +9 ice dragon scales of the Cricket {rPois rF-
                  | rC++ rCorr}
  2874 | D:4      | 2874 ||| UPGRADING to +9 ice dragon scales of the Cricket
                  | {rPois rF- rC++ rCorr}.
  2884 | D:4      | 2884 ||| REMOVING ring of resist corrosion.
  2895 | D:5      | Entered Level 5 of the Dungeon
  3022 | D:5      | Reached skill level 1 in Dodging
  3060 | D:5      | 3060 ||| Stepping ~*~*~tactically~*~*~ (stealth).
  3095 | D:5      | Reached skill level 6 in Shields
  3123 | D:5      | Found a radiant altar of Vehumet.
  3329 | D:5      | 3329 ||| Stepping ~*~*~tactically~*~*~ (stealth).
  3366 | D:5      | Reached XP level 9. HP: 54/54 MP: 9/9
  3539 | D:5      | 3539 ||| READING scroll labelled ECOOB CUXAUHO.
  3540 | D:5      | 3540 ||| READING scroll labelled TUOGUCL NIESM.
  3660 | D:6      | 3660 ||| Stepping ~*~*~tactically~*~*~ (hiding).
  3931 | D:6      | 3931 ||| Stepping ~*~*~tactically~*~*~ (hiding).
  3932 | D:6      | 3932 ||| Stepping ~*~*~tactically~*~*~ (hiding).
  3956 | D:6      | Found a transporter.
  3957 | D:6      | Noticed a komodo dragon
  3958 | D:6      | Noticed a two-headed ogre
  3960 | D:6      | Found a transporter.
  4164 | D:6      | Reached skill level 6 in Fighting
  4585 | D:6      | Found a burning altar of Makhleb.
  4607 | D:6      | 4607 ||| READING scroll labelled SEMOR ABUAPE.
  4608 | D:6      | 4608 ||| READING 2 scrolls of identify.
  4608 | D:6      | 4608 ||| IDENTIFYING fuming silvery potion
  4609 | D:6      | 4609 ||| DROPPING potion of brilliance.
  4662 | D:7      | 4662 ||| FLEEEEING.
  4663 | D:7      | 4663 ||| FLEEEEING.
  4664 | D:7      | 4664 ||| FLEEEEING.
  4665 | D:7      | 4665 ||| STAIRDANCE
  4717 | D:7      | 4717 ||| DROPPING +2 flail of draining.
  4718 | D:7      | 4718 ||| DROPPING +0 flail.
  4757 | D:7      | 4757 ||| Stepping ~*~*~tactically~*~*~ (hiding).
  4759 | D:7      | 4759 ||| Stepping ~*~*~tactically~*~*~ (hiding).
  4760 | D:7      | 4760 ||| Stepping ~*~*~tactically~*~*~ (hiding).
  4761 | D:7      | 4761 ||| Stepping ~*~*~tactically~*~*~ (hiding).
  4762 | D:7      | 4762 ||| Stepping ~*~*~tactically~*~*~ (hiding).
  4763 | D:7      | 4763 ||| Stepping ~*~*~tactically~*~*~ (hiding).
  4764 | D:7      | 4764 ||| Stepping ~*~*~tactically~*~*~ (hiding).
  4942 | D:7      | Found a glowing golden altar of the Shining One.
  4942 | D:7      | Found an ornate altar of the Wu Jian Council.
  4943 | D:7      | Found a blossoming altar of Fedhas.
  4980 | D:7      | Found a staircase to the Ecumenical Temple.
  4981 | D:7      | 4981 ||| PLANNING TEMPLE
  4988 | D:7      | Reached skill level 9 in Axes
  5000 | D:7      | 5000 ||| DROPPING +6 ring of intelligence.
  5001 | D:7      | 5001 ||| READING 2 scrolls of identify.
  5001 | D:7      | 5001 ||| IDENTIFYING amethyst potion
  5002 | D:7      | 5002 ||| DROPPING potion of ambrosia.
  5013 | Temple   | Entered the Ecumenical Temple
  5064 | Temple   | 5064 ||| PLANNING OKAWARU WORSHIP
  5213 | Temple   | Became a worshipper of Warmaster Okawaru
  5214 | Temple   | 5214 ||| PLANNING D:1-11
  5246 | D:7      | Found a stormy altar of Qazlal.
  5594 | D:8      | Reached skill level 7 in Fighting
  5596 | D:8      | 5596 ||| DROPPING +3 flail of protection.
  5662 | D:8      | Reached XP level 10. HP: 57/63 MP: 10/10
  5721 | D:8      | 5721 ||| FLEEEEING.
  5722 | D:8      | 5722 ||| FLEEEEING.
  5723 | D:8      | 5723 ||| FLEEEEING.
  5724 | D:8      | 5724 ||| FLEEEEING.
  5725 | D:8      | 5725 ||| FLEEEEING.
  5726 | D:8      | 5726 ||| FLEEEEING.
  5727 | D:8      | 5727 ||| FLEEEEING.
  5728 | D:8      | 5728 ||| FLEEEEING.
  5729 | D:8      | 5729 ||| FLEEEEING.
  5730 | D:8      | 5730 ||| FLEEEEING.
  5731 | D:8      | 5731 ||| FLEEEEING.
  5732 | D:8      | 5732 ||| FLEEEEING.
  5768 | D:8      | 5768 ||| Stepping ~*~*~tactically~*~*~ (hiding).
  5776 | D:8      | 5776 ||| Stepping ~*~*~tactically~*~*~ (hiding).
  5822 | D:8      | 5822 ||| Stepping ~*~*~tactically~*~*~ (stealth).
  5840 | D:8      | 5840 ||| Stepping ~*~*~tactically~*~*~ (stealth).
  5867 | D:8      | Reached skill level 9 in Shields
  6347 | D:8      | Found a white marble altar of Elyvilon.
  6480 | D:8      | 6480 ||| UPGRADING to ring of positive energy.
  6481 | D:8      | 6481 ||| DRINKING 2 puce potions.
  6482 | D:8      | 6482 ||| READING 2 scrolls of identify.
  6482 | D:8      | 6482 ||| IDENTIFYING lumpy coppery potion
  6509 | D:9      | 6509 ||| STAIRDANCE
  6522 | D:8      | Reached * piety under Okawaru
  6638 | D:9      | Reached skill level 1 in Invocations
  6678 | D:9      | Noticed Grum
  6679 | D:9      | 6679 ||| Stepping ~*~*~tactically~*~*~ (hiding).
  6680 | D:9      | 6680 ||| Stepping ~*~*~tactically~*~*~ (hiding).
  6683 | D:9      | 6683 ||| Stepping ~*~*~tactically~*~*~ (hiding).
  6684 | D:9      | 6684 ||| Stepping ~*~*~tactically~*~*~ (hiding).
  6685 | D:9      | 6685 ||| Stepping ~*~*~tactically~*~*~ (hiding).
  6686 | D:9      | 6686 ||| INVOKING Heroism.
  6702 | D:9      | Killed Grum
  6708 | D:9      | 6708 ||| INVOKING Heroism.
  6815 | D:9      | 6815 ||| Stepping ~*~*~tactically~*~*~ (stealth).
  6819 | D:9      | 6819 ||| Stepping ~*~*~tactically~*~*~ (hiding).
  6820 | D:9      | 6820 ||| Stepping ~*~*~tactically~*~*~ (hiding).
  6830 | D:9      | 6830 ||| INVOKING Heroism.
  6947 | D:9      | Noticed a centaur warrior
  6948 | D:9      | 6948 ||| Stepping ~*~*~tactically~*~*~ (hiding).
  6949 | D:9      | Found a staircase to the Lair.
  6960 | D:9      | 6960 ||| INVOKING Heroism.
  6966 | D:9      | Killed a centaur warrior
  6967 | D:9      | Reached skill level 8 in Fighting
  6981 | D:9      | Reached skill level 3 in Invocations
  6983 | D:9      | 6983 ||| INVOKING Heroism.
  6985 | D:9      | HP: 15/64 [orc priest/divine providence (13)]
  6986 | D:9      | 6986 ||| READING 3 scrolls of teleportation.
  6987 | D:9      | 6987 ||| DRINKING 5 potions of heal wounds.
  7076 | D:9      | 7076 ||| FLEEEEING.
  7077 | D:9      | 7077 ||| FLEEEEING.
  7078 | D:9      | 7078 ||| FLEEEEING.
  7079 | D:9      | 7079 ||| FLEEEEING.
  7080 | D:9      | 7080 ||| FLEEEEING.
  7093 | D:9      | 7093 ||| FLEEEEING.
  7168 | D:9      | 7168 ||| Stepping ~*~*~tactically~*~*~ (stealth).
  7176 | D:9      | 7176 ||| Stepping ~*~*~tactically~*~*~ (hiding).
  7186 | D:9      | 7186 ||| INVOKING Heroism.
  7228 | D:9      | Noticed Pikel
  7229 | D:9      | 7229 ||| Stepping ~*~*~tactically~*~*~ (stealth).
  7243 | D:9      | Killed Pikel
  7243 | D:9      | Reached ** piety under Okawaru
  7244 | D:9      | Reached XP level 11. HP: 68/68 MP: 12/14
  7405 | D:9      | Noticed Erica
  7406 | D:9      | 7406 ||| Stepping ~*~*~tactically~*~*~ (hiding).
  7411 | D:9      | 7411 ||| INVOKING Heroism.
  7423 | D:9      | Killed Erica
  7491 | D:9      | 7491 ||| INVOKING Heroism.
  7571 | D:9      | Noticed Maurice
  7572 | D:9      | 7572 ||| Stepping ~*~*~tactically~*~*~ (hiding).
  7574 | D:9      | 7574 ||| Stepping ~*~*~tactically~*~*~ (hiding).
  7590 | D:9      | 7590 ||| INVOKING Heroism.
  7603 | D:9      | HP: 14/68 [Maurice/+0 short sword (10)]
  7604 | D:9      | 7604 ||| READING 2 scrolls of teleportation.
  7605 | D:9      | 7605 ||| DRINKING 5 potions of heal wounds.
  7825 | D:9      | 7825 ||| DROPPING +0 whip.
  7934 | D:9      | 7934 ||| PLANNING LAIR
  7977 | Lair:1   | Entered Level 1 of the Lair of Beasts
  8001 | Lair:1   | 8001 ||| INVOKING Heroism.
  8126 | Lair:1   | 8126 ||| INVOKING Heroism.
  8191 | Lair:1   | Reached *** piety under Okawaru
  8226 | Lair:1   | Reached skill level 9 in Fighting
  8246 | Lair:1   | 8246 ||| INVOKING Heroism.
  8324 | Lair:1   | 8324 ||| INVOKING Heroism.
  8338 | Lair:1   | Reached skill level 6 in Armour
  8446 | Lair:1   | 8446 ||| INVOKING Heroism.
  8579 | Lair:1   | 8579 ||| INVOKING Heroism.
  8635 | Lair:1   | Noticed a faun
  8639 | Lair:1   | 8639 ||| INVOKING Heroism.
  8648 | Lair:1   | Killed a faun
  8772 | Lair:1   | Identified the +14 plate armour of Nuomec {Harm rF+ Dex+3
                  | Stlth-}
  8852 | Lair:1   | 8852 ||| INVOKING Heroism.
  8860 | Lair:1   | Reached skill level 12 in Axes
  9161 | Lair:1   | 9161 ||| DROPPING +0 plate armour.
  9162 | Lair:1   | 9162 ||| UPGRADING to amulet of faith.
  9188 | Lair:2   | 9188 ||| INVOKING Heroism.
  9195 | Lair:2   | Reached XP level 12. HP: 76/76 MP: 12/15
  9299 | Lair:2   | 9299 ||| INVOKING Heroism.
  9302 | Lair:2   | 9302 ||| Stepping ~*~*~tactically~*~*~ (stealth).
  9303 | Lair:2   | 9303 ||| Stepping ~*~*~tactically~*~*~ (stealth).
  9353 | Lair:2   | 9353 ||| INVOKING Heroism.
  9454 | Lair:2   | Received a gift from Okawaru
  9510 | Lair:2   | You fall into a shaft and drop 1 floor!
  9513 | Lair:3   | 9513 ||| Stepping ~*~*~tactically~*~*~ (stealth).
  9515 | Lair:3   | 9515 ||| Stepping ~*~*~tactically~*~*~ (stealth).
  9516 | Lair:3   | 9516 ||| Stepping ~*~*~tactically~*~*~ (stealth).
  9523 | Lair:3   | Reached skill level 10 in Fighting
  9544 | Lair:3   | 9544 ||| Stepping ~*~*~tactically~*~*~ (stealth).
  9614 | Lair:3   | 9614 ||| Stepping ~*~*~tactically~*~*~ (stealth).
  9615 | Lair:3   | 9615 ||| Stepping ~*~*~tactically~*~*~ (stealth).
  9616 | Lair:3   | 9616 ||| Stepping ~*~*~tactically~*~*~ (stealth).
  9625 | Lair:3   | Reached **** piety under Okawaru
  9722 | Lair:3   | Found a staircase to the Swamp.
  9737 | Lair:3   | Noticed Urug
  9738 | Lair:3   | 9738 ||| INVOKING Heroism.
  9761 | Lair:3   | Killed Urug
 10118 | Lair:2   | Found a staircase to the Snake Pit.
 10380 | Lair:3   | 10380 ||| Stepping ~*~*~tactically~*~*~ (cloud).
 10389 | Lair:3   | 10389 ||| Stepping ~*~*~tactically~*~*~ (stealth).
 10390 | Lair:3   | 10390 ||| Stepping ~*~*~tactically~*~*~ (stealth).
 10392 | Lair:3   | 10392 ||| INVOKING Heroism.
 10507 | Lair:3   | 10507 ||| INVOKING Heroism.
 10537 | Lair:3   | 10537 ||| INVOKING Heroism.
 10630 | Lair:3   | 10630 ||| INVOKING Heroism.
 10644 | Lair:3   | Reached skill level 6 in Invocations
 10691 | Lair:3   | 10691 ||| INVOKING Heroism.
 10694 | Lair:3   | Received a gift from Okawaru
 10695 | Lair:3   | Reached skill level 3 in Throwing
 10775 | Lair:3   | Noticed a skyshark
 10795 | Lair:3   | Killed a skyshark
 10972 | Lair:3   | 10972 ||| INVOKING Heroism.
 11129 | Lair:3   | 11129 ||| READING 2 scrolls of identify.
 11129 | Lair:3   | 11129 ||| IDENTIFYING red potion
 11174 | Lair:4   | Noticed a six-headed hydra
 11174 | Lair:4   | Noticed a catoblepas
 11175 | Lair:4   | 11175 ||| INVOKING Heroism.
 11179 | Lair:4   | 11179 ||| SWAPPING to +0 flail.
 11189 | Lair:4   | HP: 15/77 [six-headed hydra (10)]
 11190 | Lair:4   | 11190 ||| READING 4 scrolls of teleportation.
 11190 | Lair:4   | HP: 5/77 [six-headed hydra (11)]
 11191 | Lair:4   | 11191 ||| DRINKING 8 potions of heal wounds.
 11194 | Lair:4   | 11194 ||| DRINKING 7 potions of heal wounds.
 11195 | Lair:4   | 11195 ||| SWAPPING to +0 war axe of venom.
 11350 | Lair:4   | 11350 ||| Stepping ~*~*~tactically~*~*~ (stealth).
 11353 | Lair:4   | 11353 ||| INVOKING Heroism.
 11357 | Lair:4   | Noticed a skyshark
 11372 | Lair:4   | Killed a skyshark
 11443 | Lair:4   | 11443 ||| INVOKING Heroism.
 11458 | Lair:4   | Killed a catoblepas
 11459 | Lair:4   | Reached XP level 13. HP: 28/82 MP: 17/19
 11653 | Lair:4   | 11653 ||| INVOKING Heroism.
 11703 | Lair:4   | 11703 ||| INVOKING Heroism.
 11753 | Lair:4   | 11753 ||| Stepping ~*~*~tactically~*~*~ (stealth).
 11753 | Lair:4   | Found a viscous altar of Jiyva.
 11754 | Lair:4   | 11754 ||| INVOKING Heroism.
 11788 | Lair:4   | Found a staircase to the Slime Pits.
 11815 | Lair:4   | 11815 ||| INVOKING Heroism.
 11897 | Lair:4   | Reached skill level 9 in Invocations
 11902 | Lair:4   | 11902 ||| INVOKING Heroism.
 12130 | Lair:4   | 12130 ||| INVOKING Heroism.
 12147 | Lair:4   | Reached ***** piety under Okawaru
 12149 | Lair:4   | 12149 ||| INVOKING Finesse.
 12154 | Lair:4   | 12154 ||| SWAPPING to +0 flail.
 12169 | Lair:4   | 12169 ||| SWAPPING to +0 war axe of venom.
 12170 | Lair:4   | 12170 ||| INVOKING Heroism.
 12187 | Lair:4   | Received a gift from Okawaru
 12855 | Lair:4   | 12855 ||| UPGRADING to +0 cloak.
 12860 | Lair:4   | 12860 ||| UPGRADING to ring of protection from fire.
 12861 | Lair:4   | 12861 ||| UPGRADING to +6 ring of strength.
 12876 | Lair:5   | Entered Level 5 of the Lair of Beasts
 12880 | Lair:5   | 12880 ||| INVOKING Heroism.
 12884 | Lair:5   | 12884 ||| SWAPPING to +0 flail.
 12887 | Lair:5   | 12887 ||| SWAPPING to +0 war axe of venom.
 12964 | Lair:5   | Received a gift from Okawaru
 13051 | Lair:5   | 13051 ||| Stepping ~*~*~tactically~*~*~ (stealth).
 13052 | Lair:5   | 13052 ||| INVOKING Heroism.
 13137 | Lair:5   | 13137 ||| INVOKING Heroism.
 13178 | Lair:5   | 13178 ||| INVOKING Heroism.
 13179 | Lair:5   | 13179 ||| Stepping ~*~*~tactically~*~*~ (stealth).
 13247 | Lair:5   | 13247 ||| Stepping ~*~*~tactically~*~*~ (stealth).
 13255 | Lair:5   | 13255 ||| INVOKING Heroism.
 13288 | Lair:5   | 13288 ||| Stepping ~*~*~tactically~*~*~ (stealth).
 13291 | Lair:5   | 13291 ||| INVOKING Heroism.
 13294 | Lair:5   | 13294 ||| INVOKING Finesse.
 13303 | Lair:5   | 13303 ||| Stepping ~*~*~tactically~*~*~ (stealth).
 13325 | Lair:5   | Received a gift from Okawaru
 13410 | Lair:5   | 13410 ||| INVOKING Heroism.
 13412 | Lair:5   | 13412 ||| INVOKING Finesse.
 13421 | Lair:5   | Reached skill level 3 in Dodging
 13453 | Lair:5   | Gained mutation: Your large and strong wings let you fly.
                  | [Gargoyle growth]
 13453 | Lair:5   | Reached XP level 14. HP: 80/88 MP: 16/21
 13472 | Lair:5   | 13472 ||| INVOKING Finesse.
 13491 | Lair:5   | Received a gift from Okawaru
 13492 | Lair:5   | Reached skill level 11 in Fighting
 13572 | Lair:5   | 13572 ||| Stepping ~*~*~tactically~*~*~ (stealth).
 13574 | Lair:5   | 13574 ||| INVOKING Heroism.
 13576 | Lair:5   | 13576 ||| INVOKING Finesse.
 13637 | Lair:5   | 13637 ||| Stepping ~*~*~tactically~*~*~ (stealth).
 13679 | Lair:5   | 13679 ||| Stepping ~*~*~tactically~*~*~ (stealth).
 13682 | Lair:5   | 13682 ||| Stepping ~*~*~tactically~*~*~ (stealth).
 13683 | Lair:5   | 13683 ||| INVOKING Heroism.
 13766 | Lair:5   | 13766 ||| Stepping ~*~*~tactically~*~*~ (hiding).
 13767 | Lair:5   | 13767 ||| INVOKING Heroism.
 13785 | Lair:5   | Reached skill level 12 in Shields
 13888 | Lair:5   | 13888 ||| INVOKING Heroism.
 13934 | Lair:5   | 13934 ||| INVOKING Heroism.
 14575 | Lair:5   | 14575 ||| PLANNING D:1-11
 14642 | Lair:2   | 14642 ||| Stepping ~*~*~tactically~*~*~ (stealth).
 14776 | D:10     | Entered Level 10 of the Dungeon
 14879 | D:10     | 14879 ||| INVOKING Heroism.
 15056 | D:10     | 15056 ||| READING scroll of acquirement.
 15056 | D:10     | 15056 ||| ACQUIRING +2 cloak of Boappicw {Will+ Str+3}
 15056 | D:10     | Acquired the +2 cloak of Boappicw {Will+ Str+3}
 15058 | D:10     | 15058 ||| UPGRADING to +2 cloak of Boappicw {Will+ Str+3}.
 15068 | D:10     | 15068 ||| DROPPING +0 cloak.
 15172 | D:10     | 15172 ||| UPGRADING to +0 pair of boots.
 15224 | D:10     | 15224 ||| Stepping ~*~*~tactically~*~*~ (stealth).
 15225 | D:10     | 15225 ||| Stepping ~*~*~tactically~*~*~ (stealth).
 15242 | D:10     | Received a gift from Okawaru
 15379 | D:10     | Found a bloodstained altar of Trog.
 15379 | D:10     | Found an ancient bone altar of Kikubaaqudgha.
 15380 | D:10     | Found a hazy altar of Hepliaklqana.
 15445 | D:10     | 15445 ||| Stepping ~*~*~tactically~*~*~ (hiding).
 15642 | D:10     | 15642 ||| DRINKING 2 emerald potions.
 15642 | D:10     | Gained mutation: Your flesh is heat resistant. (rF+)
                  | [potion of mutation]
 15642 | D:10     | Gained mutation: You have hidden genetic potential. [potion
                  | of mutation]
 15643 | D:10     | 15643 ||| READING 3 scrolls of identify.
 15643 | D:10     | 15643 ||| IDENTIFYING fuming cyan potion
 15644 | D:10     | 15644 ||| READING 2 scrolls of identify.
 15644 | D:10     | 15644 ||| IDENTIFYING purple potion
 15666 | D:11     | 15666 ||| STAIRDANCE
 15776 | D:11     | 15776 ||| STAIRDANCE
 15778 | D:10     | 15778 ||| DRINKING 7 potions of curing.
 15778 | D:10     | 15778 ||| (to cure confusion)
 15818 | D:11     | Noticed Josephine
 15820 | D:11     | 15820 ||| STAIRDANCE
 15822 | D:10     | 15822 ||| DRINKING 6 potions of curing.
 15822 | D:10     | 15822 ||| (to cure confusion)
 15831 | D:10     | Reached skill level 9 in Armour
 15839 | D:11     | 15839 ||| STAIRDANCE
 15844 | D:10     | 15844 ||| INVOKING Heroism.
 15977 | D:11     | 15977 ||| INVOKING Heroism.
 15978 | D:11     | 15978 ||| INVOKING Finesse.
 15986 | D:11     | Killed Josephine
 15997 | D:11     | Received a gift from Okawaru
 15999 | D:11     | Noticed Gastronok
 16020 | D:11     | Killed Gastronok
 16021 | D:11     | Reached skill level 15 in Axes
 16171 | D:11     | Found an iron altar of Okawaru.
 16202 | D:11     | Identified the +6 scale mail "Koal" {Int+2}
 16352 | D:11     | 16352 ||| PLANNING D
 16352 | D:11     | 16352 ||| UPGRADING to +4 ring of protection.
 16354 | D:11     | 16354 ||| DROPPING ring of positive energy.
 16383 | D:12     | 16383 ||| INVOKING Heroism.
 16387 | D:12     | 16387 ||| Stepping ~*~*~tactically~*~*~ (hiding).
 16414 | D:12     | Found Lewok's Weapon Shoppe.
 16414 | D:12     | Found a staircase to the Orcish Mines.
 16417 | D:12     | 16417 ||| Stepping randomly (disturbance).
 16421 | D:12     | Identified the +9 falchion "Veak" {venom, Will+ rCorr
                  | Dex+4} (Okawaru gifted it to you on level 12 of the
                  | Dungeon)
 16421 | D:12     | Received a gift from Okawaru
 16441 | D:12     | 16441 ||| SHOPLISTING +6 war axe "Kofaa" {flame, rCorr
                  | Dex+3} (828 gold, have 643).
 16441 | D:12     | 16441 ||| SHOPLISTING +7 sceptre of Torment {pain, torment}
                  | (1800 gold, have 643).
 16495 | D:12     | 16495 ||| Stepping ~*~*~tactically~*~*~ (stealth).
 16497 | D:12     | 16497 ||| Stepping ~*~*~tactically~*~*~ (hiding).
 16614 | D:12     | 16614 ||| Stepping ~*~*~tactically~*~*~ (hiding).
 16619 | D:12     | 16619 ||| INVOKING Heroism.
 16651 | D:12     | Reached skill level 12 in Fighting
 16740 | D:12     | Noticed Jorgrun
 16741 | D:12     | 16741 ||| INVOKING Heroism.
 16742 | D:12     | 16742 ||| INVOKING Finesse.
 16752 | D:12     | Killed Jorgrun
 16813 | D:12     | 16813 ||| Stepping ~*~*~tactically~*~*~ (stealth).
 16814 | D:12     | 16814 ||| Stepping ~*~*~tactically~*~*~ (stealth).
 16818 | D:12     | 16818 ||| INVOKING Heroism.
 16819 | D:12     | 16819 ||| INVOKING Finesse.
 16835 | D:12     | Reached XP level 15. HP: 95/96 MP: 15/22
 16992 | D:12     | 16992 ||| Stepping ~*~*~tactically~*~*~ (stealth).
 16993 | D:12     | 16993 ||| Stepping ~*~*~tactically~*~*~ (stealth).
 16997 | D:12     | 16997 ||| Stepping ~*~*~tactically~*~*~ (hiding).
 17000 | D:12     | 17000 ||| Stepping ~*~*~tactically~*~*~ (hiding).
 17026 | D:12     | Received a gift from Okawaru
 17311 | D:13     | 17311 ||| Stepping ~*~*~tactically~*~*~ (hiding).
 17416 | D:13     | 17416 ||| FLEEEEING.
 17563 | D:13     | 17563 ||| Stepping ~*~*~tactically~*~*~ (stealth).
 17564 | D:13     | 17564 ||| Stepping ~*~*~tactically~*~*~ (stealth).
 17567 | D:13     | 17567 ||| Stepping ~*~*~tactically~*~*~ (stealth).
 17603 | D:13     | 17603 ||| Stepping ~*~*~tactically~*~*~ (hiding).
 17604 | D:13     | 17604 ||| Stepping ~*~*~tactically~*~*~ (hiding).
 17895 | D:13     | 17895 ||| INVOKING Heroism.
 17896 | D:13     | 17896 ||| INVOKING Finesse.
 17911 | D:13     | 17911 ||| Stepping ~*~*~tactically~*~*~ (cloud).
 17911 | D:13     | Noticed Rupert
 17915 | D:13     | Noticed Azrael
 17917 | D:13     | 17917 ||| INVOKING Finesse.
 17935 | D:13     | Killed Rupert
 17949 | D:13     | Killed Azrael
 17958 | D:13     | Received a gift from Okawaru
 17979 | D:13     | 17979 ||| Stepping randomly (disturbance).
 17980 | D:13     | 17980 ||| Stepping randomly (disturbance).
 18151 | D:13     | 18151 ||| INVOKING Heroism.
 18164 | D:13     | Received a gift from Okawaru
 18167 | D:13     | HP: 20/96 [skeletal warrior/+0 hand axe (14)]
 18168 | D:13     | 18168 ||| READING 4 scrolls of teleportation.
 18169 | D:13     | 18169 ||| DRINKING 6 potions of heal wounds.
 18179 | D:13     | Gained mutation: Your natural rate of healing is unusually
                  | fast. [hidden potential]
 18246 | D:13     | 18246 ||| INVOKING Heroism.
 18288 | D:13     | 18288 ||| SWAPPING to +4 broad axe of flaming.
 18289 | D:13     | 18289 ||| DROPPING +0 flail.
 18290 | D:13     | 18290 ||| DROPPING +0 war axe of venom.
 18321 | D:13     | 18321 ||| Stepping ~*~*~tactically~*~*~ (hiding).
 18322 | D:13     | 18322 ||| Stepping ~*~*~tactically~*~*~ (hiding).
 18332 | D:13     | 18332 ||| INVOKING Heroism.
 18333 | D:13     | 18333 ||| INVOKING Finesse.
 18364 | D:13     | 18364 ||| Stepping ~*~*~tactically~*~*~ (hiding).
 18378 | D:13     | 18378 ||| Stepping ~*~*~tactically~*~*~ (stealth).
 18379 | D:13     | 18379 ||| Stepping ~*~*~tactically~*~*~ (stealth).
 18380 | D:13     | 18380 ||| Stepping ~*~*~tactically~*~*~ (stealth).
 18381 | D:13     | 18381 ||| Stepping ~*~*~tactically~*~*~ (stealth).
 18488 | D:13     | Received a gift from Okawaru
 18571 | D:13     | Found a transporter.
 18574 | D:13     | Found a transporter.
 18744 | D:13     | Identified the +3 chain mail of Gich {rElec Will+}
 18780 | D:13     | Found a gate to the Vaults.
 18862 | D:13     | 18862 ||| DROPPING amulet of magic regeneration.
 19046 | D:14     | 19046 ||| Stepping ~*~*~tactically~*~*~ (hiding).
 19155 | D:14     | 19155 ||| Stepping ~*~*~tactically~*~*~ (hiding).
 19329 | D:14     | 19329 ||| Stepping ~*~*~tactically~*~*~ (hiding).
 19490 | D:14     | Received a gift from Okawaru
 19672 | D:14     | 19672 ||| Stepping ~*~*~tactically~*~*~ (hiding).
 19781 | D:14     | 19781 ||| DRINKING 2 orange potions.
 19806 | D:15     | Entered Level 15 of the Dungeon
 19879 | D:15     | 19879 ||| Stepping ~*~*~tactically~*~*~ (hiding).
 19885 | D:15     | 19885 ||| Stepping ~*~*~tactically~*~*~ (hiding).
 19886 | D:15     | 19886 ||| Stepping ~*~*~tactically~*~*~ (hiding).
 19887 | D:15     | 19887 ||| Stepping ~*~*~tactically~*~*~ (hiding).
 19888 | D:15     | Reached ****** piety under Okawaru
 19900 | D:15     | Identified the -1 kite shield of Hopscotch {rPois Str-3
                  | Int+8 Dex-2} (Okawaru gifted it to you on level 15 of the
                  | Dungeon)
 19900 | D:15     | Received a gift from Okawaru
 19912 | D:15     | 19912 ||| INVOKING Heroism.
 19923 | D:15     | Reached XP level 16. HP: 73/103 MP: 21/23
 19931 | D:15     | Reached skill level 13 in Fighting
 20029 | D:15     | Found Ewaoleac's Book Emporium.
 20038 | D:15     | 20038 ||| DROPPING -1 kite shield of Hopscotch {rPois Str-3
                  | Int+8 Dex-2}.
 20081 | D:15     | 20081 ||| Stepping ~*~*~tactically~*~*~ (stealth).
 20083 | D:15     | 20083 ||| INVOKING Heroism.
 20116 | D:15     | 20116 ||| Stepping ~*~*~tactically~*~*~ (stealth).
 20127 | D:15     | Found a staircase to the Depths.
 20228 | D:15     | Found a hide-covered altar of Uskayaw.
 20360 | D:15     | 20360 ||| Stepping ~*~*~tactically~*~*~ (hiding).
 20535 | D:15     | Reached skill level 6 in Throwing
 20559 | D:15     | 20559 ||| INVOKING Heroism.
 20559 | D:15     | Paralysed by an ogre mage for 5 turns
 20593 | D:15     | Gained mutation: You have large cloven feet. [hidden
                  | potential]
 20593 | D:15     | Lost mutation: You have hidden genetic potential. [hidden
                  | potential expressed]
 20629 | D:15     | 20629 ||| INVOKING Heroism.
 20752 | D:15     | 20752 ||| PLANNING ORC
 20752 | D:15     | 20752 ||| READING scroll labelled WEYRA ZIGHEINNO.
 20837 | Orc:1    | Entered Level 1 of the Orcish Mines
 20874 | Orc:1    | 20874 ||| Stepping ~*~*~tactically~*~*~ (stealth).
 20877 | Orc:1    | 20877 ||| INVOKING Heroism.
 20880 | Orc:1    | 20880 ||| Stepping ~*~*~tactically~*~*~ (hiding).
 20910 | Orc:1    | 20910 ||| INVOKING Heroism.
 21012 | Orc:1    | Found a shimmering blue altar of Sif Muna.
 21074 | Orc:2    | Entered Level 2 of the Orcish Mines
 21074 | Orc:2    | Found a staircase to the Elven Halls.
 21134 | Orc:1    | 21134 ||| Stepping randomly (stuck).
 21146 | Orc:2    | 21146 ||| INVOKING Heroism.
 21148 | Orc:2    | 21148 ||| INVOKING Finesse.
 21161 | Orc:2    | Received a gift from Okawaru
 21184 | Orc:2    | 21184 ||| Stepping ~*~*~tactically~*~*~ (hiding).
 21216 | Orc:2    | 21216 ||| Stepping ~*~*~tactically~*~*~ (stealth).
 21219 | Orc:2    | Identified the +1 hand axe of Nah Isyhi {pain, rN+ rCorr}
                  | (Okawaru gifted it to you on level 2 of the Orcish Mines)
 21219 | Orc:2    | Received a gift from Okawaru
 21302 | Orc:1    | 21302 ||| Stepping ~*~*~tactically~*~*~ (hiding).
 21560 | Orc:2    | 21560 ||| Stepping ~*~*~tactically~*~*~ (hiding).
 21565 | Orc:2    | 21565 ||| Stepping ~*~*~tactically~*~*~ (stealth).
 21573 | Orc:2    | 21573 ||| INVOKING Heroism.
 21622 | Orc:2    | 21622 ||| INVOKING Heroism.
 21631 | Orc:2    | 21631 ||| INVOKING Finesse.
 21635 | Orc:2    | 21635 ||| Stepping ~*~*~tactically~*~*~ (hiding).
 21661 | Orc:2    | HP: 17/104 [orc priest/divine providence (14)]
 21662 | Orc:2    | 21662 ||| READING 3 scrolls of teleportation.
 21663 | Orc:2    | 21663 ||| DRINKING 5 potions of heal wounds.
 21740 | Orc:2    | 21740 ||| Stepping ~*~*~tactically~*~*~ (stealth).
 21741 | Orc:2    | 21741 ||| Stepping ~*~*~tactically~*~*~ (stealth).
 21755 | Orc:2    | 21755 ||| Stepping ~*~*~tactically~*~*~ (stealth).
 21756 | Orc:2    | 21756 ||| Stepping ~*~*~tactically~*~*~ (stealth).
 21797 | Orc:2    | Noticed Snorg
 21801 | Orc:2    | 21801 ||| INVOKING Heroism.
 21806 | Orc:2    | Killed Snorg
 21971 | Orc:2    | Found Femoetam's Distillery.
 21972 | Orc:2    | 21972 ||| INVOKING Heroism.
 21975 | Orc:2    | 21975 ||| INVOKING Finesse.
 21977 | Orc:2    | Found Otuc's Weapon Boutique.
 22002 | Orc:2    | 22002 ||| FLEEEEING.
 22086 | Orc:2    | 22086 ||| BUYING 2 potions of cancellation (208 gold).
 22086 | Orc:2    | Bought 2 potions of cancellation for 208 gold pieces
 22086 | Orc:2    | 22086 ||| BUYING potion of enlightenment (65 gold).
 22086 | Orc:2    | Bought a potion of enlightenment for 65 gold pieces
 22086 | Orc:2    | 22086 ||| BUYING potion of haste (130 gold).
 22086 | Orc:2    | Bought a potion of haste for 130 gold pieces
 22086 | Orc:2    | 22086 ||| BUYING potion of heal wounds (65 gold).
 22086 | Orc:2    | Bought a potion of heal wounds for 65 gold pieces
 22086 | Orc:2    | 22086 ||| BUYING potion of lignification (39 gold).
 22086 | Orc:2    | Bought a potion of lignification for 39 gold pieces
 22086 | Orc:2    | 22086 ||| BUYING potion of magic (104 gold).
 22086 | Orc:2    | Bought a potion of magic for 104 gold pieces
 22185 | Orc:2    | 22185 ||| Stepping ~*~*~tactically~*~*~ (hiding).
 22189 | Orc:2    | 22189 ||| INVOKING Heroism.
 22196 | Orc:2    | Reached skill level 18 in Axes
 22197 | Orc:2    | Found Ypedulof's Distillery.
 22197 | Orc:2    | Found Furul's Weapon Boutique.
 22228 | Orc:2    | 22228 ||| BUYING 2 potions of lignification (72 gold).
 22228 | Orc:2    | Bought 2 potions of lignification for 72 gold pieces
 22228 | Orc:2    | 22228 ||| BUYING potion of attraction (36 gold).
 22228 | Orc:2    | Bought a potion of attraction for 36 gold pieces
 22228 | Orc:2    | 22228 ||| BUYING potion of cancellation (96 gold).
 22228 | Orc:2    | Bought a potion of cancellation for 96 gold pieces
 22228 | Orc:2    | 22228 ||| BUYING potion of curing (36 gold).
 22228 | Orc:2    | Bought a potion of curing for 36 gold pieces
 22228 | Orc:2    | 22228 ||| BUYING potion of haste (120 gold).
 22228 | Orc:2    | Bought a potion of haste for 120 gold pieces
 22228 | Orc:2    | 22228 ||| BUYING potion of heal wounds (60 gold).
 22228 | Orc:2    | Bought a potion of heal wounds for 60 gold pieces
 22228 | Orc:2    | 22228 ||| BUYING potion of resistance (120 gold).
 22228 | Orc:2    | Bought a potion of resistance for 120 gold pieces
 22305 | Orc:2    | 22305 ||| PLANNING SWAMP:1-3
 22450 | Swamp:1  | Entered Level 1 of the Swamp
 22518 | Swamp:1  | 22518 ||| INVOKING Heroism.
 22592 | Swamp:1  | 22592 ||| INVOKING Heroism.
 22687 | Swamp:1  | You are sucked into a shaft and drop 1 floor!
 22780 | Swamp:1  | 22780 ||| INVOKING Heroism.
 22821 | Swamp:1  | Noticed a tentacled monstrosity
 22822 | Swamp:1  | 22822 ||| INVOKING Heroism.
 22826 | Swamp:1  | Killed a tentacled monstrosity
 23082 | Swamp:2  | 23082 ||| Stepping ~*~*~tactically~*~*~ (hiding).
 23084 | Swamp:2  | 23084 ||| Stepping ~*~*~tactically~*~*~ (hiding).
 23085 | Swamp:2  | 23085 ||| Stepping ~*~*~tactically~*~*~ (hiding).
 23192 | Swamp:2  | 23192 ||| INVOKING Heroism.
 23206 | Swamp:2  | Noticed Donald
 23209 | Swamp:2  | 23209 ||| INVOKING Heroism.
 23222 | Swamp:2  | Killed Donald
 23222 | Swamp:2  | Received a gift from Okawaru
 23276 | Swamp:2  | 23276 ||| Stepping ~*~*~tactically~*~*~ (hiding).
 23278 | Swamp:2  | 23278 ||| Stepping ~*~*~tactically~*~*~ (hiding).
 23497 | Swamp:2  | Reached skill level 14 in Fighting
 23510 | Swamp:2  | 23510 ||| INVOKING Heroism.
 23522 | Swamp:2  | Received a gift from Okawaru
 23557 | Swamp:2  | 23557 ||| UPGRADING to +2 kite shield of reflection.
 23567 | Swamp:2  | 23567 ||| DROPPING +0 kite shield.
 23568 | Swamp:2  | 23568 ||| READING scroll labelled NUTOUN JOUDORR.
 23569 | Swamp:2  | 23569 ||| DROPPING +0 war axe of holy wrath.
 23586 | Swamp:3  | 23586 ||| INVOKING Heroism.
 23597 | Swamp:3  | Reached XP level 17. HP: 107/111 MP: 22/24
 23612 | Swamp:3  | Received a gift from Okawaru
 23623 | Swamp:3  | 23623 ||| Stepping ~*~*~tactically~*~*~ (stealth).
 23624 | Swamp:3  | 23624 ||| Stepping ~*~*~tactically~*~*~ (stealth).
 23625 | Swamp:3  | 23625 ||| Stepping ~*~*~tactically~*~*~ (stealth).
 23626 | Swamp:3  | 23626 ||| Stepping ~*~*~tactically~*~*~ (stealth).
 23627 | Swamp:3  | 23627 ||| Stepping ~*~*~tactically~*~*~ (stealth).
 23628 | Swamp:3  | 23628 ||| Stepping ~*~*~tactically~*~*~ (stealth).
 23629 | Swamp:3  | 23629 ||| Stepping ~*~*~tactically~*~*~ (stealth).
 23630 | Swamp:3  | 23630 ||| Stepping ~*~*~tactically~*~*~ (stealth).
 23713 | Swamp:3  | 23713 ||| Stepping ~*~*~tactically~*~*~ (hiding).
 23715 | Swamp:3  | 23715 ||| Stepping ~*~*~tactically~*~*~ (hiding).
 23770 | Swamp:3  | 23770 ||| INVOKING Heroism.
 23794 | Swamp:3  | Reached skill level 12 in Armour
 23868 | Swamp:3  | 23868 ||| Stepping ~*~*~tactically~*~*~ (hiding).
 23869 | Swamp:3  | 23869 ||| Stepping ~*~*~tactically~*~*~ (hiding).
 23872 | Swamp:3  | 23872 ||| Stepping ~*~*~tactically~*~*~ (hiding).
 24022 | Swamp:3  | 24022 ||| INVOKING Heroism.
 24027 | Swamp:3  | Received a gift from Okawaru
 24076 | Swamp:3  | Found a transporter.
 24102 | Swamp:3  | Noticed Zatibaps's ghost (journeyman FeVM)
 24103 | Swamp:3  | Found a transporter.
 24159 | Swamp:3  | Noticed Roxanne
 24160 | Swamp:3  | 24160 ||| INVOKING Heroism.
 24182 | Swamp:3  | Killed Roxanne
 24369 | Swamp:3  | 24369 ||| PLANNING SNAKE:1-3
 24474 | Snake:1  | Entered Level 1 of the Snake Pit
 24482 | Snake:1  | 24482 ||| INVOKING Heroism.
 24551 | Snake:1  | 24551 ||| Stepping ~*~*~tactically~*~*~ (hiding).
 24752 | Snake:1  | 24752 ||| Stepping ~*~*~tactically~*~*~ (stealth).
 24759 | Snake:1  | 24759 ||| Stepping ~*~*~tactically~*~*~ (hiding).
 24761 | Snake:1  | 24761 ||| Stepping ~*~*~tactically~*~*~ (hiding).
 24791 | Snake:1  | 24791 ||| INVOKING Heroism.
 24804 | Snake:1  | Reached skill level 15 in Fighting
 24903 | Snake:1  | 24903 ||| Stepping ~*~*~tactically~*~*~ (hiding).
 25115 | Snake:1  | 25115 ||| Stepping ~*~*~tactically~*~*~ (hiding).
 25118 | Snake:1  | 25118 ||| Stepping ~*~*~tactically~*~*~ (hiding).
 25130 | Snake:1  | 25130 ||| Stepping ~*~*~tactically~*~*~ (stealth).
 25189 | Snake:1  | 25189 ||| Stepping ~*~*~tactically~*~*~ (hiding).
 25190 | Snake:1  | 25190 ||| Stepping ~*~*~tactically~*~*~ (hiding).
 25191 | Snake:1  | 25191 ||| Stepping ~*~*~tactically~*~*~ (hiding).
 25193 | Snake:1  | 25193 ||| Stepping ~*~*~tactically~*~*~ (hiding).
 25406 | Snake:1  | Noticed Aizul
 25407 | Snake:1  | 25407 ||| INVOKING Heroism.
 25408 | Snake:1  | 25408 ||| INVOKING Finesse.
 25432 | Snake:1  | Killed Aizul
 25485 | Snake:1  | 25485 ||| Stepping ~*~*~tactically~*~*~ (hiding).
 25894 | Snake:2  | 25894 ||| Stepping ~*~*~tactically~*~*~ (hiding).
 25895 | Snake:2  | 25895 ||| INVOKING Heroism.
 25973 | Snake:2  | 25973 ||| INVOKING Heroism.
 25976 | Snake:2  | Noticed Vashnia
 26011 | Snake:2  | HP: 23/113 [Vashnia/bolt (8)]
 26012 | Snake:2  | 26012 ||| READING 2 scrolls of teleportation.
 26013 | Snake:2  | 26013 ||| DRINKING 8 potions of heal wounds.
 26136 | Snake:2  | 26136 ||| INVOKING Heroism.
 26155 | Snake:2  | Killed Vashnia
 26159 | Snake:2  | Reached skill level 15 in Shields
 26365 | Snake:2  | 26365 ||| Stepping ~*~*~tactically~*~*~ (hiding).
 26372 | Snake:2  | 26372 ||| Stepping ~*~*~tactically~*~*~ (hiding).
 26411 | Snake:2  | 26411 ||| Stepping ~*~*~tactically~*~*~ (hiding).
 26412 | Snake:2  | 26412 ||| Stepping ~*~*~tactically~*~*~ (hiding).
 26415 | Snake:2  | 26415 ||| INVOKING Heroism.
 26709 | Snake:2  | 26709 ||| READING scroll labelled AMUDEA JIREL.
 26913 | Snake:2  | 26913 ||| INVOKING Heroism.
 27052 | Snake:3  | 27052 ||| INVOKING Heroism.
 27077 | Snake:3  | 27077 ||| Stepping ~*~*~tactically~*~*~ (stealth).
 27326 | Snake:3  | 27326 ||| INVOKING Heroism.
 27348 | Snake:3  | Received a gift from Okawaru
 27349 | Snake:3  | Reached skill level 16 in Fighting
 27352 | Snake:3  | Reached XP level 18. HP: 76/120 MP: 25/25
 27403 | Snake:3  | Identified the +4 whip "Leefef" {flame, rF- rCorr Str+4}
 27455 | Snake:3  | 27455 ||| Stepping ~*~*~tactically~*~*~ (hiding).
 27459 | Snake:3  | 27459 ||| INVOKING Heroism.
 27516 | Snake:3  | 27516 ||| Stepping ~*~*~tactically~*~*~ (hiding).
 27518 | Snake:3  | 27518 ||| INVOKING Heroism.
 27611 | Snake:3  | 27611 ||| Stepping ~*~*~tactically~*~*~ (hiding).
 27979 | Snake:3  | 27979 ||| PLANNING SWAMP:4
 27979 | Snake:3  | 27979 ||| UPGRADING to +2 pair of boots of flying.
 27989 | Snake:3  | 27989 ||| DROPPING +0 pair of boots.
 28179 | Swamp:4  | Entered Level 4 of the Swamp
 28244 | Swamp:4  | 28244 ||| Stepping ~*~*~tactically~*~*~ (hiding).
 28264 | Swamp:4  | Noticed the 27-headed Lernaean hydra
 28274 | Swamp:4  | 28274 ||| INVOKING Heroism.
 28278 | Swamp:4  | HP: 25/121 [the 21-headed Lernaean hydra (10)]
 28279 | Swamp:4  | 28279 ||| READING scroll of teleportation.
 28280 | Swamp:4  | 28280 ||| DRINKING 7 potions of heal wounds.
 28281 | Swamp:4  | Killed the 20-headed Lernaean hydra
 28365 | Swamp:4  | 28365 ||| Stepping ~*~*~tactically~*~*~ (stealth).
 28377 | Swamp:4  | 28377 ||| Stepping ~*~*~tactically~*~*~ (hiding).
 28564 | Swamp:4  | 28564 ||| Stepping ~*~*~tactically~*~*~ (cloud).
 28566 | Swamp:4  | 28566 ||| DROPPING +3 plate armour.
 28709 | Swamp:4  | 28709 ||| Stepping ~*~*~tactically~*~*~ (hiding).
 28710 | Swamp:4  | 28710 ||| Stepping ~*~*~tactically~*~*~ (hiding).
 28784 | Swamp:4  | Identified the staff "Tuikh" {rPois rC- Dex+3 Stlth+ Tloc
                  | Poison}
 28791 | Swamp:4  | 28791 ||| Stepping ~*~*~tactically~*~*~ (hiding).
 28806 | Swamp:4  | 28806 ||| FLEEEEING.
 28819 | Swamp:4  | Reached skill level 17 in Fighting
 28824 | Swamp:4  | 28824 ||| Stepping ~*~*~tactically~*~*~ (hiding).
 28995 | Swamp:4  | 28995 ||| Stepping ~*~*~tactically~*~*~ (stealth).
 29017 | Swamp:4  | 29017 ||| INVOKING Heroism.
 29018 | Swamp:4  | 29018 ||| INVOKING Finesse.
 29121 | Swamp:4  | 29121 ||| Stepping ~*~*~tactically~*~*~ (stealth).
 29122 | Swamp:4  | 29122 ||| Stepping ~*~*~tactically~*~*~ (stealth).
 29126 | Swamp:4  | 29126 ||| Stepping ~*~*~tactically~*~*~ (stealth).
 29128 | Swamp:4  | 29128 ||| Stepping ~*~*~tactically~*~*~ (hiding).
 29137 | Swamp:4  | Identified the +4 chain mail of Isuto {-Tele Fly rPois rF+}
                  | (Okawaru gifted it to you on level 4 of the Swamp)
 29137 | Swamp:4  | Received a gift from Okawaru
 29198 | Swamp:4  | 29198 ||| Stepping ~*~*~tactically~*~*~ (hiding).
 29199 | Swamp:4  | 29199 ||| Stepping ~*~*~tactically~*~*~ (hiding).
 29212 | Swamp:4  | 29212 ||| Stepping ~*~*~tactically~*~*~ (stealth).
 29216 | Swamp:4  | 29216 ||| Stepping ~*~*~tactically~*~*~ (stealth).
 29227 | Swamp:4  | 29227 ||| Stepping ~*~*~tactically~*~*~ (stealth).
 29228 | Swamp:4  | 29228 ||| Stepping ~*~*~tactically~*~*~ (stealth).
 29231 | Swamp:4  | 29231 ||| Stepping ~*~*~tactically~*~*~ (stealth).
 29242 | Swamp:4  | 29242 ||| Stepping ~*~*~tactically~*~*~ (hiding).
 29244 | Swamp:4  | 29244 ||| Stepping ~*~*~tactically~*~*~ (hiding).
 29270 | Swamp:4  | 29270 ||| Stepping ~*~*~tactically~*~*~ (hiding).
 29325 | Swamp:4  | Got a decaying rune of Zot
 29391 | Swamp:4  | 29391 ||| PLANNING VAULTS:1-4
 29391 | Swamp:4  | 29391 ||| UPGRADING to +5 ring of evasion.
 29393 | Swamp:4  | 29393 ||| UPGRADING to +6 ring of strength.
 29395 | Swamp:4  | 29395 ||| DROPPING +4 ring of protection.
 29616 | Vaults:1 | Entered Level 1 of the Vaults
 29649 | Vaults:1 | 29649 ||| FLEEEEING.
 29650 | Vaults:1 | 29650 ||| FLEEEEING.
 29651 | Vaults:1 | 29651 ||| FLEEEEING.
 29652 | Vaults:1 | 29652 ||| STAIRDANCE
 29738 | Vaults:1 | 29738 ||| Stepping ~*~*~tactically~*~*~ (hiding).
 29740 | Vaults:1 | 29740 ||| Stepping ~*~*~tactically~*~*~ (hiding).
 29741 | Vaults:1 | 29741 ||| Stepping ~*~*~tactically~*~*~ (hiding).
 29742 | Vaults:1 | 29742 ||| Stepping ~*~*~tactically~*~*~ (hiding).
 29777 | Vaults:1 | Found Kusyige's Armour Boutique.
 29782 | Vaults:1 | 29782 ||| BUYING +2 plate armour of cold resistance (800
                  | gold).
 29782 | Vaults:1 | Bought a +2 plate armour of cold resistance for 800 gold
                  | pieces
 29782 | Vaults:1 | 29782 ||| SHOPLISTING +7 plate armour of the Doomed God
                  | {Will++ Stlth+} (1636 gold, have 821).
 29951 | Vaults:1 | 29951 ||| Stepping ~*~*~tactically~*~*~ (stealth).
 29961 | Vaults:1 | Identified the +1 pair of gloves of the Old and Reckless
                  | {rN+} (Okawaru gifted it to you on level 1 of the Vaults)
 29961 | Vaults:1 | Received a gift from Okawaru
 30218 | Vaults:1 | 30218 ||| Stepping ~*~*~tactically~*~*~ (stealth).
 30279 | Vaults:1 | 30279 ||| Stepping ~*~*~tactically~*~*~ (stealth).
 30281 | Vaults:1 | 30281 ||| Stepping ~*~*~tactically~*~*~ (hiding).
 30293 | Vaults:1 | Reached XP level 19. HP: 113/128 MP: 26/26
 30325 | Vaults:1 | Reached skill level 18 in Fighting
 30339 | Vaults:1 | 30339 ||| FLEEEEING.
 30340 | Vaults:1 | 30340 ||| FLEEEEING.
 30347 | Vaults:1 | 30347 ||| FLEEEEING.
 30348 | Vaults:1 | 30348 ||| FLEEEEING.
 30349 | Vaults:1 | 30349 ||| FLEEEEING.
 30350 | Vaults:1 | 30350 ||| FLEEEEING.
 30351 | Vaults:1 | 30351 ||| FLEEEEING.
 30352 | Vaults:1 | 30352 ||| FLEEEEING.
 30353 | Vaults:1 | 30353 ||| FLEEEEING.
 30367 | Vaults:1 | 30367 ||| FLEEEEING.
 30368 | Vaults:1 | 30368 ||| FLEEEEING.
 30369 | Vaults:1 | 30369 ||| FLEEEEING.
 30370 | Vaults:1 | 30370 ||| FLEEEEING.
 30371 | Vaults:1 | 30371 ||| FLEEEEING.
 30372 | Vaults:1 | 30372 ||| FLEEEEING.
 30373 | Vaults:1 | 30373 ||| FLEEEEING.
 30401 | Vaults:1 | 30401 ||| INVOKING Heroism.
 30404 | Vaults:1 | Reached skill level 6 in Dodging
 30404 | Vaults:1 | HP: 20/130 [deep troll[an ironbound preserver] (25)]
 30405 | Vaults:1 | 30405 ||| READING scroll of teleportation.
 30406 | Vaults:1 | 30406 ||| DRINKING 6 potions of heal wounds.
 30407 | Vaults:1 | 30407 ||| DRINKING 5 potions of heal wounds.
 30408 | Vaults:1 | 30408 ||| FLEEEEING.
 30409 | Vaults:1 | 30409 ||| FLEEEEING.
 30410 | Vaults:1 | 30410 ||| FLEEEEING.
 30411 | Vaults:1 | 30411 ||| FLEEEEING.
 30412 | Vaults:1 | 30412 ||| FLEEEEING.
 30413 | Vaults:1 | 30413 ||| FLEEEEING.
 30414 | Vaults:1 | 30414 ||| FLEEEEING.
 30415 | Vaults:1 | 30415 ||| FLEEEEING.
 30416 | Vaults:1 | 30416 ||| FLEEEEING.
 30417 | Vaults:1 | 30417 ||| FLEEEEING.
 30418 | Vaults:1 | 30418 ||| FLEEEEING.
 30419 | Vaults:1 | 30419 ||| FLEEEEING.
 30420 | Vaults:1 | 30420 ||| FLEEEEING.
 30422 | Vaults:1 | 30422 ||| FLEEEEING.
 30423 | Vaults:1 | 30423 ||| FLEEEEING.
 30424 | Vaults:1 | 30424 ||| FLEEEEING.
 30425 | Vaults:1 | 30425 ||| FLEEEEING.
 30426 | Vaults:1 | 30426 ||| FLEEEEING.
 30427 | Vaults:1 | 30427 ||| FLEEEEING.
 30428 | Vaults:1 | 30428 ||| FLEEEEING.
 30432 | Vaults:1 | 30432 ||| Stepping ~*~*~tactically~*~*~ (hiding).
 30433 | Vaults:1 | 30433 ||| INVOKING Heroism.
 30444 | Vaults:1 | 30444 ||| DRINKING 10 potions of curing.
 30444 | Vaults:1 | 30444 ||| (to cure confusion)
 30468 | Vaults:1 | 30468 ||| Stepping ~*~*~tactically~*~*~ (hiding).
 30476 | Vaults:1 | 30476 ||| Stepping ~*~*~tactically~*~*~ (hiding).
 30477 | Vaults:1 | 30477 ||| Stepping ~*~*~tactically~*~*~ (hiding).
 30478 | Vaults:1 | 30478 ||| Stepping ~*~*~tactically~*~*~ (hiding).
 30495 | Vaults:1 | 30495 ||| Stepping ~*~*~tactically~*~*~ (stealth).
 30532 | Vaults:1 | 30532 ||| Stepping ~*~*~tactically~*~*~ (stealth).
 30593 | Vaults:1 | 30593 ||| Stepping ~*~*~tactically~*~*~ (stealth).
 30601 | Vaults:1 | Received a gift from Okawaru
 30822 | Vaults:1 | 30822 ||| Stepping ~*~*~tactically~*~*~ (hiding).
 30823 | Vaults:1 | 30823 ||| Stepping ~*~*~tactically~*~*~ (stealth).
 30836 | Vaults:1 | 30836 ||| Stepping ~*~*~tactically~*~*~ (hiding).
 30864 | Vaults:1 | 30864 ||| INVOKING Heroism.
 30881 | Vaults:1 | HP: 24/130 [vault warden/+0 long sword (20)]
 30882 | Vaults:1 | 30882 ||| DRINKING 4 potions of heal wounds.
 30894 | Vaults:1 | Reached skill level 15 in Armour
 31176 | Vaults:1 | 31176 ||| Stepping ~*~*~tactically~*~*~ (stealth).
 31179 | Vaults:1 | 31179 ||| Stepping ~*~*~tactically~*~*~ (hiding).
 31187 | Vaults:1 | 31187 ||| INVOKING Heroism.
 31188 | Vaults:1 | 31188 ||| INVOKING Finesse.
 31259 | Vaults:1 | 31259 ||| UPGRADING to +0 tower shield.
 31286 | Vaults:1 | 31286 ||| DROPPING +2 kite shield of reflection.
 31287 | Vaults:1 | 31287 ||| UPGRADING to +1 pair of gloves of the Old and
                  | Reckless {rN+}.
 31945 | Vaults:2 | 31945 ||| INVOKING Heroism.
 31946 | Vaults:2 | 31946 ||| INVOKING Finesse.
 32036 | Vaults:2 | 32036 ||| Stepping ~*~*~tactically~*~*~ (hiding).
 32043 | Vaults:2 | Received a gift from Okawaru
 32078 | Vaults:2 | 32078 ||| Stepping ~*~*~tactically~*~*~ (hiding).
 32148 | Vaults:2 | 32148 ||| INVOKING Heroism.
 32229 | Vaults:2 | 32229 ||| FLEEEEING.
 32230 | Vaults:2 | 32230 ||| FLEEEEING.
 32235 | Vaults:2 | 32235 ||| FLEEEEING.
 32236 | Vaults:2 | 32236 ||| FLEEEEING.
 32237 | Vaults:2 | 32237 ||| FLEEEEING.
 32335 | Vaults:2 | 32335 ||| READING scroll of enchant weapon.
 32335 | Vaults:2 | 32335 ||| ENCHANTING +5 broad axe of flaming.
 32562 | Vaults:2 | Found a staircase to the Crypt.
 32573 | Vaults:2 | 32573 ||| Stepping ~*~*~tactically~*~*~ (hiding).
 32590 | Vaults:2 | Reached skill level 18 in Shields
 32597 | Vaults:2 | Received a gift from Okawaru
 32598 | Vaults:2 | 32598 ||| FLEEEEING.
 32751 | Vaults:2 | 32751 ||| Stepping ~*~*~tactically~*~*~ (hiding).
 32926 | Vaults:2 | Reached XP level 20. HP: 136/136 MP: 27/27
 33141 | Vaults:2 | Gained mutation: You sometimes lose your temper in combat.
                  | [a shining eye]
 33143 | Vaults:2 | 33143 ||| DRINKING 4 potions of mutation.
 33143 | Vaults:2 | Lost mutation: You sometimes lose your temper in combat.
                  | [potion of mutation]
 33143 | Vaults:2 | Lost mutation: Your flesh is heat resistant. (rF+) [potion
                  | of mutation]
 33143 | Vaults:2 | Lost mutation: You have large cloven feet. [potion of
                  | mutation]
 33143 | Vaults:2 | Gained mutation: You have a beak for a mouth. [potion of
                  | mutation]
 33143 | Vaults:2 | Gained mutation: You are partially covered in large bone
                  | plates. (SH +4) [potion of mutation]
 33143 | Vaults:2 | Gained mutation: You are robust. (+10% HP) [potion of
                  | mutation]
 33150 | Vaults:2 | 33150 ||| FLEEEEING.
 33154 | Vaults:2 | 33154 ||| Stepping ~*~*~tactically~*~*~ (hiding).
 33172 | Vaults:2 | 33172 ||| DROPPING +0 helmet.
 33176 | Vaults:2 | Received a gift from Okawaru
 33176 | Vaults:2 | Found the +8 mithril axe "Arga" {speed, Will+}
 33178 | Vaults:2 | 33178 ||| SWAPPING to +8 mithril axe "Arga" {speed, Will+}.
 33179 | Vaults:2 | 33179 ||| DROPPING +1 hand axe of Nah Isyhi {pain, rN+
                  | rCorr}.
 33193 | Vaults:2 | Found Gaib's Antique Weapon Shop.
 33407 | Vaults:3 | 33407 ||| Stepping ~*~*~tactically~*~*~ (hiding).
 33419 | Vaults:3 | 33419 ||| Stepping ~*~*~tactically~*~*~ (hiding).
 33442 | Vaults:3 | You are sucked into a shaft and drop 1 floor!
 33638 | Vaults:4 | 33638 ||| Stepping ~*~*~tactically~*~*~ (hiding).
 33867 | Vaults:3 | 33867 ||| Stepping ~*~*~tactically~*~*~ (hiding).
 33868 | Vaults:3 | 33868 ||| Stepping ~*~*~tactically~*~*~ (hiding).
 33919 | Vaults:3 | 33919 ||| Stepping ~*~*~tactically~*~*~ (hiding).
 33920 | Vaults:3 | 33920 ||| Stepping ~*~*~tactically~*~*~ (hiding).
 34147 | Vaults:3 | Received a gift from Okawaru
 34236 | Vaults:3 | Received a gift from Okawaru
 34548 | Vaults:3 | 34548 ||| FLEEEEING.
 34553 | Vaults:3 | 34553 ||| FLEEEEING.
 34554 | Vaults:3 | 34554 ||| FLEEEEING.
 34557 | Vaults:3 | 34557 ||| FLEEEEING.
 34558 | Vaults:3 | 34558 ||| FLEEEEING.
 34559 | Vaults:3 | 34559 ||| FLEEEEING.
 34561 | Vaults:3 | 34561 ||| FLEEEEING.
 34565 | Vaults:3 | 34565 ||| FLEEEEING.
 34566 | Vaults:3 | 34566 ||| FLEEEEING.
 34567 | Vaults:3 | 34567 ||| FLEEEEING.
 34568 | Vaults:3 | 34568 ||| FLEEEEING.
 34569 | Vaults:3 | 34569 ||| FLEEEEING.
 34570 | Vaults:3 | 34570 ||| FLEEEEING.
 34571 | Vaults:3 | 34571 ||| FLEEEEING.
 34575 | Vaults:3 | 34575 ||| FLEEEEING.
 34576 | Vaults:3 | 34576 ||| FLEEEEING.
 34577 | Vaults:3 | 34577 ||| FLEEEEING.
 34578 | Vaults:3 | 34578 ||| FLEEEEING.
 34688 | Vaults:3 | 34688 ||| DROPPING ring of wizardry.
 34797 | Vaults:4 | Identified the +4 plate armour of Sifuam {rElec rPois
                  | Dex+3}
 34845 | Vaults:4 | Identified the +9 crystal plate armour of Mematibo {Regen+
                  | Int+3} (Okawaru gifted it to you on level 4 of the Vaults)
 34845 | Vaults:4 | Received a gift from Okawaru
 34899 | Vaults:4 | 34899 ||| Stepping ~*~*~tactically~*~*~ (hiding).
 34919 | Vaults:4 | Reached skill level 9 in Throwing
 35061 | Vaults:4 | 35061 ||| INVOKING Heroism.
 35265 | Vaults:4 | 35265 ||| Stepping ~*~*~tactically~*~*~ (hiding).
 35266 | Vaults:4 | 35266 ||| Stepping ~*~*~tactically~*~*~ (hiding).
 35268 | Vaults:4 | 35268 ||| Stepping ~*~*~tactically~*~*~ (hiding).
 35462 | Vaults:4 | Found Ozisosip's Weapon Shop.
 35463 | Vaults:4 | 35463 ||| Stepping ~*~*~tactically~*~*~ (hiding).
 35466 | Vaults:4 | 35466 ||| Stepping ~*~*~tactically~*~*~ (stealth).
 35566 | Vaults:4 | 35566 ||| Stepping ~*~*~tactically~*~*~ (stealth).
 35568 | Vaults:4 | 35568 ||| Stepping ~*~*~tactically~*~*~ (stealth).
 35569 | Vaults:4 | 35569 ||| Stepping ~*~*~tactically~*~*~ (stealth).
 35570 | Vaults:4 | 35570 ||| Stepping ~*~*~tactically~*~*~ (stealth).
 35622 | Vaults:4 | 35622 ||| Stepping ~*~*~tactically~*~*~ (stealth).
 35630 | Vaults:4 | Reached skill level 19 in Fighting
 35814 | Vaults:4 | 35814 ||| DROPPING +2 plate armour of cold resistance.
 35815 | Vaults:4 | 35815 ||| DROPPING +4 plate armour of Sifuam {rElec rPois
                  | Dex+3}.
 35816 | Vaults:4 | 35816 ||| UPGRADING to +9 crystal plate armour of Mematibo
                  | {Regen+ Int+3}.
 36026 | Vaults:4 | 36026 ||| PLANNING SNAKE:4
 36034 | Vaults:4 | 36034 ||| PLANNING VAULTS:1-4
 36035 | Vaults:4 | 36035 ||| PLANNING SNAKE:4
 36052 | Vaults:4 | 36052 ||| PLANNING VAULTS:1-4
 36053 | Vaults:4 | 36053 ||| PLANNING SNAKE:4
 36089 | Vaults:4 | 36089 ||| PLANNING VAULTS:1-4
 36090 | Vaults:4 | 36090 ||| PLANNING SNAKE:4
 36109 | Vaults:4 | 36109 ||| PLANNING VAULTS:1-4
 36110 | Vaults:4 | 36110 ||| PLANNING SNAKE:4
 36139 | Vaults:4 | 36139 ||| PLANNING VAULTS:1-4
 36140 | Vaults:4 | 36140 ||| PLANNING SNAKE:4
 36177 | Vaults:4 | 36177 ||| PLANNING VAULTS:1-4
 36178 | Vaults:4 | 36178 ||| PLANNING SNAKE:4
 36213 | Vaults:4 | 36213 ||| PLANNING VAULTS:1-4
 36214 | Vaults:4 | 36214 ||| PLANNING SNAKE:4
 36234 | Vaults:4 | 36234 ||| PLANNING VAULTS:1-4
 36235 | Vaults:4 | 36235 ||| PLANNING SNAKE:4
 36294 | Vaults:4 | 36294 ||| PLANNING VAULTS:1-4
 36295 | Vaults:4 | 36295 ||| PLANNING SNAKE:4
 36438 | Vaults:4 | 36438 ||| PLANNING VAULTS:1-4
 36439 | Vaults:4 | 36439 ||| PLANNING SNAKE:4
 36531 | Vaults:4 | 36531 ||| Stepping ~*~*~tactically~*~*~ (hiding).
 36533 | Vaults:4 | 36533 ||| Stepping ~*~*~tactically~*~*~ (hiding).
 36535 | Vaults:4 | 36535 ||| Stepping ~*~*~tactically~*~*~ (hiding).
 36854 | Snake:4  | Entered Level 4 of the Snake Pit
 36854 | Snake:4  | Found a glowing silver altar of Zin.
 36855 | Snake:4  | 36855 ||| Stepping ~*~*~tactically~*~*~ (hiding).
 36892 | Snake:4  | 36892 ||| Stepping ~*~*~tactically~*~*~ (stealth).
 36944 | Snake:4  | 36944 ||| Stepping ~*~*~tactically~*~*~ (hiding).
 37078 | Snake:4  | Received a gift from Okawaru
 37143 | Snake:4  | 37143 ||| Stepping ~*~*~tactically~*~*~ (stealth).
 37145 | Snake:4  | 37145 ||| Stepping ~*~*~tactically~*~*~ (stealth).
 37152 | Snake:4  | 37152 ||| Stepping ~*~*~tactically~*~*~ (hiding).
 37161 | Snake:4  | Reached XP level 21. HP: 158/158 MP: 28/28
 37243 | Snake:4  | Received a gift from Okawaru
 37248 | Snake:4  | 37248 ||| Stepping ~*~*~tactically~*~*~ (hiding).
 37287 | Snake:4  | 37287 ||| Stepping ~*~*~tactically~*~*~ (hiding).
 37311 | Snake:4  | Received a gift from Okawaru
 37325 | Snake:4  | 37325 ||| Stepping ~*~*~tactically~*~*~ (hiding).
 37331 | Snake:4  | 37331 ||| Stepping ~*~*~tactically~*~*~ (hiding).
 37360 | Snake:4  | Received a gift from Okawaru
 37398 | Snake:4  | Got a serpentine rune of Zot
 37410 | Snake:4  | 37410 ||| Stepping ~*~*~tactically~*~*~ (stealth).
 37479 | Snake:4  | Received a gift from Okawaru
 37493 | Snake:4  | 37493 ||| Stepping ~*~*~tactically~*~*~ (stealth).
 37527 | Snake:4  | 37527 ||| Stepping ~*~*~tactically~*~*~ (hiding).
 37537 | Snake:4  | 37537 ||| Stepping ~*~*~tactically~*~*~ (hiding).
 37548 | Snake:4  | 37548 ||| Stepping ~*~*~tactically~*~*~ (hiding).
 37568 | Snake:4  | 37568 ||| Stepping ~*~*~tactically~*~*~ (hiding).
 37570 | Snake:4  | 37570 ||| Stepping ~*~*~tactically~*~*~ (hiding).
 37571 | Snake:4  | 37571 ||| Stepping ~*~*~tactically~*~*~ (hiding).
 37572 | Snake:4  | 37572 ||| Stepping ~*~*~tactically~*~*~ (hiding).
 37573 | Snake:4  | 37573 ||| Stepping ~*~*~tactically~*~*~ (hiding).
 37593 | Snake:4  | 37593 ||| Stepping ~*~*~tactically~*~*~ (hiding).
 37683 | Snake:4  | Found Uloag's Book Shop.
 37684 | Snake:4  | 37684 ||| Stepping ~*~*~tactically~*~*~ (hiding).
 37690 | Snake:4  | Found Esisirphea's Jewellery Emporium.
 37697 | Snake:4  | Found Iwnumih's Book Shop.
 37714 | Snake:4  | 37714 ||| BUYING amulet of regeneration (600 gold).
 37714 | Snake:4  | Bought an amulet of regeneration for 600 gold pieces
 37714 | Snake:4  | 37714 ||| BUYING ring of resist corrosion (400 gold).
 37714 | Snake:4  | Bought a ring of resist corrosion for 400 gold pieces
 37714 | Snake:4  | 37714 ||| BUYING ring of resist corrosion (400 gold).
 37714 | Snake:4  | Bought a ring of resist corrosion for 400 gold pieces
 37793 | Snake:4  | 37793 ||| Stepping ~*~*~tactically~*~*~ (stealth).
 37892 | Snake:4  | 37892 ||| PLANNING DEPTHS
 37892 | Snake:4  | 37892 ||| UPGRADING to +2 tower shield.
 37902 | Snake:4  | 37902 ||| DROPPING +0 tower shield.
 38191 | Depths:1 | Entered Level 1 of the Depths
 38192 | Depths:1 | 38192 ||| INVOKING Finesse.
 38264 | Depths:1 | 38264 ||| Stepping ~*~*~tactically~*~*~ (hiding).
 38278 | Depths:1 | Reached skill level 18 in Armour
 38282 | Depths:1 | Received a gift from Okawaru
 38304 | Depths:1 | 38304 ||| Stepping ~*~*~tactically~*~*~ (stealth).
 38306 | Depths:1 | 38306 ||| Stepping ~*~*~tactically~*~*~ (stealth).
 38310 | Depths:1 | 38310 ||| Stepping ~*~*~tactically~*~*~ (stealth).
 38311 | Depths:1 | 38311 ||| Stepping ~*~*~tactically~*~*~ (stealth).
 38312 | Depths:1 | 38312 ||| Stepping ~*~*~tactically~*~*~ (stealth).
 38313 | Depths:1 | 38313 ||| INVOKING Finesse.
 38335 | Depths:1 | Identified the +1 eveningstar of Trial by Ordeal {holy,
                  | Dex+3} (Okawaru gifted it to you on level 1 of the Depths)
 38335 | Depths:1 | Received a gift from Okawaru
 38397 | Depths:1 | 38397 ||| INVOKING Heroism.
 38398 | Depths:1 | 38398 ||| INVOKING Finesse.
 38472 | Depths:1 | 38472 ||| Stepping ~*~*~tactically~*~*~ (stealth).
 38474 | Depths:1 | 38474 ||| Stepping ~*~*~tactically~*~*~ (hiding).
 38477 | Depths:1 | 38477 ||| Stepping ~*~*~tactically~*~*~ (hiding).
 38480 | Depths:1 | 38480 ||| Stepping ~*~*~tactically~*~*~ (hiding).
 38563 | Depths:1 | 38563 ||| INVOKING Heroism.
 38615 | Depths:1 | 38615 ||| Stepping ~*~*~tactically~*~*~ (stealth).
 38621 | Depths:1 | 38621 ||| Stepping ~*~*~tactically~*~*~ (stealth).
 38622 | Depths:1 | 38622 ||| Stepping ~*~*~tactically~*~*~ (stealth).
 38624 | Depths:1 | 38624 ||| Stepping ~*~*~tactically~*~*~ (stealth).
 38691 | Depths:1 | Found a gateway to Hell.
 38692 | Depths:1 | 38692 ||| DRINKING 4 potions of resistance.
 38706 | Depths:1 | Received a gift from Okawaru
 38875 | Depths:1 | Found an ornate altar of the Wu Jian Council.
 38889 | Depths:1 | 38889 ||| INVOKING Heroism.
 38952 | Depths:1 | 38952 ||| DROPPING +1 pair of gloves.
 38990 | Depths:2 | Found a runed translucent door.
 38991 | Depths:2 | 38991 ||| PLANNING BAZAAR
 38994 | Depths:2 | 38994 ||| Stepping ~*~*~tactically~*~*~ (hiding).
 38998 | Depths:2 | 38998 ||| Stepping ~*~*~tactically~*~*~ (stealth).
 39000 | Depths:2 | 39000 ||| Stepping ~*~*~tactically~*~*~ (hiding).
 39002 | Depths:2 | 39002 ||| INVOKING Finesse.
 39069 | Depths:2 | 39069 ||| Stepping ~*~*~tactically~*~*~ (hiding).
 39070 | Depths:2 | 39070 ||| Stepping ~*~*~tactically~*~*~ (hiding).
 39073 | Depths:2 | 39073 ||| Stepping ~*~*~tactically~*~*~ (hiding).
 39074 | Depths:2 | 39074 ||| Stepping ~*~*~tactically~*~*~ (hiding).
 39075 | Depths:2 | 39075 ||| Stepping ~*~*~tactically~*~*~ (hiding).
 39182 | Depths:2 | Found a broken altar of Ashenzari.
 39264 | Depths:2 | 39264 ||| Stepping ~*~*~tactically~*~*~ (hiding).
 39265 | Depths:2 | 39265 ||| INVOKING Finesse.
 39352 | Depths:2 | 39352 ||| INVOKING Heroism.
 39389 | Depths:2 | 39389 ||| Stepping ~*~*~tactically~*~*~ (hiding).
 39391 | Depths:2 | 39391 ||| INVOKING Finesse.
 39396 | Depths:2 | 39396 ||| INVOKING Heroism.
 39527 | Depths:2 | Found a flickering gateway to a bazaar.
 39528 | Depths:2 | 39528 ||| DROPPING amulet of regeneration.
 39539 | Bazaar   | Entered a bazaar
 39554 | Bazaar   | Found Xetsig's Magic Scroll Shop.
 39558 | Bazaar   | 39558 ||| BUYING scroll of teleportation (42 gold).
 39558 | Bazaar   | Bought a scroll of teleportation for 42 gold pieces
 39565 | Bazaar   | Found Kepp's Distillery.
 39576 | Bazaar   | 39576 ||| BUYING potion of attraction (27 gold).
 39576 | Bazaar   | Bought a potion of attraction for 27 gold pieces
 39576 | Bazaar   | 39576 ||| BUYING potion of curing (27 gold).
 39576 | Bazaar   | Bought a potion of curing for 27 gold pieces
 39576 | Bazaar   | 39576 ||| BUYING potion of enlightenment (45 gold).
 39576 | Bazaar   | Bought a potion of enlightenment for 45 gold pieces
 39576 | Bazaar   | 39576 ||| BUYING potion of lignification (27 gold).
 39576 | Bazaar   | Bought a potion of lignification for 27 gold pieces
 39576 | Bazaar   | 39576 ||| BUYING potion of lignification (27 gold).
 39576 | Bazaar   | Bought a potion of lignification for 27 gold pieces
 39576 | Bazaar   | 39576 ||| BUYING potion of lignification (27 gold).
 39576 | Bazaar   | Bought a potion of lignification for 27 gold pieces
 39576 | Bazaar   | 39576 ||| BUYING potion of magic (72 gold).
 39576 | Bazaar   | Bought a potion of magic for 72 gold pieces
 39588 | Bazaar   | Found Eturgh's Distillery.
 39596 | Bazaar   | 39596 ||| BUYING potion of curing (30 gold).
 39596 | Bazaar   | Bought a potion of curing for 30 gold pieces
 39608 | Bazaar   | Found Jopt's Magic Scroll Shop.
 39630 | Depths:2 | 39630 ||| PLANNING DEPTHS
 39634 | Depths:2 | 39634 ||| Stepping ~*~*~tactically~*~*~ (stealth).
 39645 | Depths:2 | Identified the +1 hat of the Locust {rC+ Regen+} (Okawaru
                  | gifted it to you on level 2 of the Depths)
 39645 | Depths:2 | Received a gift from Okawaru
 39647 | Depths:2 | 39647 ||| INVOKING Heroism.
 39648 | Depths:2 | 39648 ||| INVOKING Finesse.
 39684 | Depths:2 | 39684 ||| READING scroll of acquirement.
 39684 | Depths:2 | 39684 ||| ACQUIRING +2 pair of boots of Leapfrog {-Cast Fly
                  | Regen+ Dex+7}
 39684 | Depths:2 | Acquired the +2 pair of boots of Leapfrog {-Cast Fly Regen+
                  | Dex+7}
 39685 | Depths:2 | 39685 ||| UPGRADING to +1 hat of the Locust {rC+ Regen+}.
 39691 | Depths:2 | 39691 ||| UPGRADING to +2 pair of boots of Leapfrog {-Cast
                  | Fly Regen+ Dex+7}.
 39701 | Depths:2 | 39701 ||| DROPPING +2 pair of boots of flying.
 39718 | Depths:2 | Found a one-way gate leading to the halls of Pandemonium.
 39758 | Depths:2 | Found Vum Yno's Weapon Shoppe.
 39810 | Depths:2 | 39810 ||| Stepping ~*~*~tactically~*~*~ (stealth).
 39814 | Depths:2 | 39814 ||| Stepping ~*~*~tactically~*~*~ (hiding).
 39832 | Depths:2 | Reached XP level 22. HP: 163/163 MP: 29/29
 39845 | Depths:2 | 39845 ||| INVOKING Heroism.
 39847 | Depths:2 | 39847 ||| INVOKING Finesse.
 39972 | Depths:2 | 39972 ||| INVOKING Heroism.
 39973 | Depths:2 | 39973 ||| Stepping ~*~*~tactically~*~*~ (stealth).
 39974 | Depths:2 | 39974 ||| INVOKING Finesse.
 40005 | Depths:2 | 40005 ||| Stepping ~*~*~tactically~*~*~ (hiding).
 40006 | Depths:2 | 40006 ||| Stepping ~*~*~tactically~*~*~ (hiding).
 40442 | Depths:3 | 40442 ||| PLANNING WIZLAB
 40481 | Depths:3 | 40481 ||| INVOKING Finesse.
 40529 | Depths:3 | 40529 ||| Stepping ~*~*~tactically~*~*~ (stealth).
 40533 | Depths:3 | 40533 ||| Stepping ~*~*~tactically~*~*~ (stealth).
 40568 | Depths:3 | Found a transporter.
 40571 | Depths:3 | Noticed qw's ghost (veteran GrHu)
 40573 | Depths:3 | Noticed an ancient lich
 40575 | Depths:3 | Found a transporter.
 40602 | Depths:3 | 40602 ||| Stepping randomly (disturbance).
 40606 | Depths:3 | 40606 ||| Stepping randomly (disturbance).
 40740 | Depths:3 | 40740 ||| INVOKING Heroism.
 40770 | Depths:3 | 40770 ||| Stepping ~*~*~tactically~*~*~ (stealth).
 40773 | Depths:3 | 40773 ||| INVOKING Heroism.
 40807 | Depths:3 | Found a shadowy altar of Dithmenos.
 40807 | Depths:3 | Found the ring of Shadows {Umbra +Inv Stlth+}
 40807 | Depths:3 | Found the +5 robe of Night {Dark Will+ SInv}
 40849 | Depths:3 | Reached skill level 21 in Armour
 40849 | Depths:3 | Paralysed by a floating eye for 2 turns
 40851 | Depths:3 | 40851 ||| INVOKING Heroism.
 40878 | Depths:3 | 40878 ||| Stepping ~*~*~tactically~*~*~ (stealth).
 40930 | Depths:3 | Identified the ring of Brilliance {Fly rPois rF+ Int-3
                  | Dex+4}
 40969 | Depths:3 | Found a snail-covered altar of Cheibriados.
 41118 | Depths:3 | Identified the +2 quarterstaff of the Distant Future {elec,
                  | Str+3}
 41138 | Depths:3 | 41138 ||| RIP WIZLAB
 41158 | Depths:3 | 41158 ||| PLANNING DEPTHS
 41226 | Depths:2 | Found the +7 lajatang of Order {silver, rMut}
 41227 | Depths:2 | Identified the staff "Liyse" {rElec rN++ rCorr MP+9 Int-2
                  | Air}
 41229 | Depths:2 | 41229 ||| Stepping randomly (stuck).
 41250 | Depths:3 | 41250 ||| Stepping ~*~*~tactically~*~*~ (stealth).
 41323 | Depths:3 | 41323 ||| Stepping ~*~*~tactically~*~*~ (stealth).
 41328 | Depths:3 | 41328 ||| INVOKING Heroism.
 41331 | Depths:3 | 41331 ||| Stepping ~*~*~tactically~*~*~ (hiding).
 41332 | Depths:3 | 41332 ||| Stepping ~*~*~tactically~*~*~ (hiding).
 41335 | Depths:3 | Found a one-way gateway to a ziggurat.
 41402 | Depths:3 | 41402 ||| Stepping ~*~*~tactically~*~*~ (hiding).
 41407 | Depths:3 | 41407 ||| INVOKING Heroism.
 41417 | Depths:3 | Received a gift from Okawaru
 41469 | Depths:3 | Found a one-way gate to the infinite horrors of the Abyss.
 41580 | Depths:4 | Entered Level 4 of the Depths
 41581 | Depths:4 | 41581 ||| INVOKING Heroism.
 41613 | Depths:4 | 41613 ||| INVOKING Heroism.
 41702 | Depths:4 | 41702 ||| Stepping ~*~*~tactically~*~*~ (stealth).
 41704 | Depths:4 | 41704 ||| INVOKING Finesse.
 41717 | Depths:4 | Received a gift from Okawaru
 41784 | Depths:4 | 41784 ||| INVOKING Heroism.
 41853 | Depths:4 | 41853 ||| Stepping ~*~*~tactically~*~*~ (hiding).
 41968 | Depths:4 | 41968 ||| Stepping ~*~*~tactically~*~*~ (hiding).
 41979 | Depths:4 | 41979 ||| Stepping ~*~*~tactically~*~*~ (hiding).
 41983 | Depths:4 | Received a gift from Okawaru
 42001 | Depths:4 | Found a gate to the Realm of Zot.
 42002 | Depths:4 | 42002 ||| INVOKING Heroism.
 42003 | Depths:4 | Noticed a golden dragon
 42004 | Depths:4 | 42004 ||| INVOKING Finesse.
 42013 | Depths:4 | Reached XP level 23. HP: 170/170 MP: 23/30
 42021 | Depths:4 | Killed a golden dragon
 42044 | Depths:4 | Received a gift from Okawaru
 42333 | Depths:4 | 42333 ||| Stepping ~*~*~tactically~*~*~ (hiding).
 42349 | Depths:4 | Found a shimmering altar of Xom.
 42350 | Depths:4 | 42350 ||| Stepping ~*~*~tactically~*~*~ (hiding).
 42609 | Depths:4 | 42609 ||| PLANNING VAULTS:5
 42922 | Vaults:5 | Entered Level 5 of the Vaults
 42923 | Vaults:5 | 42923 ||| INVOKING Heroism.
 42926 | Vaults:5 | Reached skill level 9 in Dodging
 42932 | Vaults:5 | Received a gift from Okawaru
 42939 | Vaults:5 | 42939 ||| INVOKING Finesse.
 42965 | Vaults:5 | Noticed a golden dragon
 42969 | Vaults:5 | Received a gift from Okawaru
 42970 | Vaults:5 | Reached skill level 20 in Fighting
 42974 | Vaults:5 | 42974 ||| INVOKING Heroism.
 42988 | Vaults:5 | Received a gift from Okawaru
 43000 | Vaults:5 | Reached skill level 21 in Shields
 43003 | Vaults:5 | Received a gift from Okawaru
 43011 | Vaults:5 | Noticed a golden dragon
 43031 | Vaults:5 | Reached skill level 21 in Fighting
 43046 | Vaults:5 | HP: 35/176 [deep troll earth mage/Lee's Rapid
                  | Deconstruction (29)]
 43047 | Vaults:5 | 43047 ||| READING 6 scrolls of teleportation.
 43048 | Vaults:5 | 43048 ||| DRINKING 3 potions of heal wounds.
 43065 | Vaults:5 | 43065 ||| Stepping ~*~*~tactically~*~*~ (stealth).
 43066 | Vaults:5 | 43066 ||| Stepping ~*~*~tactically~*~*~ (stealth).
 43083 | Vaults:5 | 43083 ||| Stepping ~*~*~tactically~*~*~ (stealth).
 43103 | Vaults:5 | 43103 ||| Stepping ~*~*~tactically~*~*~ (hiding).
 43126 | Vaults:5 | 43126 ||| Stepping ~*~*~tactically~*~*~ (hiding).
 43131 | Vaults:5 | 43131 ||| Stepping ~*~*~tactically~*~*~ (hiding).
 43160 | Vaults:5 | Reached skill level 12 in Throwing
 43160 | Vaults:5 | 43160 ||| Stepping ~*~*~tactically~*~*~ (stealth).
 43162 | Vaults:5 | Noticed a dread lich
 43163 | Vaults:5 | 43163 ||| Stepping ~*~*~tactically~*~*~ (stealth).
 43164 | Vaults:5 | 43164 ||| INVOKING Heroism.
 43165 | Vaults:5 | 43165 ||| INVOKING Finesse.
 43167 | Vaults:5 | 43167 ||| Stepping ~*~*~tactically~*~*~ (stealth).
 43180 | Vaults:5 | Killed a dread lich
 43186 | Vaults:5 | Reached XP level 24. HP: 182/182 MP: 24/30
 43190 | Vaults:5 | 43190 ||| SWAPPING to +6 broad axe of flaming.
 43193 | Vaults:5 | 43193 ||| SWAPPING to +8 mithril axe "Arga" {speed, Will+}.
 43217 | Vaults:5 | 43217 ||| Stepping ~*~*~tactically~*~*~ (hiding).
 43231 | Vaults:5 | 43231 ||| INVOKING Heroism.
 43302 | Vaults:5 | Received a gift from Okawaru
 43322 | Vaults:5 | 43322 ||| Stepping ~*~*~tactically~*~*~ (hiding).
 43331 | Vaults:5 | 43331 ||| Stepping ~*~*~tactically~*~*~ (hiding).
 43341 | Vaults:5 | Reached skill level 22 in Fighting
 43378 | Vaults:5 | Identified the +0 robe "Faow" {rN+ Str+5}
 43379 | Vaults:5 | Identified the staff "Zoaturgh" {Fragile rPois rC- Will+++
                  | Str+3 Poison}
 43382 | Vaults:5 | Identified the +2 pair of gloves of Fuzzy Salvation {Fly
                  | SInv}
 43401 | Vaults:5 | 43401 ||| INVOKING Heroism.
 43411 | Vaults:5 | 43411 ||| Stepping ~*~*~tactically~*~*~ (hiding).
 43531 | Vaults:5 | 43531 ||| Stepping ~*~*~tactically~*~*~ (stealth).
 43548 | Vaults:5 | Identified the +4 mace "Rudafaoz" {vamp, rF+ Will- Int+4
                  | Dex+2}
 43550 | Vaults:5 | Identified the +0 robe of the Four of Pentacles {Contam rN+
                  | rCorr}
 43566 | Vaults:5 | Got a silver rune of Zot
 43575 | Vaults:5 | Identified the +3 trident of the Vestibule of Hell {heavy,
                  | rC+ rN+ MP+9 Str+3}
 43587 | Vaults:5 | 43587 ||| INVOKING Heroism.
 43607 | Vaults:5 | 43607 ||| Stepping ~*~*~tactically~*~*~ (hiding).
 43610 | Vaults:5 | 43610 ||| Stepping ~*~*~tactically~*~*~ (hiding).
 43611 | Vaults:5 | 43611 ||| Stepping ~*~*~tactically~*~*~ (hiding).
 43692 | Vaults:5 | 43692 ||| Stepping ~*~*~tactically~*~*~ (stealth).
 43693 | Vaults:5 | 43693 ||| Stepping ~*~*~tactically~*~*~ (stealth).
 43695 | Vaults:5 | 43695 ||| Stepping ~*~*~tactically~*~*~ (hiding).
 43837 | Vaults:5 | 43837 ||| INVOKING Heroism.
 43889 | Vaults:5 | 43889 ||| Stepping ~*~*~tactically~*~*~ (stealth).
 43905 | Vaults:5 | 43905 ||| Stepping ~*~*~tactically~*~*~ (hiding).
 43909 | Vaults:5 | 43909 ||| INVOKING Heroism.
 43923 | Vaults:5 | 43923 ||| Stepping ~*~*~tactically~*~*~ (hiding).
 44345 | Vaults:5 | 44345 ||| PLANNING SHOPPING SPREE
 44345 | Vaults:5 | 44345 ||| DROPPING +2 cloak of willpower.
 44346 | Vaults:5 | 44346 ||| UPGRADING to +2 pair of gloves of Fuzzy Salvation
                  | {Fly SInv}.
 44356 | Vaults:5 | 44356 ||| DROPPING +1 pair of gloves of the Old and
                  | Reckless {rN+}.
 44357 | Vaults:5 | 44357 ||| DROPPING +1 pair of gloves of stealth.
 44747 | D:1      | 44747 ||| BUYING ring of ice (325 gold).
 44747 | D:1      | Bought a ring of ice for 325 gold pieces
 44941 | D:12     | 44941 ||| BUYING +6 war axe "Kofaa" {flame, rCorr Dex+3}
                  | (828 gold).
 44941 | D:12     | Bought the +6 war axe "Kofaa" {flame, rCorr Dex+3} for 828
                  | gold pieces
 44941 | D:12     | 44941 ||| CLEARING SHOPPING LIST
 44941 | D:12     | 44941 ||| PLANNING ZOT:1-4
 45092 | Depths:4 | Noticed a caustic shrike
 45092 | Depths:4 | Noticed a caustic shrike
 45092 | Depths:4 | Noticed a caustic shrike
 45093 | Depths:4 | 45093 ||| INVOKING Heroism.
 45094 | Depths:4 | 45094 ||| INVOKING Finesse.
 45097 | Depths:4 | Noticed a caustic shrike
 45104 | Depths:4 | Killed a caustic shrike
 45108 | Depths:4 | Killed a caustic shrike
 45110 | Depths:4 | Killed a caustic shrike
 45110 | Depths:4 | Received a gift from Okawaru
 45114 | Depths:4 | Killed a caustic shrike
 45140 | Depths:4 | 45140 ||| UPGRADING to ring of protection from fire.
 45142 | Depths:4 | 45142 ||| UPGRADING to +5 ring of evasion.
 45159 | Zot:1    | Entered Level 1 of the Realm of Zot
 45160 | Zot:1    | 45160 ||| INVOKING Heroism.
 45271 | Zot:1    | 45271 ||| INVOKING Heroism.
 45304 | Zot:1    | 45304 ||| INVOKING Heroism.
 45306 | Zot:1    | Noticed a curse toe
 45341 | Zot:1    | Killed a curse toe
 45370 | Zot:1    | 45370 ||| INVOKING Heroism.
 45371 | Zot:1    | 45371 ||| Stepping ~*~*~tactically~*~*~ (hiding).
 45373 | Zot:1    | 45373 ||| Stepping ~*~*~tactically~*~*~ (hiding).
 45414 | Zot:1    | 45414 ||| Stepping ~*~*~tactically~*~*~ (hiding).
 45439 | Zot:1    | 45439 ||| INVOKING Heroism.
 45500 | Zot:1    | Received a gift from Okawaru
 45793 | Zot:1    | 45793 ||| INVOKING Heroism.
 45918 | Zot:1    | 45918 ||| Stepping ~*~*~tactically~*~*~ (stealth).
 45973 | Zot:2    | 45973 ||| Stepping ~*~*~tactically~*~*~ (hiding).
 45999 | Zot:2    | Received a gift from Okawaru
 46083 | Zot:2    | 46083 ||| Stepping ~*~*~tactically~*~*~ (stealth).
 46192 | Zot:2    | 46192 ||| Stepping ~*~*~tactically~*~*~ (stealth).
 46200 | Zot:2    | Received a gift from Okawaru
 46228 | Zot:2    | 46228 ||| INVOKING Heroism.
 46342 | Zot:2    | 46342 ||| FLEEEEING.
 46348 | Zot:2    | 46348 ||| FLEEEEING.
 46349 | Zot:2    | 46349 ||| FLEEEEING.
 46357 | Zot:2    | 46357 ||| Stepping ~*~*~tactically~*~*~ (hiding).
 46362 | Zot:2    | 46362 ||| Stepping ~*~*~tactically~*~*~ (hiding).
 46363 | Zot:2    | 46363 ||| Stepping ~*~*~tactically~*~*~ (hiding).
 46364 | Zot:2    | 46364 ||| Stepping ~*~*~tactically~*~*~ (hiding).
 46420 | Zot:2    | Reached skill level 23 in Fighting
 46429 | Zot:2    | Received a gift from Okawaru
 46730 | Zot:2    | Reached XP level 25. HP: 193/193 MP: 30/30
 46760 | Zot:2    | 46760 ||| Stepping ~*~*~tactically~*~*~ (hiding).
 46762 | Zot:2    | 46762 ||| INVOKING Heroism.
 46888 | Zot:2    | 46888 ||| Stepping ~*~*~tactically~*~*~ (hiding).
 46889 | Zot:2    | 46889 ||| Stepping ~*~*~tactically~*~*~ (hiding).
 46911 | Zot:2    | 46911 ||| FLEEEEING.
 46922 | Zot:2    | 46922 ||| Stepping ~*~*~tactically~*~*~ (hiding).
 46958 | Zot:2    | 46958 ||| Stepping ~*~*~tactically~*~*~ (hiding).
 46959 | Zot:2    | 46959 ||| Stepping ~*~*~tactically~*~*~ (hiding).
 46960 | Zot:2    | 46960 ||| Stepping ~*~*~tactically~*~*~ (hiding).
 47226 | Zot:2    | Received a gift from Okawaru
 47252 | Zot:2    | 47252 ||| Stepping ~*~*~tactically~*~*~ (hiding).
 47278 | Zot:2    | 47278 ||| Stepping ~*~*~tactically~*~*~ (hiding).
 47279 | Zot:2    | 47279 ||| Stepping ~*~*~tactically~*~*~ (hiding).
 47415 | Zot:3    | 47415 ||| INVOKING Heroism.
 47438 | Zot:3    | Received a gift from Okawaru
 47628 | Zot:3    | Noticed an orb of fire
 47629 | Zot:3    | 47629 ||| DRINKING 3 potions of resistance.
 47630 | Zot:3    | 47630 ||| INVOKING Heroism.
 47631 | Zot:3    | 47631 ||| INVOKING Finesse.
 47631 | Zot:3    | Gained mutation: Your spells are a little easier to cast,
                  | but a little less powerful. [an orb of fire]
 47632 | Zot:3    | Gained mutation: You are weak. (Str -2) [an orb of fire]
 47634 | Zot:3    | Gained mutation: You are occasionally teleported next to
                  | monsters. [mutagenic glow]
 47644 | Zot:3    | Killed an orb of fire
 47656 | Zot:3    | 47656 ||| DRINKING 5 potions of mutation.
 47656 | Zot:3    | Lost mutation: Your spells are a little easier to cast, but
                  | a little less powerful. [potion of mutation]
 47656 | Zot:3    | Lost mutation: You are occasionally teleported next to
                  | monsters. [potion of mutation]
 47656 | Zot:3    | Lost mutation: Your natural rate of healing is unusually
                  | fast. [potion of mutation]
 47656 | Zot:3    | Lost mutation: You are weak. (Str -2) [potion of mutation]
 47656 | Zot:3    | Gained mutation: You are agile. (Dex +4, Str/Int -1)
                  | [potion of mutation]
 47657 | Zot:3    | Gained mutation: You are dopey. (Int -2) [mutagenic glow]
 47666 | Zot:3    | Gained mutation: Armour fits poorly on your strangely
                  | shaped body. [mutagenic glow]
 47682 | Zot:3    | 47682 ||| DRINKING 4 potions of mutation.
 47682 | Zot:3    | Lost mutation: You are agile. (Dex +4, Str/Int -1) [potion
                  | of mutation]
 47682 | Zot:3    | Lost mutation: You are robust. (+10% HP) [potion of
                  | mutation]
 47682 | Zot:3    | Lost mutation: You are dopey. (Int -2) [potion of mutation]
 47682 | Zot:3    | Gained mutation: You possess an exceptional clarity of
                  | mind. [potion of mutation]
 47682 | Zot:3    | Gained mutation: Your muscles are strong. (Str +4, Int/Dex
                  | -1) [potion of mutation]
 47682 | Zot:3    | Gained mutation: You are agile. (Dex +4, Str/Int -1)
                  | [potion of mutation]
 47682 | Zot:3    | Gained mutation: You are somewhat resistant to further
                  | mutation. [potion of mutation]
 47683 | Zot:3    | 47683 ||| DRINKING 3 potions of mutation.
 47683 | Zot:3    | Lost mutation: You are agile. (Dex +4, Str/Int -1) [potion
                  | of mutation]
 47683 | Zot:3    | Lost mutation: You possess an exceptional clarity of mind.
                  | [potion of mutation]
 47683 | Zot:3    | Lost mutation: Armour fits poorly on your strangely shaped
                  | body. [potion of mutation]
 47683 | Zot:3    | Lost mutation: You are somewhat resistant to further
                  | mutation. [potion of mutation]
 47749 | Zot:3    | 47749 ||| INVOKING Heroism.
 47774 | Zot:3    | Received a gift from Okawaru
 47991 | Zot:3    | 47991 ||| INVOKING Heroism.
 48020 | Zot:3    | Received a gift from Okawaru
 48022 | Zot:3    | Reached skill level 24 in Fighting
 48121 | Zot:3    | 48121 ||| DROPPING +2 hat of willpower.
 48144 | Zot:3    | 48144 ||| INVOKING Heroism.
 48261 | Zot:3    | 48261 ||| FLEEEEING.
 48262 | Zot:3    | 48262 ||| FLEEEEING.
 48263 | Zot:3    | 48263 ||| FLEEEEING.
 48264 | Zot:3    | 48264 ||| FLEEEEING.
 48265 | Zot:3    | 48265 ||| FLEEEEING.
 48266 | Zot:3    | 48266 ||| FLEEEEING.
 48267 | Zot:3    | 48267 ||| FLEEEEING.
 48274 | Zot:3    | 48274 ||| FLEEEEING.
 48275 | Zot:3    | 48275 ||| FLEEEEING.
 48435 | Zot:4    | 48435 ||| INVOKING Heroism.
 48508 | Zot:4    | 48508 ||| INVOKING Heroism.
 48636 | Zot:4    | 48636 ||| Stepping ~*~*~tactically~*~*~ (stealth).
 48726 | Zot:4    | Received a gift from Okawaru
 48745 | Zot:4    | 48745 ||| INVOKING Heroism.
 48884 | Zot:4    | Identified the +2 great mace "Vudosoc" {heavy, *Corrode
                  | rPois Int+6 SInv}
 48985 | Zot:4    | 48985 ||| PLANNING SLIME:5
 48985 | Zot:4    | 48985 ||| REMOVING ring of protection from fire.
 48986 | Zot:4    | 48986 ||| SWAPPING to +6 war axe "Kofaa" {flame, rCorr
                  | Dex+3}.
 48987 | Zot:4    | 48987 ||| UPGRADING to ring of ice.
 48988 | Zot:4    | 48988 ||| UPGRADING to +6 ring of strength.
 49346 | Slime:1  | Entered Level 1 of the Pits of Slime
 49355 | Slime:1  | Gained mutation: Your magical capacity is low. (-10% MP) [a
                  | shining eye]
 49488 | Slime:2  | 49488 ||| STAIRDANCE
 49494 | Slime:2  | 49494 ||| STAIRDANCE
 49506 | Slime:2  | 49506 ||| STAIRDANCE
 49508 | Slime:1  | 49508 ||| DRINKING 13 potions of curing.
 49508 | Slime:1  | 49508 ||| (to cure confusion)
 49523 | Slime:3  | 49523 ||| STAIRDANCE
 49530 | Slime:3  | 49530 ||| STAIRDANCE
 49553 | Slime:4  | Paralysed by a floating eye for 3 turns
 49568 | Slime:5  | Entered Level 5 of the Pits of Slime
 49569 | Slime:5  | 49569 ||| STAIRDANCE
 49617 | Slime:5  | Noticed the Royal Jelly
 49619 | Slime:5  | Found a viscous altar of Jiyva.
 49620 | Slime:5  | 49620 ||| INVOKING Heroism.
 49621 | Slime:5  | 49621 ||| INVOKING Finesse.
 49638 | Slime:5  | Killed the Royal Jelly
 49639 | Slime:5  | Reached XP level 26. HP: 140/187 MP: 21/27
 49685 | Slime:5  | Reached skill level 12 in Dodging
 49697 | Slime:5  | 49697 ||| DRINKING 7 potions of cancellation.
 49700 | Slime:5  | Reached skill level 25 in Fighting
 49719 | Slime:5  | Identified the staff "Zoim" {Fly rElec Will+++ MP-9 Air}
 49722 | Slime:5  | Identified the +3 orcbow of Kismet {drain, Fragile rF+
                  | rC+++ rCorr}
 49804 | Slime:5  | Got a slimy rune of Zot
 50069 | Slime:5  | Gained mutation: You expend magic power (3 MP) to
                  | strengthen your wands. [a shining eye]
 50266 | Slime:5  | 50266 ||| PLANNING THE SHINING ONE WORSHIP
 50266 | Slime:5  | 50266 ||| SWAPPING to +8 mithril axe "Arga" {speed, Will+}.
 50267 | Slime:5  | 50267 ||| DROPPING +6 war axe "Kofaa" {flame, rCorr Dex+3}.
 50268 | Slime:5  | 50268 ||| DROPPING +9 ice dragon scales of the Cricket
                  | {rPois rF- rC++ rCorr}.
 50269 | Slime:5  | 50269 ||| DROPPING +1 pair of gloves of hurling.
 50270 | Slime:5  | 50270 ||| DROPPING ring of resist corrosion.
 50271 | Slime:5  | 50271 ||| DROPPING ring of resist corrosion.
 50327 | Slime:3  | Gained mutation: Armour fits poorly on your strangely
                  | shaped body. [a shining eye]
 50335 | Slime:3  | Gained mutation: You occasionally lose the ability to read
                  | scrolls when taking damage. [a shining eye]
 50337 | Slime:3  | Gained mutation: You occasionally lose the ability to drink
                  | potions when taking damage. [a shining eye]
 50346 | Slime:3  | 50346 ||| DRINKING 2 potions of mutation.
 50346 | Slime:3  | Lost mutation: You are partially covered in large bone
                  | plates. (SH +4) [potion of mutation]
 50346 | Slime:3  | Lost mutation: You occasionally lose the ability to drink
                  | potions when taking damage. [potion of mutation]
 50346 | Slime:3  | Lost mutation: You expend magic power (3 MP) to strengthen
                  | your wands. [potion of mutation]
 50346 | Slime:3  | Gained mutation: You are partially covered in iridescent
                  | scales. (AC +2) [potion of mutation]
 50346 | Slime:3  | Gained mutation: You have large cloven feet. [potion of
                  | mutation]
 50346 | Slime:3  | Gained mutation: You have hidden genetic potential. [potion
                  | of mutation]
 50347 | Slime:3  | 50347 ||| DRINKING potion of mutation.
 50347 | Slime:3  | Lost mutation: Your magical capacity is low. (-10% MP)
                  | [potion of mutation]
 50347 | Slime:3  | Lost mutation: You have a beak for a mouth. [potion of
                  | mutation]
 50347 | Slime:3  | Lost mutation: You have large cloven feet. [potion of
                  | mutation]
 50347 | Slime:3  | Gained mutation: You are dopey. (Int -2) [potion of
                  | mutation]
 50347 | Slime:3  | Gained mutation: Your muscles are very strong. (Str +8,
                  | Int/Dex -2) [potion of mutation]
 50488 | D:7      | Fell from the grace of Okawaru
 50488 | D:7      | Became a worshipper of the Shining One
 50489 | D:7      | 50489 ||| PLANNING CRYPT
 50692 | Crypt:1  | Entered Level 1 of the Crypt
 50719 | Crypt:1  | 50719 ||| Stepping ~*~*~tactically~*~*~ (hiding).
 50723 | Crypt:1  | 50723 ||| Stepping ~*~*~tactically~*~*~ (stealth).
 50773 | Crypt:1  | 50773 ||| Stepping ~*~*~tactically~*~*~ (stealth).
 50774 | Crypt:1  | 50774 ||| Stepping ~*~*~tactically~*~*~ (stealth).
 50778 | Crypt:1  | Reached * piety under the Shining One
 50800 | Crypt:1  | Reached ** piety under the Shining One
 50833 | Crypt:1  | 50833 ||| SWAPPING to +6 broad axe of flaming.
 50836 | Crypt:1  | 50836 ||| SWAPPING to +8 mithril axe "Arga" {speed, Will+}.
 50862 | Crypt:1  | Reached *** piety under the Shining One
 50971 | Crypt:1  | Reached skill level 12 in Invocations
 50974 | Crypt:1  | Reached **** piety under the Shining One
 50976 | Crypt:1  | Found a huge runed gate.
 50977 | Crypt:1  | Found a huge runed gate.
 50997 | Crypt:1  | Found a huge runed gate.
 50998 | Crypt:1  | Found a huge runed gate.
 50999 | Crypt:1  | Found a huge runed gate.
 51000 | Crypt:1  | Found a huge runed gate.
 51001 | Crypt:1  | Found a huge runed gate.
 51003 | Crypt:1  | Found a huge runed gate.
 51005 | Crypt:1  | Found a huge runed gate.
 51006 | Crypt:1  | Found a huge runed gate.
 51006 | Crypt:1  | Found a huge runed gate.
 51010 | Crypt:1  | Found a huge runed gate.
 51035 | Crypt:1  | Identified the +1 great mace of Indomitability {venom,
                  | Int+5}
 51036 | Crypt:1  | Found a huge runed gate.
 51036 | Crypt:1  | Found a huge runed gate.
 51037 | Crypt:1  | Found a huge runed gate.
 51048 | Crypt:1  | Found a runed translucent gate.
 51049 | Crypt:1  | Found a runed translucent gate.
 51069 | Crypt:1  | Reached ***** piety under the Shining One
 51112 | Crypt:1  | Found a huge runed gate.
 51112 | Crypt:1  | Found a huge runed gate.
 51112 | Crypt:1  | Found a huge runed gate.
 51112 | Crypt:1  | Found a huge runed gate.
 51112 | Crypt:1  | Found a huge runed gate.
 51112 | Crypt:1  | Found a huge runed gate.
 51114 | Crypt:1  | Found a huge runed gate.
 51224 | Crypt:1  | Found a runed translucent gate.
 51225 | Crypt:1  | Noticed rrossfarrar's ghost (veteran BaFi)
 51472 | Crypt:1  | Found a huge runed gate.
 51472 | Crypt:1  | Found a huge runed gate.
 51472 | Crypt:1  | Found a huge runed gate.
 51472 | Crypt:1  | Found a huge runed gate.
 51472 | Crypt:1  | Found a huge runed gate.
 51473 | Crypt:1  | Found a huge runed gate.
 51473 | Crypt:1  | Found a huge runed gate.
 51474 | Crypt:1  | Found a huge runed gate.
 51475 | Crypt:1  | Found a huge runed gate.
 51477 | Crypt:1  | Found a huge runed gate.
 51478 | Crypt:1  | Found a huge runed gate.
 51479 | Crypt:1  | Found a huge runed gate.
 51490 | Crypt:1  | Found a huge runed gate.
 51499 | Crypt:1  | Found a huge runed gate.
 51590 | Crypt:1  | 51590 ||| UPGRADING to +0 pair of gloves of strength.
 51600 | Crypt:1  | 51600 ||| DROPPING +2 pair of gloves of Fuzzy Salvation
                  | {Fly SInv}.
 51601 | Crypt:1  | 51601 ||| READING 4 scrolls of enchant armour.
 51601 | Crypt:1  | 51601 ||| ENCHANTING +0 pair of gloves of strength.
 51602 | Crypt:1  | 51602 ||| READING 3 scrolls of enchant armour.
 51602 | Crypt:1  | 51602 ||| ENCHANTING +1 pair of gloves of strength.
 51630 | Crypt:2  | 51630 ||| Stepping ~*~*~tactically~*~*~ (hiding).
 51658 | Crypt:2  | 51658 ||| SWAPPING to +6 broad axe of flaming.
 51662 | Crypt:2  | 51662 ||| SWAPPING to +8 mithril axe "Arga" {speed, Will+}.
 51836 | Crypt:2  | Reached ****** piety under the Shining One
 51837 | Crypt:2  | 51837 ||| INVOKING Brand Weapon With Holy Wrath.
 51837 | Crypt:2  | Identified a +8 broad axe of holy wrath (a +6 broad axe of
                  | flaming blessed by the Shining One)
 51837 | Crypt:2  | Received a gift from the Shining One
 51838 | Crypt:2  | 51838 ||| SWAPPING to +8 broad axe of holy wrath.
 51839 | Crypt:2  | 51839 ||| READING 3 scrolls of enchant weapon.
 51839 | Crypt:2  | 51839 ||| ENCHANTING +8 broad axe of holy wrath.
 51843 | Crypt:2  | Found a basalt altar of Yredelemnul.
 51887 | Crypt:2  | 51887 ||| Stepping ~*~*~tactically~*~*~ (stealth).
 51917 | Crypt:2  | 51917 ||| Stepping ~*~*~tactically~*~*~ (hiding).
 51919 | Crypt:2  | 51919 ||| Stepping ~*~*~tactically~*~*~ (hiding).
 51928 | Crypt:2  | 51928 ||| Stepping ~*~*~tactically~*~*~ (hiding).
 52208 | Crypt:2  | 52208 ||| Stepping ~*~*~tactically~*~*~ (hiding).
 52273 | Crypt:2  | 52273 ||| DRINKING 12 potions of curing.
 52273 | Crypt:2  | 52273 ||| (to cure confusion)
 52396 | Crypt:3  | Entered Level 3 of the Crypt
 52459 | Crypt:3  | 52459 ||| Stepping ~*~*~tactically~*~*~ (stealth).
 52461 | Crypt:3  | 52461 ||| INVOKING Summon Divine Warrior.
 52469 | Crypt:3  | 52469 ||| INVOKING Cleansing Flame.
 52470 | Crypt:3  | 52470 ||| INVOKING Cleansing Flame.
 52487 | Crypt:3  | Reached skill level 15 in Invocations
 52509 | Crypt:3  | Found an ancient bone altar of Kikubaaqudgha.
 52560 | Crypt:3  | Noticed Saint Roka
 52578 | Crypt:3  | Killed Saint Roka
 52615 | Crypt:3  | 52615 ||| Stepping ~*~*~tactically~*~*~ (stealth).
 52713 | Crypt:3  | 52713 ||| Stepping ~*~*~tactically~*~*~ (hiding).
 52719 | Crypt:3  | 52719 ||| INVOKING Summon Divine Warrior.
 52722 | Crypt:3  | 52722 ||| INVOKING Cleansing Flame.
 52729 | Crypt:3  | 52729 ||| INVOKING Cleansing Flame.
 52730 | Crypt:3  | 52730 ||| INVOKING Cleansing Flame.
 52731 | Crypt:3  | 52731 ||| INVOKING Cleansing Flame.
 52741 | Crypt:3  | Reached XP level 27. HP: 193/193 MP: 27/35
 52823 | Crypt:3  | Found an ancient bone altar of Kikubaaqudgha.
 52857 | Crypt:3  | Found a basalt altar of Yredelemnul.
 52859 | Crypt:3  | Found the +2 hood of the Assassin {Detect Stab+ Stlth++}
 52869 | Crypt:3  | Identified the ring of Luozy {Fly rC+ Str+2}
 52913 | Crypt:3  | Identified the +5 short sword of Rinak {pain, rCorr}
 52914 | Crypt:3  | Identified the +8 long sword "Ranut" {venom, Int+3}
 53003 | Crypt:3  | Found a staircase to the Tomb.
 53319 | Crypt:3  | 53319 ||| PLANNING TOMB
 53319 | Crypt:3  | 53319 ||| DROPPING ring of ice.
 53372 | Tomb:1   | Entered Level 1 of the Tomb of the Ancients
 53496 | Tomb:1   | Reached skill level 18 in Invocations
 53513 | Tomb:1   | Gained mutation: You have great hidden genetic potential.
                  | [hidden potential]
 53687 | Tomb:1   | Noticed a royal mummy
 53688 | Tomb:1   | 53688 ||| INVOKING Summon Divine Warrior.
 53694 | Tomb:1   | Killed a royal mummy
 53707 | Tomb:1   | 53707 ||| INVOKING Cleansing Flame.
 53762 | Tomb:1   | Noticed a royal mummy
 53762 | Tomb:1   | Noticed a royal mummy
 53765 | Tomb:1   | 53765 ||| INVOKING Cleansing Flame.
 53767 | Tomb:1   | 53767 ||| INVOKING Cleansing Flame.
 53768 | Tomb:1   | 53768 ||| INVOKING Cleansing Flame.
 53769 | Tomb:1   | 53769 ||| INVOKING Cleansing Flame.
 53770 | Tomb:1   | 53770 ||| INVOKING Cleansing Flame.
 53771 | Tomb:1   | 53771 ||| INVOKING Cleansing Flame.
 53772 | Tomb:1   | 53772 ||| INVOKING Cleansing Flame.
 53773 | Tomb:1   | 53773 ||| INVOKING Cleansing Flame.
 53773 | Tomb:1   | Killed a royal mummy
 53773 | Tomb:1   | Killed a royal mummy
 53797 | Tomb:1   | 53797 ||| FLEEEEING.
 53798 | Tomb:1   | 53798 ||| FLEEEEING.
 53799 | Tomb:1   | 53799 ||| FLEEEEING.
 53800 | Tomb:1   | 53800 ||| FLEEEEING.
 53801 | Tomb:1   | 53801 ||| FLEEEEING.
 53947 | Tomb:1   | 53947 ||| INVOKING Cleansing Flame.
 53955 | Tomb:1   | Was forgiven by Okawaru
 54008 | Tomb:1   | 54008 ||| FLEEEEING.
 54022 | Tomb:1   | 54022 ||| FLEEEEING.
 54023 | Tomb:1   | 54023 ||| FLEEEEING.
 54024 | Tomb:1   | 54024 ||| FLEEEEING.
 54025 | Tomb:1   | 54025 ||| FLEEEEING.
 54030 | Tomb:1   | 54030 ||| FLEEEEING.
 54031 | Tomb:1   | 54031 ||| FLEEEEING.
 54032 | Tomb:1   | 54032 ||| FLEEEEING.
 54037 | Tomb:1   | 54037 ||| FLEEEEING.
 54038 | Tomb:1   | 54038 ||| FLEEEEING.
 54279 | Tomb:1   | 54279 ||| Stepping randomly (stuck).
 54280 | Tomb:1   | 54280 ||| Stepping randomly (stuck).
 54281 | Tomb:1   | 54281 ||| Stepping randomly (stuck).
 54282 | Tomb:1   | 54282 ||| Stepping randomly (stuck).
 54283 | Tomb:1   | 54283 ||| Stepping randomly (stuck).
 54284 | Tomb:1   | 54284 ||| Stepping randomly (stuck).
 54285 | Tomb:1   | 54285 ||| Stepping randomly (stuck).
 54286 | Tomb:1   | 54286 ||| Stepping randomly (stuck).
 54287 | Tomb:1   | 54287 ||| Stepping randomly (stuck).
 54288 | Tomb:1   | 54288 ||| Stepping randomly (stuck).
 54289 | Tomb:1   | 54289 ||| Stepping randomly (stuck).
 54290 | Tomb:1   | 54290 ||| Stepping randomly (stuck).
 54291 | Tomb:1   | 54291 ||| Stepping randomly (stuck).
 54292 | Tomb:1   | 54292 ||| Stepping randomly (stuck).
 54293 | Tomb:1   | 54293 ||| Stepping randomly (stuck).
 54294 | Tomb:1   | 54294 ||| Stepping randomly (stuck).
 54295 | Tomb:1   | 54295 ||| Stepping randomly (stuck).
 54296 | Tomb:1   | 54296 ||| Stepping randomly (stuck).
 54297 | Tomb:1   | 54297 ||| Stepping randomly (stuck).
 54298 | Tomb:1   | 54298 ||| Stepping randomly (stuck).
 54299 | Tomb:1   | 54299 ||| Stepping randomly (stuck).
 54300 | Tomb:1   | 54300 ||| Stepping randomly (stuck).
 54301 | Tomb:1   | 54301 ||| Stepping randomly (stuck).
 54302 | Tomb:1   | 54302 ||| Stepping randomly (stuck).
 54303 | Tomb:1   | 54303 ||| Stepping randomly (stuck).
 54304 | Tomb:1   | 54304 ||| Stepping randomly (stuck).
 54305 | Tomb:1   | 54305 ||| Stepping randomly (stuck).
 54306 | Tomb:1   | 54306 ||| Stepping randomly (stuck).
 54307 | Tomb:1   | 54307 ||| Stepping randomly (stuck).
 54308 | Tomb:1   | 54308 ||| Stepping randomly (stuck).
 54309 | Tomb:1   | 54309 ||| Stepping randomly (stuck).
 54310 | Tomb:1   | 54310 ||| Stepping randomly (stuck).
 54311 | Tomb:1   | 54311 ||| Stepping randomly (stuck).
 54312 | Tomb:1   | 54312 ||| Stepping randomly (stuck).
 54313 | Tomb:1   | 54313 ||| Stepping randomly (stuck).
 54314 | Tomb:1   | 54314 ||| Stepping randomly (stuck).
 54315 | Tomb:1   | 54315 ||| Stepping randomly (stuck).
 54316 | Tomb:1   | 54316 ||| Stepping randomly (stuck).
 54317 | Tomb:1   | 54317 ||| Stepping randomly (stuck).
 54318 | Tomb:1   | 54318 ||| Stepping randomly (stuck).
 54319 | Tomb:1   | 54319 ||| Stepping randomly (stuck).
 54320 | Tomb:1   | 54320 ||| Stepping randomly (stuck).
 54321 | Tomb:1   | 54321 ||| Stepping randomly (stuck).
 54322 | Tomb:1   | 54322 ||| Stepping randomly (stuck).
 54323 | Tomb:1   | 54323 ||| Stepping randomly (stuck).
 54324 | Tomb:1   | 54324 ||| Stepping randomly (stuck).
 54325 | Tomb:1   | 54325 ||| Stepping randomly (stuck).
 54326 | Tomb:1   | 54326 ||| Stepping randomly (stuck).
 54327 | Tomb:1   | 54327 ||| Stepping randomly (stuck).
 54328 | Tomb:1   | 54328 ||| Stepping randomly (stuck).
 54329 | Tomb:1   | 54329 ||| Stepping randomly (stuck).
 54330 | Tomb:1   | 54330 ||| READING 11 scrolls of teleportation.
 54333 | Tomb:1   | 54333 ||| READING 10 scrolls of teleportation.
 54337 | Tomb:1   | 54337 ||| READING 9 scrolls of teleportation.
 54341 | Tomb:1   | 54341 ||| READING 8 scrolls of teleportation.
 54346 | Tomb:1   | 54346 ||| READING 7 scrolls of teleportation.
 54350 | Tomb:1   | 54350 ||| READING 6 scrolls of teleportation.
 54355 | Tomb:1   | 54355 ||| READING 5 scrolls of teleportation.
 54358 | Tomb:1   | 54358 ||| READING 4 scrolls of teleportation.
 54361 | Tomb:1   | 54361 ||| READING 3 scrolls of teleportation.
 54364 | Tomb:1   | 54364 ||| READING 2 scrolls of teleportation.
 54367 | Tomb:1   | 54367 ||| READING scroll of teleportation.
 54372 | Tomb:1   | 54372 ||| Stepping randomly (stuck).
 54373 | Tomb:1   | 54373 ||| Stepping randomly (stuck).
 54374 | Tomb:1   | 54374 ||| Stepping randomly (stuck).
 54375 | Tomb:1   | 54375 ||| Stepping randomly (stuck).
 54376 | Tomb:1   | 54376 ||| Stepping randomly (stuck).
 54377 | Tomb:1   | 54377 ||| Stepping randomly (stuck).
 54378 | Tomb:1   | 54378 ||| Stepping randomly (stuck).
 54379 | Tomb:1   | 54379 ||| Stepping randomly (stuck).
 54380 | Tomb:1   | 54380 ||| Stepping randomly (stuck).
 54381 | Tomb:1   | 54381 ||| Stepping randomly (stuck).
 54382 | Tomb:1   | 54382 ||| Stepping randomly (stuck).
 54383 | Tomb:1   | 54383 ||| Stepping randomly (stuck).
 54384 | Tomb:1   | 54384 ||| Stepping randomly (stuck).
 54385 | Tomb:1   | 54385 ||| Stepping randomly (stuck).
 54386 | Tomb:1   | 54386 ||| Stepping randomly (stuck).
 54387 | Tomb:1   | 54387 ||| Stepping randomly (stuck).
 54388 | Tomb:1   | 54388 ||| Stepping randomly (stuck).
 54389 | Tomb:1   | 54389 ||| Stepping randomly (stuck).
 54390 | Tomb:1   | 54390 ||| Stepping randomly (stuck).
 54391 | Tomb:1   | 54391 ||| Stepping randomly (stuck).
 54392 | Tomb:1   | 54392 ||| Stepping randomly (stuck).
 54393 | Tomb:1   | 54393 ||| Stepping randomly (stuck).
 54394 | Tomb:1   | 54394 ||| Stepping randomly (stuck).
 54395 | Tomb:1   | 54395 ||| Stepping randomly (stuck).
 54396 | Tomb:1   | 54396 ||| Stepping randomly (stuck).
 54397 | Tomb:1   | 54397 ||| Stepping randomly (stuck).
 54398 | Tomb:1   | 54398 ||| Stepping randomly (stuck).
 54399 | Tomb:1   | 54399 ||| Stepping randomly (stuck).
 54400 | Tomb:1   | 54400 ||| Stepping randomly (stuck).
 54401 | Tomb:1   | 54401 ||| Stepping randomly (stuck).
 54402 | Tomb:1   | 54402 ||| Stepping randomly (stuck).
 54403 | Tomb:1   | 54403 ||| Stepping randomly (stuck).
 54404 | Tomb:1   | 54404 ||| Stepping randomly (stuck).
 54405 | Tomb:1   | 54405 ||| Stepping randomly (stuck).
 54406 | Tomb:1   | 54406 ||| Stepping randomly (stuck).
 54407 | Tomb:1   | 54407 ||| Stepping randomly (stuck).
 54408 | Tomb:1   | 54408 ||| Stepping randomly (stuck).
 54409 | Tomb:1   | 54409 ||| Stepping randomly (stuck).
 54410 | Tomb:1   | 54410 ||| Stepping randomly (stuck).
 54411 | Tomb:1   | 54411 ||| Stepping randomly (stuck).
 54412 | Tomb:1   | 54412 ||| Stepping randomly (stuck).
 54413 | Tomb:1   | 54413 ||| Stepping randomly (stuck).
 54414 | Tomb:1   | 54414 ||| Stepping randomly (stuck).
 54415 | Tomb:1   | 54415 ||| Stepping randomly (stuck).
 54416 | Tomb:1   | 54416 ||| Stepping randomly (stuck).
 54417 | Tomb:1   | 54417 ||| Stepping randomly (stuck).
 54418 | Tomb:1   | 54418 ||| Stepping randomly (stuck).
 54419 | Tomb:1   | 54419 ||| Stepping randomly (stuck).
 54420 | Tomb:1   | 54420 ||| Stepping randomly (stuck).
 54421 | Tomb:1   | 54421 ||| Stepping randomly (stuck).
 54422 | Tomb:1   | 54422 ||| Stepping randomly (stuck).
 54423 | Tomb:1   | 54423 ||| Stepping randomly (stuck).
 54424 | Tomb:1   | 54424 ||| Stepping randomly (stuck).
 54425 | Tomb:1   | 54425 ||| Stepping randomly (stuck).
 54426 | Tomb:1   | 54426 ||| Stepping randomly (stuck).
 54427 | Tomb:1   | 54427 ||| Stepping randomly (stuck).
 54428 | Tomb:1   | 54428 ||| Stepping randomly (stuck).
 54429 | Tomb:1   | 54429 ||| Stepping randomly (stuck).
 54430 | Tomb:1   | 54430 ||| Stepping randomly (stuck).
 54431 | Tomb:1   | 54431 ||| Stepping randomly (stuck).
 54432 | Tomb:1   | 54432 ||| Stepping randomly (stuck).
 54433 | Tomb:1   | 54433 ||| Stepping randomly (stuck).
 54434 | Tomb:1   | 54434 ||| Stepping randomly (stuck).
 54435 | Tomb:1   | 54435 ||| Stepping randomly (stuck).
 54436 | Tomb:1   | 54436 ||| Stepping randomly (stuck).
 54437 | Tomb:1   | 54437 ||| Stepping randomly (stuck).
 54438 | Tomb:1   | 54438 ||| Stepping randomly (stuck).
 54439 | Tomb:1   | 54439 ||| Stepping randomly (stuck).
 54440 | Tomb:1   | 54440 ||| Stepping randomly (stuck).
 54441 | Tomb:1   | 54441 ||| Stepping randomly (stuck).
 54442 | Tomb:1   | 54442 ||| Stepping randomly (stuck).
 54443 | Tomb:1   | 54443 ||| Stepping randomly (stuck).
 54444 | Tomb:1   | 54444 ||| Stepping randomly (stuck).
 54445 | Tomb:1   | 54445 ||| Stepping randomly (stuck).
 54446 | Tomb:1   | 54446 ||| Stepping randomly (stuck).
 54447 | Tomb:1   | 54447 ||| Stepping randomly (stuck).
 54448 | Tomb:1   | 54448 ||| Stepping randomly (stuck).
 54449 | Tomb:1   | 54449 ||| Stepping randomly (stuck).
 54450 | Tomb:1   | 54450 ||| Stepping randomly (stuck).
 54451 | Tomb:1   | 54451 ||| Stepping randomly (stuck).
 54452 | Tomb:1   | 54452 ||| Stepping randomly (stuck).
 54453 | Tomb:1   | 54453 ||| Stepping randomly (stuck).
 54454 | Tomb:1   | 54454 ||| Stepping randomly (stuck).
 54455 | Tomb:1   | 54455 ||| Stepping randomly (stuck).
 54456 | Tomb:1   | 54456 ||| Stepping randomly (stuck).
 54457 | Tomb:1   | 54457 ||| Stepping randomly (stuck).
 54458 | Tomb:1   | 54458 ||| Stepping randomly (stuck).
 54459 | Tomb:1   | 54459 ||| Stepping randomly (stuck).
 54460 | Tomb:1   | 54460 ||| Stepping randomly (stuck).
 54461 | Tomb:1   | 54461 ||| Stepping randomly (stuck).
 54462 | Tomb:1   | 54462 ||| Stepping randomly (stuck).
 54463 | Tomb:1   | 54463 ||| Stepping randomly (stuck).
 54464 | Tomb:1   | 54464 ||| Stepping randomly (stuck).
 54465 | Tomb:1   | 54465 ||| Stepping randomly (stuck).
 54466 | Tomb:1   | 54466 ||| Stepping randomly (stuck).
 54467 | Tomb:1   | 54467 ||| Stepping randomly (stuck).
 54468 | Tomb:1   | 54468 ||| Stepping randomly (stuck).
 54469 | Tomb:1   | 54469 ||| Stepping randomly (stuck).
 54470 | Tomb:1   | 54470 ||| Stepping randomly (stuck).
 54471 | Tomb:1   | 54471 ||| Stepping randomly (stuck).
 54472 | Tomb:1   | 54472 ||| Stepping randomly (stuck).
 54473 | Tomb:1   | 54473 ||| Stepping randomly (stuck).
 54474 | Tomb:1   | 54474 ||| Stepping randomly (stuck).
 54475 | Tomb:1   | 54475 ||| Stepping randomly (stuck).
 54476 | Tomb:1   | 54476 ||| Stepping randomly (stuck).
 54477 | Tomb:1   | 54477 ||| Stepping randomly (stuck).
 54478 | Tomb:1   | 54478 ||| Stepping randomly (stuck).
 54479 | Tomb:1   | 54479 ||| Stepping randomly (stuck).
 54480 | Tomb:1   | 54480 ||| Stepping randomly (stuck).
 54481 | Tomb:1   | 54481 ||| Stepping randomly (stuck).
 54482 | Tomb:1   | 54482 ||| Stepping randomly (stuck).
 54483 | Tomb:1   | 54483 ||| Stepping randomly (stuck).
 54484 | Tomb:1   | 54484 ||| Stepping randomly (stuck).
 54485 | Tomb:1   | 54485 ||| Stepping randomly (stuck).
 54486 | Tomb:1   | 54486 ||| Stepping randomly (stuck).
 54487 | Tomb:1   | 54487 ||| Stepping randomly (stuck).
 54488 | Tomb:1   | 54488 ||| Stepping randomly (stuck).
 54489 | Tomb:1   | 54489 ||| Stepping randomly (stuck).
 54490 | Tomb:1   | 54490 ||| Stepping randomly (stuck).
 54491 | Tomb:1   | 54491 ||| Stepping randomly (stuck).
 54492 | Tomb:1   | 54492 ||| Stepping randomly (stuck).
 54493 | Tomb:1   | 54493 ||| Stepping randomly (stuck).
 54494 | Tomb:1   | 54494 ||| Stepping randomly (stuck).
 54495 | Tomb:1   | 54495 ||| Stepping randomly (stuck).
 54496 | Tomb:1   | 54496 ||| Stepping randomly (stuck).
 54497 | Tomb:1   | 54497 ||| Stepping randomly (stuck).
 54498 | Tomb:1   | 54498 ||| Stepping randomly (stuck).
 54499 | Tomb:1   | 54499 ||| Stepping randomly (stuck).
 54500 | Tomb:1   | 54500 ||| Stepping randomly (stuck).
 54501 | Tomb:1   | 54501 ||| Stepping randomly (stuck).
 54502 | Tomb:1   | 54502 ||| Stepping randomly (stuck).
 54503 | Tomb:1   | 54503 ||| Stepping randomly (stuck).
 54504 | Tomb:1   | 54504 ||| Stepping randomly (stuck).
 54505 | Tomb:1   | 54505 ||| Stepping randomly (stuck).
 54506 | Tomb:1   | 54506 ||| Stepping randomly (stuck).
 54507 | Tomb:1   | 54507 ||| Stepping randomly (stuck).
 54508 | Tomb:1   | 54508 ||| Stepping randomly (stuck).
 54509 | Tomb:1   | 54509 ||| Stepping randomly (stuck).
 54510 | Tomb:1   | 54510 ||| Stepping randomly (stuck).
 54511 | Tomb:1   | 54511 ||| Stepping randomly (stuck).
 54512 | Tomb:1   | 54512 ||| Stepping randomly (stuck).
 54513 | Tomb:1   | 54513 ||| Stepping randomly (stuck).
 54514 | Tomb:1   | 54514 ||| Stepping randomly (stuck).
 54515 | Tomb:1   | 54515 ||| Stepping randomly (stuck).
 54516 | Tomb:1   | 54516 ||| Stepping randomly (stuck).
 54517 | Tomb:1   | 54517 ||| Stepping randomly (stuck).
 54518 | Tomb:1   | 54518 ||| Stepping randomly (stuck).
 54519 | Tomb:1   | 54519 ||| Stepping randomly (stuck).
 54520 | Tomb:1   | 54520 ||| Stepping randomly (stuck).
 54521 | Tomb:1   | 54521 ||| Stepping randomly (stuck).
 54522 | Tomb:1   | 54522 ||| Stepping randomly (stuck).
 54523 | Tomb:1   | 54523 ||| Stepping randomly (stuck).
 54524 | Tomb:1   | 54524 ||| Stepping randomly (stuck).
 54525 | Tomb:1   | 54525 ||| Stepping randomly (stuck).
 54526 | Tomb:1   | 54526 ||| Stepping randomly (stuck).
 54527 | Tomb:1   | 54527 ||| Stepping randomly (stuck).
 54528 | Tomb:1   | 54528 ||| Stepping randomly (stuck).
 54529 | Tomb:1   | 54529 ||| Stepping randomly (stuck).
 54530 | Tomb:1   | 54530 ||| Stepping randomly (stuck).
 54531 | Tomb:1   | 54531 ||| Stepping randomly (stuck).
 54532 | Tomb:1   | 54532 ||| Stepping randomly (stuck).
 54533 | Tomb:1   | 54533 ||| Stepping randomly (stuck).
 54534 | Tomb:1   | 54534 ||| Stepping randomly (stuck).
 54535 | Tomb:1   | 54535 ||| Stepping randomly (stuck).
 54536 | Tomb:1   | 54536 ||| Stepping randomly (stuck).
 54537 | Tomb:1   | 54537 ||| Stepping randomly (stuck).
 54538 | Tomb:1   | 54538 ||| Stepping randomly (stuck).
 54539 | Tomb:1   | 54539 ||| Stepping randomly (stuck).
 54540 | Tomb:1   | 54540 ||| Stepping randomly (stuck).
 54541 | Tomb:1   | 54541 ||| Stepping randomly (stuck).
 54542 | Tomb:1   | 54542 ||| Stepping randomly (stuck).
 54543 | Tomb:1   | 54543 ||| Stepping randomly (stuck).
 54544 | Tomb:1   | 54544 ||| Stepping randomly (stuck).
 54545 | Tomb:1   | 54545 ||| Stepping randomly (stuck).
 54546 | Tomb:1   | 54546 ||| Stepping randomly (stuck).
 54547 | Tomb:1   | 54547 ||| Stepping randomly (stuck).
 54548 | Tomb:1   | 54548 ||| Stepping randomly (stuck).
 54549 | Tomb:1   | 54549 ||| Stepping randomly (stuck).
 54550 | Tomb:1   | 54550 ||| Stepping randomly (stuck).
 54551 | Tomb:1   | 54551 ||| Stepping randomly (stuck).
 54552 | Tomb:1   | 54552 ||| Stepping randomly (stuck).
 54553 | Tomb:1   | 54553 ||| Stepping randomly (stuck).
 54554 | Tomb:1   | 54554 ||| Stepping randomly (stuck).
 54555 | Tomb:1   | 54555 ||| Stepping randomly (stuck).
 54556 | Tomb:1   | 54556 ||| Stepping randomly (stuck).
 54557 | Tomb:1   | 54557 ||| Stepping randomly (stuck).
 54558 | Tomb:1   | 54558 ||| Stepping randomly (stuck).
 54559 | Tomb:1   | 54559 ||| Stepping randomly (stuck).
 54560 | Tomb:1   | 54560 ||| Stepping randomly (stuck).
 54561 | Tomb:1   | 54561 ||| Stepping randomly (stuck).
 54562 | Tomb:1   | 54562 ||| Stepping randomly (stuck).
 54563 | Tomb:1   | 54563 ||| Stepping randomly (stuck).
 54564 | Tomb:1   | 54564 ||| Stepping randomly (stuck).
 54565 | Tomb:1   | 54565 ||| Stepping randomly (stuck).
 54566 | Tomb:1   | 54566 ||| Stepping randomly (stuck).
 54567 | Tomb:1   | 54567 ||| Stepping randomly (stuck).
 54568 | Tomb:1   | 54568 ||| Stepping randomly (stuck).
 54569 | Tomb:1   | 54569 ||| Stepping randomly (stuck).
 54570 | Tomb:1   | 54570 ||| Stepping randomly (stuck).
 54571 | Tomb:1   | 54571 ||| Stepping randomly (stuck).
 54572 | Tomb:1   | 54572 ||| Stepping randomly (stuck).
 54573 | Tomb:1   | 54573 ||| Stepping randomly (stuck).
 54574 | Tomb:1   | 54574 ||| Stepping randomly (stuck).
 54575 | Tomb:1   | 54575 ||| Stepping randomly (stuck).
 54576 | Tomb:1   | 54576 ||| Stepping randomly (stuck).
 54577 | Tomb:1   | 54577 ||| Stepping randomly (stuck).
 54578 | Tomb:1   | 54578 ||| Stepping randomly (stuck).
 54579 | Tomb:1   | 54579 ||| Stepping randomly (stuck).
 54580 | Tomb:1   | 54580 ||| Stepping randomly (stuck).
 54581 | Tomb:1   | 54581 ||| Stepping randomly (stuck).
 54582 | Tomb:1   | 54582 ||| Stepping randomly (stuck).
 54583 | Tomb:1   | 54583 ||| Stepping randomly (stuck).
 54584 | Tomb:1   | 54584 ||| Stepping randomly (stuck).
 54585 | Tomb:1   | 54585 ||| Stepping randomly (stuck).
 54586 | Tomb:1   | 54586 ||| Stepping randomly (stuck).
 54587 | Tomb:1   | 54587 ||| Stepping randomly (stuck).
 54588 | Tomb:1   | 54588 ||| Stepping randomly (stuck).
 54589 | Tomb:1   | 54589 ||| Stepping randomly (stuck).
 54590 | Tomb:1   | 54590 ||| Stepping randomly (stuck).
 54591 | Tomb:1   | 54591 ||| Stepping randomly (stuck).
 54592 | Tomb:1   | 54592 ||| Stepping randomly (stuck).
 54593 | Tomb:1   | 54593 ||| Stepping randomly (stuck).
 54594 | Tomb:1   | 54594 ||| Stepping randomly (stuck).
 54595 | Tomb:1   | 54595 ||| Stepping randomly (stuck).
 54596 | Tomb:1   | 54596 ||| Stepping randomly (stuck).
 54597 | Tomb:1   | 54597 ||| Stepping randomly (stuck).
 54598 | Tomb:1   | 54598 ||| Stepping randomly (stuck).
 54599 | Tomb:1   | 54599 ||| Stepping randomly (stuck).
 54600 | Tomb:1   | 54600 ||| Stepping randomly (stuck).
 54601 | Tomb:1   | 54601 ||| Stepping randomly (stuck).
 54602 | Tomb:1   | 54602 ||| Stepping randomly (stuck).
 54603 | Tomb:1   | 54603 ||| Stepping randomly (stuck).
 54604 | Tomb:1   | 54604 ||| Stepping randomly (stuck).
 54605 | Tomb:1   | 54605 ||| Stepping randomly (stuck).
 54606 | Tomb:1   | 54606 ||| Stepping randomly (stuck).
 54607 | Tomb:1   | 54607 ||| Stepping randomly (stuck).
 54608 | Tomb:1   | 54608 ||| Stepping randomly (stuck).
 54609 | Tomb:1   | 54609 ||| Stepping randomly (stuck).
 54610 | Tomb:1   | 54610 ||| Stepping randomly (stuck).
 54611 | Tomb:1   | 54611 ||| Stepping randomly (stuck).
 54612 | Tomb:1   | 54612 ||| Stepping randomly (stuck).
 54613 | Tomb:1   | 54613 ||| Stepping randomly (stuck).
 54614 | Tomb:1   | 54614 ||| Stepping randomly (stuck).
 54615 | Tomb:1   | 54615 ||| Stepping randomly (stuck).
 54616 | Tomb:1   | 54616 ||| Stepping randomly (stuck).
 54617 | Tomb:1   | 54617 ||| Stepping randomly (stuck).
 54618 | Tomb:1   | 54618 ||| Stepping randomly (stuck).
 54619 | Tomb:1   | 54619 ||| Stepping randomly (stuck).
 54620 | Tomb:1   | 54620 ||| Stepping randomly (stuck).
 54621 | Tomb:1   | 54621 ||| Stepping randomly (stuck).
 54622 | Tomb:1   | 54622 ||| Stepping randomly (stuck).
 54623 | Tomb:1   | 54623 ||| Stepping randomly (stuck).
 54624 | Tomb:1   | 54624 ||| Stepping randomly (stuck).
 54625 | Tomb:1   | 54625 ||| Stepping randomly (stuck).
 54626 | Tomb:1   | 54626 ||| Stepping randomly (stuck).
 54627 | Tomb:1   | 54627 ||| Stepping randomly (stuck).
 54628 | Tomb:1   | 54628 ||| Stepping randomly (stuck).
 54629 | Tomb:1   | 54629 ||| Stepping randomly (stuck).
 54630 | Tomb:1   | 54630 ||| Stepping randomly (stuck).
 54631 | Tomb:1   | 54631 ||| Stepping randomly (stuck).
 54632 | Tomb:1   | 54632 ||| Stepping randomly (stuck).
 54633 | Tomb:1   | 54633 ||| Stepping randomly (stuck).
 54634 | Tomb:1   | 54634 ||| Stepping randomly (stuck).
 54635 | Tomb:1   | 54635 ||| Stepping randomly (stuck).
 54636 | Tomb:1   | 54636 ||| Stepping randomly (stuck).
 54637 | Tomb:1   | 54637 ||| Stepping randomly (stuck).
 54638 | Tomb:1   | 54638 ||| Stepping randomly (stuck).
 54639 | Tomb:1   | 54639 ||| Stepping randomly (stuck).
 54640 | Tomb:1   | 54640 ||| Stepping randomly (stuck).
 54641 | Tomb:1   | 54641 ||| Stepping randomly (stuck).
 54642 | Tomb:1   | 54642 ||| Stepping randomly (stuck).
 54643 | Tomb:1   | 54643 ||| Stepping randomly (stuck).
 54644 | Tomb:1   | 54644 ||| Stepping randomly (stuck).
 54645 | Tomb:1   | 54645 ||| Stepping randomly (stuck).
 54646 | Tomb:1   | 54646 ||| Stepping randomly (stuck).
 54647 | Tomb:1   | 54647 ||| Stepping randomly (stuck).
 54648 | Tomb:1   | 54648 ||| Stepping randomly (stuck).
 54649 | Tomb:1   | 54649 ||| Stepping randomly (stuck).
 54650 | Tomb:1   | 54650 ||| Stepping randomly (stuck).
 54651 | Tomb:1   | 54651 ||| Stepping randomly (stuck).
 54652 | Tomb:1   | 54652 ||| Stepping randomly (stuck).
 54653 | Tomb:1   | 54653 ||| Stepping randomly (stuck).
 54654 | Tomb:1   | 54654 ||| Stepping randomly (stuck).
 54655 | Tomb:1   | 54655 ||| Stepping randomly (stuck).
 54656 | Tomb:1   | 54656 ||| Stepping randomly (stuck).
 54657 | Tomb:1   | 54657 ||| Stepping randomly (stuck).
 54658 | Tomb:1   | 54658 ||| Stepping randomly (stuck).
 54659 | Tomb:1   | 54659 ||| Stepping randomly (stuck).
 54660 | Tomb:1   | 54660 ||| Stepping randomly (stuck).
 54661 | Tomb:1   | 54661 ||| Stepping randomly (stuck).
 54662 | Tomb:1   | 54662 ||| Stepping randomly (stuck).
 54663 | Tomb:1   | 54663 ||| Stepping randomly (stuck).
 54664 | Tomb:1   | 54664 ||| Stepping randomly (stuck).
 54665 | Tomb:1   | 54665 ||| Stepping randomly (stuck).
 54666 | Tomb:1   | 54666 ||| Stepping randomly (stuck).
 54667 | Tomb:1   | 54667 ||| Stepping randomly (stuck).
 54668 | Tomb:1   | 54668 ||| Stepping randomly (stuck).
 54669 | Tomb:1   | 54669 ||| Stepping randomly (stuck).
 54670 | Tomb:1   | 54670 ||| Stepping randomly (stuck).
 54671 | Tomb:1   | 54671 ||| Stepping randomly (stuck).
 54672 | Tomb:1   | 54672 ||| Stepping randomly (stuck).
 54673 | Tomb:1   | 54673 ||| Stepping randomly (stuck).
 54674 | Tomb:1   | 54674 ||| Stepping randomly (stuck).
 54675 | Tomb:1   | 54675 ||| Stepping randomly (stuck).
 54676 | Tomb:1   | 54676 ||| Stepping randomly (stuck).
 54677 | Tomb:1   | 54677 ||| Stepping randomly (stuck).
 54678 | Tomb:1   | 54678 ||| Stepping randomly (stuck).
 54679 | Tomb:1   | 54679 ||| Stepping randomly (stuck).
 54680 | Tomb:1   | 54680 ||| Stepping randomly (stuck).
 54681 | Tomb:1   | 54681 ||| Stepping randomly (stuck).
 54682 | Tomb:1   | 54682 ||| Stepping randomly (stuck).
 54683 | Tomb:1   | 54683 ||| Stepping randomly (stuck).
 54684 | Tomb:1   | 54684 ||| Stepping randomly (stuck).
 54685 | Tomb:1   | 54685 ||| Stepping randomly (stuck).
 54686 | Tomb:1   | 54686 ||| Stepping randomly (stuck).
 54687 | Tomb:1   | 54687 ||| Stepping randomly (stuck).
 54688 | Tomb:1   | 54688 ||| Stepping randomly (stuck).
 54689 | Tomb:1   | 54689 ||| Stepping randomly (stuck).
 54690 | Tomb:1   | 54690 ||| Stepping randomly (stuck).
 54691 | Tomb:1   | 54691 ||| Stepping randomly (stuck).
 54692 | Tomb:1   | 54692 ||| Stepping randomly (stuck).
 54693 | Tomb:1   | 54693 ||| Stepping randomly (stuck).
 54694 | Tomb:1   | 54694 ||| Stepping randomly (stuck).
 54695 | Tomb:1   | 54695 ||| Stepping randomly (stuck).
 54696 | Tomb:1   | 54696 ||| Stepping randomly (stuck).
 54697 | Tomb:1   | 54697 ||| Stepping randomly (stuck).
 54698 | Tomb:1   | 54698 ||| Stepping randomly (stuck).
 54699 | Tomb:1   | 54699 ||| Stepping randomly (stuck).
 54700 | Tomb:1   | 54700 ||| Stepping randomly (stuck).
 54701 | Tomb:1   | 54701 ||| Stepping randomly (stuck).
 54702 | Tomb:1   | 54702 ||| Stepping randomly (stuck).
 54703 | Tomb:1   | 54703 ||| Stepping randomly (stuck).
 54704 | Tomb:1   | 54704 ||| Stepping randomly (stuck).
 54705 | Tomb:1   | 54705 ||| Stepping randomly (stuck).
 54706 | Tomb:1   | 54706 ||| Stepping randomly (stuck).
 54707 | Tomb:1   | 54707 ||| Stepping randomly (stuck).
 54708 | Tomb:1   | 54708 ||| Stepping randomly (stuck).
 54709 | Tomb:1   | 54709 ||| Stepping randomly (stuck).
 54710 | Tomb:1   | 54710 ||| Stepping randomly (stuck).
 54711 | Tomb:1   | 54711 ||| Stepping randomly (stuck).
 54712 | Tomb:1   | 54712 ||| Stepping randomly (stuck).
 54713 | Tomb:1   | 54713 ||| Stepping randomly (stuck).
 54714 | Tomb:1   | 54714 ||| Stepping randomly (stuck).
 54715 | Tomb:1   | 54715 ||| Stepping randomly (stuck).
 54716 | Tomb:1   | 54716 ||| Stepping randomly (stuck).
 54717 | Tomb:1   | 54717 ||| Stepping randomly (stuck).
 54718 | Tomb:1   | 54718 ||| Stepping randomly (stuck).
 54719 | Tomb:1   | 54719 ||| Stepping randomly (stuck).
 54720 | Tomb:1   | 54720 ||| Stepping randomly (stuck).
 54721 | Tomb:1   | 54721 ||| Stepping randomly (stuck).
 54722 | Tomb:1   | 54722 ||| Stepping randomly (stuck).
 54723 | Tomb:1   | 54723 ||| Stepping randomly (stuck).
 54724 | Tomb:1   | 54724 ||| Stepping randomly (stuck).
 54725 | Tomb:1   | 54725 ||| Stepping randomly (stuck).
 54726 | Tomb:1   | 54726 ||| Stepping randomly (stuck).
 54727 | Tomb:1   | 54727 ||| Stepping randomly (stuck).
 54728 | Tomb:1   | 54728 ||| Stepping randomly (stuck).
 54729 | Tomb:1   | 54729 ||| Stepping randomly (stuck).
 54730 | Tomb:1   | 54730 ||| Stepping randomly (stuck).
 54731 | Tomb:1   | 54731 ||| Stepping randomly (stuck).
 54732 | Tomb:1   | 54732 ||| Stepping randomly (stuck).
 54733 | Tomb:1   | 54733 ||| Stepping randomly (stuck).
 54734 | Tomb:1   | 54734 ||| Stepping randomly (stuck).
 54735 | Tomb:1   | 54735 ||| Stepping randomly (stuck).
 54736 | Tomb:1   | 54736 ||| Stepping randomly (stuck).
 54737 | Tomb:1   | 54737 ||| Stepping randomly (stuck).
 54738 | Tomb:1   | 54738 ||| Stepping randomly (stuck).
 54739 | Tomb:1   | 54739 ||| Stepping randomly (stuck).
 54740 | Tomb:1   | 54740 ||| Stepping randomly (stuck).
 54741 | Tomb:1   | 54741 ||| Stepping randomly (stuck).
 54742 | Tomb:1   | 54742 ||| Stepping randomly (stuck).
 54743 | Tomb:1   | 54743 ||| Stepping randomly (stuck).
 54744 | Tomb:1   | 54744 ||| Stepping randomly (stuck).
 54745 | Tomb:1   | 54745 ||| Stepping randomly (stuck).
 54746 | Tomb:1   | 54746 ||| Stepping randomly (stuck).
 54747 | Tomb:1   | 54747 ||| Stepping randomly (stuck).
 54748 | Tomb:1   | 54748 ||| Stepping randomly (stuck).
 54749 | Tomb:1   | 54749 ||| Stepping randomly (stuck).
 54750 | Tomb:1   | 54750 ||| Stepping randomly (stuck).
 54751 | Tomb:1   | 54751 ||| Stepping randomly (stuck).
 54752 | Tomb:1   | 54752 ||| Stepping randomly (stuck).
 54753 | Tomb:1   | 54753 ||| Stepping randomly (stuck).
 54754 | Tomb:1   | 54754 ||| Stepping randomly (stuck).
 54755 | Tomb:1   | 54755 ||| Stepping randomly (stuck).
 54756 | Tomb:1   | 54756 ||| Stepping randomly (stuck).
 54757 | Tomb:1   | 54757 ||| Stepping randomly (stuck).
 54758 | Tomb:1   | 54758 ||| Stepping randomly (stuck).
 54759 | Tomb:1   | 54759 ||| Stepping randomly (stuck).
 54760 | Tomb:1   | 54760 ||| Stepping randomly (stuck).
 54761 | Tomb:1   | 54761 ||| Stepping randomly (stuck).
 54762 | Tomb:1   | 54762 ||| Stepping randomly (stuck).
 54763 | Tomb:1   | 54763 ||| Stepping randomly (stuck).
 54764 | Tomb:1   | 54764 ||| Stepping randomly (stuck).
 54765 | Tomb:1   | 54765 ||| Stepping randomly (stuck).
 54766 | Tomb:1   | 54766 ||| Stepping randomly (stuck).
 54767 | Tomb:1   | 54767 ||| Stepping randomly (stuck).
 54768 | Tomb:1   | 54768 ||| Stepping randomly (stuck).
 54769 | Tomb:1   | 54769 ||| Stepping randomly (stuck).
 54770 | Tomb:1   | 54770 ||| Stepping randomly (stuck).
 54771 | Tomb:1   | 54771 ||| Stepping randomly (stuck).
 54772 | Tomb:1   | 54772 ||| Stepping randomly (stuck).
 54773 | Tomb:1   | 54773 ||| Stepping randomly (stuck).
 54774 | Tomb:1   | 54774 ||| Stepping randomly (stuck).
 54775 | Tomb:1   | 54775 ||| Stepping randomly (stuck).
 54776 | Tomb:1   | 54776 ||| Stepping randomly (stuck).
 54777 | Tomb:1   | 54777 ||| Stepping randomly (stuck).
 54778 | Tomb:1   | 54778 ||| Stepping randomly (stuck).
 54779 | Tomb:1   | 54779 ||| Stepping randomly (stuck).
 54780 | Tomb:1   | 54780 ||| Stepping randomly (stuck).
 54781 | Tomb:1   | 54781 ||| Stepping randomly (stuck).
 54782 | Tomb:1   | 54782 ||| Stepping randomly (stuck).
 54783 | Tomb:1   | 54783 ||| Stepping randomly (stuck).
 54784 | Tomb:1   | 54784 ||| Stepping randomly (stuck).
 54785 | Tomb:1   | 54785 ||| Stepping randomly (stuck).
 54786 | Tomb:1   | 54786 ||| Stepping randomly (stuck).
 54787 | Tomb:1   | 54787 ||| Stepping randomly (stuck).
 54788 | Tomb:1   | 54788 ||| Stepping randomly (stuck).
 54789 | Tomb:1   | 54789 ||| Stepping randomly (stuck).
 54790 | Tomb:1   | 54790 ||| Stepping randomly (stuck).
 54791 | Tomb:1   | 54791 ||| Stepping randomly (stuck).
 54792 | Tomb:1   | 54792 ||| Stepping randomly (stuck).
 54793 | Tomb:1   | 54793 ||| Stepping randomly (stuck).
 54794 | Tomb:1   | 54794 ||| Stepping randomly (stuck).
 54795 | Tomb:1   | 54795 ||| Stepping randomly (stuck).
 54796 | Tomb:1   | 54796 ||| Stepping randomly (stuck).
 54797 | Tomb:1   | 54797 ||| Stepping randomly (stuck).
 54798 | Tomb:1   | 54798 ||| Stepping randomly (stuck).
 54799 | Tomb:1   | 54799 ||| Stepping randomly (stuck).
 54800 | Tomb:1   | 54800 ||| Stepping randomly (stuck).
 54801 | Tomb:1   | 54801 ||| Stepping randomly (stuck).
 54802 | Tomb:1   | 54802 ||| Stepping randomly (stuck).
 54803 | Tomb:1   | 54803 ||| Stepping randomly (stuck).
 54804 | Tomb:1   | 54804 ||| Stepping randomly (stuck).
 54805 | Tomb:1   | 54805 ||| Stepping randomly (stuck).
 54806 | Tomb:1   | 54806 ||| Stepping randomly (stuck).
 54807 | Tomb:1   | 54807 ||| Stepping randomly (stuck).
 54808 | Tomb:1   | 54808 ||| Stepping randomly (stuck).
 54809 | Tomb:1   | 54809 ||| Stepping randomly (stuck).
 54810 | Tomb:1   | 54810 ||| Stepping randomly (stuck).
 54811 | Tomb:1   | 54811 ||| Stepping randomly (stuck).
 54812 | Tomb:1   | 54812 ||| Stepping randomly (stuck).
 54813 | Tomb:1   | 54813 ||| Stepping randomly (stuck).
 54814 | Tomb:1   | 54814 ||| Stepping randomly (stuck).
 54815 | Tomb:1   | 54815 ||| Stepping randomly (stuck).
 54816 | Tomb:1   | 54816 ||| Stepping randomly (stuck).
 54817 | Tomb:1   | 54817 ||| Stepping randomly (stuck).
 54818 | Tomb:1   | 54818 ||| Stepping randomly (stuck).
 54819 | Tomb:1   | 54819 ||| Stepping randomly (stuck).
 54820 | Tomb:1   | 54820 ||| Stepping randomly (stuck).
 54821 | Tomb:1   | 54821 ||| Stepping randomly (stuck).
 54822 | Tomb:1   | 54822 ||| Stepping randomly (stuck).
 54823 | Tomb:1   | 54823 ||| Stepping randomly (stuck).
 54824 | Tomb:1   | 54824 ||| Stepping randomly (stuck).
 54825 | Tomb:1   | 54825 ||| Stepping randomly (stuck).
 54826 | Tomb:1   | 54826 ||| Stepping randomly (stuck).
 54827 | Tomb:1   | 54827 ||| Stepping randomly (stuck).
 54828 | Tomb:1   | 54828 ||| Stepping randomly (stuck).
 54829 | Tomb:1   | 54829 ||| Stepping randomly (stuck).
 54830 | Tomb:1   | 54830 ||| Stepping randomly (stuck).
 54831 | Tomb:1   | 54831 ||| Stepping randomly (stuck).
 54832 | Tomb:1   | 54832 ||| Stepping randomly (stuck).
 54833 | Tomb:1   | 54833 ||| Stepping randomly (stuck).
 54834 | Tomb:1   | 54834 ||| Stepping randomly (stuck).
 54835 | Tomb:1   | 54835 ||| Stepping randomly (stuck).
 54836 | Tomb:1   | 54836 ||| Stepping randomly (stuck).
 54837 | Tomb:1   | 54837 ||| Stepping randomly (stuck).
 54838 | Tomb:1   | 54838 ||| Stepping randomly (stuck).
 54839 | Tomb:1   | 54839 ||| Stepping randomly (stuck).
 54840 | Tomb:1   | 54840 ||| Stepping randomly (stuck).
 54841 | Tomb:1   | 54841 ||| Stepping randomly (stuck).
 54842 | Tomb:1   | 54842 ||| Stepping randomly (stuck).
 54843 | Tomb:1   | 54843 ||| Stepping randomly (stuck).
 54844 | Tomb:1   | 54844 ||| Stepping randomly (stuck).
 54845 | Tomb:1   | 54845 ||| Stepping randomly (stuck).
 54846 | Tomb:1   | 54846 ||| Stepping randomly (stuck).
 54847 | Tomb:1   | 54847 ||| Stepping randomly (stuck).
 54848 | Tomb:1   | 54848 ||| Stepping randomly (stuck).
 54849 | Tomb:1   | 54849 ||| Stepping randomly (stuck).
 54850 | Tomb:1   | 54850 ||| Stepping randomly (stuck).
 54851 | Tomb:1   | 54851 ||| Stepping randomly (stuck).
 54852 | Tomb:1   | 54852 ||| Stepping randomly (stuck).
 54853 | Tomb:1   | 54853 ||| Stepping randomly (stuck).
 54854 | Tomb:1   | 54854 ||| Stepping randomly (stuck).
 54855 | Tomb:1   | 54855 ||| Stepping randomly (stuck).
 54856 | Tomb:1   | 54856 ||| Stepping randomly (stuck).
 54857 | Tomb:1   | 54857 ||| Stepping randomly (stuck).
 54858 | Tomb:1   | 54858 ||| Stepping randomly (stuck).
 54859 | Tomb:1   | 54859 ||| Stepping randomly (stuck).
 54860 | Tomb:1   | 54860 ||| Stepping randomly (stuck).
 54861 | Tomb:1   | 54861 ||| Stepping randomly (stuck).
 54862 | Tomb:1   | 54862 ||| Stepping randomly (stuck).
 54863 | Tomb:1   | 54863 ||| Stepping randomly (stuck).
 54864 | Tomb:1   | 54864 ||| Stepping randomly (stuck).
 54865 | Tomb:1   | 54865 ||| Stepping randomly (stuck).
 54866 | Tomb:1   | 54866 ||| Stepping randomly (stuck).
 54867 | Tomb:1   | 54867 ||| Stepping randomly (stuck).
 54868 | Tomb:1   | 54868 ||| Stepping randomly (stuck).
 54869 | Tomb:1   | 54869 ||| Stepping randomly (stuck).
 54870 | Tomb:1   | 54870 ||| Stepping randomly (stuck).
 54871 | Tomb:1   | 54871 ||| Stepping randomly (stuck).
 54872 | Tomb:1   | 54872 ||| Stepping randomly (stuck).
 54873 | Tomb:1   | 54873 ||| Stepping randomly (stuck).
 54874 | Tomb:1   | 54874 ||| Stepping randomly (stuck).
 54875 | Tomb:1   | 54875 ||| Stepping randomly (stuck).
 54876 | Tomb:1   | 54876 ||| Stepping randomly (stuck).
 54877 | Tomb:1   | 54877 ||| Stepping randomly (stuck).
 54878 | Tomb:1   | 54878 ||| Stepping randomly (stuck).
 54879 | Tomb:1   | 54879 ||| Stepping randomly (stuck).
 54880 | Tomb:1   | 54880 ||| Stepping randomly (stuck).
 54881 | Tomb:1   | 54881 ||| Stepping randomly (stuck).
 54882 | Tomb:1   | 54882 ||| Stepping randomly (stuck).
 54883 | Tomb:1   | 54883 ||| Stepping randomly (stuck).
 54884 | Tomb:1   | 54884 ||| Stepping randomly (stuck).
 54885 | Tomb:1   | 54885 ||| Stepping randomly (stuck).
 54886 | Tomb:1   | 54886 ||| Stepping randomly (stuck).
 54887 | Tomb:1   | 54887 ||| Stepping randomly (stuck).
 54888 | Tomb:1   | 54888 ||| Stepping randomly (stuck).
 54889 | Tomb:1   | 54889 ||| Stepping randomly (stuck).
 54890 | Tomb:1   | 54890 ||| Stepping randomly (stuck).
 54891 | Tomb:1   | 54891 ||| Stepping randomly (stuck).
 54892 | Tomb:1   | 54892 ||| Stepping randomly (stuck).
 54893 | Tomb:1   | 54893 ||| Stepping randomly (stuck).
 54894 | Tomb:1   | 54894 ||| Stepping randomly (stuck).
 54895 | Tomb:1   | 54895 ||| Stepping randomly (stuck).
 54896 | Tomb:1   | 54896 ||| Stepping randomly (stuck).
 54897 | Tomb:1   | 54897 ||| Stepping randomly (stuck).
 54898 | Tomb:1   | 54898 ||| Stepping randomly (stuck).
 54899 | Tomb:1   | 54899 ||| Stepping randomly (stuck).
 54900 | Tomb:1   | 54900 ||| Stepping randomly (stuck).
 54901 | Tomb:1   | 54901 ||| Stepping randomly (stuck).
 54902 | Tomb:1   | 54902 ||| Stepping randomly (stuck).
 54903 | Tomb:1   | 54903 ||| Stepping randomly (stuck).
 54904 | Tomb:1   | 54904 ||| Stepping randomly (stuck).
 54905 | Tomb:1   | 54905 ||| Stepping randomly (stuck).
 54906 | Tomb:1   | 54906 ||| Stepping randomly (stuck).
 54907 | Tomb:1   | 54907 ||| Stepping randomly (stuck).
 54908 | Tomb:1   | 54908 ||| Stepping randomly (stuck).
 54909 | Tomb:1   | 54909 ||| Stepping randomly (stuck).
 54910 | Tomb:1   | 54910 ||| Stepping randomly (stuck).
 54911 | Tomb:1   | 54911 ||| Stepping randomly (stuck).
 54912 | Tomb:1   | 54912 ||| Stepping randomly (stuck).
 54913 | Tomb:1   | 54913 ||| Stepping randomly (stuck).
 54914 | Tomb:1   | 54914 ||| Stepping randomly (stuck).
 54915 | Tomb:1   | 54915 ||| Stepping randomly (stuck).
 54916 | Tomb:1   | 54916 ||| Stepping randomly (stuck).
 54917 | Tomb:1   | 54917 ||| Stepping randomly (stuck).
 54918 | Tomb:1   | 54918 ||| Stepping randomly (stuck).
 54919 | Tomb:1   | 54919 ||| Stepping randomly (stuck).
 54920 | Tomb:1   | 54920 ||| Stepping randomly (stuck).
 54921 | Tomb:1   | 54921 ||| Stepping randomly (stuck).
 54922 | Tomb:1   | 54922 ||| Stepping randomly (stuck).
 54923 | Tomb:1   | 54923 ||| Stepping randomly (stuck).
 54924 | Tomb:1   | 54924 ||| Stepping randomly (stuck).
 54925 | Tomb:1   | 54925 ||| Stepping randomly (stuck).
 54926 | Tomb:1   | 54926 ||| Stepping randomly (stuck).
 54927 | Tomb:1   | 54927 ||| Stepping randomly (stuck).
 54928 | Tomb:1   | 54928 ||| Stepping randomly (stuck).
 54929 | Tomb:1   | 54929 ||| Stepping randomly (stuck).
 54930 | Tomb:1   | 54930 ||| Stepping randomly (stuck).
 54931 | Tomb:1   | 54931 ||| Stepping randomly (stuck).
 54932 | Tomb:1   | 54932 ||| Stepping randomly (stuck).
 54933 | Tomb:1   | 54933 ||| Stepping randomly (stuck).
 54934 | Tomb:1   | 54934 ||| Stepping randomly (stuck).
 54935 | Tomb:1   | 54935 ||| Stepping randomly (stuck).
 54936 | Tomb:1   | 54936 ||| Stepping randomly (stuck).
 54937 | Tomb:1   | 54937 ||| Stepping randomly (stuck).
 54938 | Tomb:1   | 54938 ||| Stepping randomly (stuck).
 54939 | Tomb:1   | 54939 ||| Stepping randomly (stuck).
 54940 | Tomb:1   | 54940 ||| Stepping randomly (stuck).
 54941 | Tomb:1   | 54941 ||| Stepping randomly (stuck).
 54942 | Tomb:1   | 54942 ||| Stepping randomly (stuck).
 54943 | Tomb:1   | 54943 ||| Stepping randomly (stuck).
 54944 | Tomb:1   | 54944 ||| Stepping randomly (stuck).
 54945 | Tomb:1   | 54945 ||| Stepping randomly (stuck).
 54946 | Tomb:1   | 54946 ||| Stepping randomly (stuck).
 54947 | Tomb:1   | 54947 ||| Stepping randomly (stuck).
 54948 | Tomb:1   | 54948 ||| Stepping randomly (stuck).
 54949 | Tomb:1   | 54949 ||| Stepping randomly (stuck).
 54950 | Tomb:1   | 54950 ||| Stepping randomly (stuck).
 54951 | Tomb:1   | 54951 ||| Stepping randomly (stuck).
 54952 | Tomb:1   | 54952 ||| Stepping randomly (stuck).
 54953 | Tomb:1   | 54953 ||| Stepping randomly (stuck).
 54954 | Tomb:1   | 54954 ||| Stepping randomly (stuck).
 54955 | Tomb:1   | 54955 ||| Stepping randomly (stuck).
 54956 | Tomb:1   | 54956 ||| Stepping randomly (stuck).
 54957 | Tomb:1   | 54957 ||| Stepping randomly (stuck).
 54958 | Tomb:1   | 54958 ||| Stepping randomly (stuck).
 54959 | Tomb:1   | 54959 ||| Stepping randomly (stuck).
 54960 | Tomb:1   | 54960 ||| Stepping randomly (stuck).
 54961 | Tomb:1   | 54961 ||| Stepping randomly (stuck).
 54962 | Tomb:1   | 54962 ||| Stepping randomly (stuck).
 54963 | Tomb:1   | 54963 ||| Stepping randomly (stuck).
 54964 | Tomb:1   | 54964 ||| Stepping randomly (stuck).
 54965 | Tomb:1   | 54965 ||| Stepping randomly (stuck).
 54966 | Tomb:1   | 54966 ||| Stepping randomly (stuck).
 54967 | Tomb:1   | 54967 ||| Stepping randomly (stuck).
 54968 | Tomb:1   | 54968 ||| Stepping randomly (stuck).
 54969 | Tomb:1   | 54969 ||| Stepping randomly (stuck).
 54970 | Tomb:1   | 54970 ||| Stepping randomly (stuck).
 54971 | Tomb:1   | 54971 ||| Stepping randomly (stuck).
 54972 | Tomb:1   | 54972 ||| Stepping randomly (stuck).
 54973 | Tomb:1   | 54973 ||| Stepping randomly (stuck).
 54974 | Tomb:1   | 54974 ||| Stepping randomly (stuck).
 54975 | Tomb:1   | 54975 ||| Stepping randomly (stuck).
 54976 | Tomb:1   | 54976 ||| Stepping randomly (stuck).
 54977 | Tomb:1   | 54977 ||| Stepping randomly (stuck).
 54978 | Tomb:1   | 54978 ||| Stepping randomly (stuck).
 54979 | Tomb:1   | 54979 ||| Stepping randomly (stuck).
 54980 | Tomb:1   | 54980 ||| Stepping randomly (stuck).
 54981 | Tomb:1   | 54981 ||| Stepping randomly (stuck).
 54982 | Tomb:1   | 54982 ||| Stepping randomly (stuck).
 54983 | Tomb:1   | 54983 ||| Stepping randomly (stuck).
 54984 | Tomb:1   | 54984 ||| Stepping randomly (stuck).
 54985 | Tomb:1   | 54985 ||| Stepping randomly (stuck).
 54986 | Tomb:1   | 54986 ||| Stepping randomly (stuck).
 54987 | Tomb:1   | 54987 ||| Stepping randomly (stuck).
 54988 | Tomb:1   | 54988 ||| Stepping randomly (stuck).
 54989 | Tomb:1   | 54989 ||| Stepping randomly (stuck).
 54990 | Tomb:1   | 54990 ||| Stepping randomly (stuck).
 54991 | Tomb:1   | 54991 ||| Stepping randomly (stuck).
 54992 | Tomb:1   | 54992 ||| Stepping randomly (stuck).
 54993 | Tomb:1   | 54993 ||| Stepping randomly (stuck).
 54994 | Tomb:1   | 54994 ||| Stepping randomly (stuck).
 54995 | Tomb:1   | 54995 ||| Stepping randomly (stuck).
 54996 | Tomb:1   | 54996 ||| Stepping randomly (stuck).
 54997 | Tomb:1   | 54997 ||| Stepping randomly (stuck).
 54998 | Tomb:1   | 54998 ||| Stepping randomly (stuck).
 54999 | Tomb:1   | 54999 ||| Stepping randomly (stuck).
 55000 | Tomb:1   | 55000 ||| Stepping randomly (stuck).
 55001 | Tomb:1   | 55001 ||| Stepping randomly (stuck).
 55002 | Tomb:1   | 55002 ||| Stepping randomly (stuck).
 55003 | Tomb:1   | 55003 ||| Stepping randomly (stuck).
 55004 | Tomb:1   | 55004 ||| Stepping randomly (stuck).
 55005 | Tomb:1   | 55005 ||| Stepping randomly (stuck).
 55006 | Tomb:1   | 55006 ||| Stepping randomly (stuck).
 55007 | Tomb:1   | 55007 ||| Stepping randomly (stuck).
 55008 | Tomb:1   | 55008 ||| Stepping randomly (stuck).
 55009 | Tomb:1   | 55009 ||| Stepping randomly (stuck).
 55010 | Tomb:1   | 55010 ||| Stepping randomly (stuck).
 55011 | Tomb:1   | 55011 ||| Stepping randomly (stuck).
 55012 | Tomb:1   | 55012 ||| Stepping randomly (stuck).
 55013 | Tomb:1   | 55013 ||| Stepping randomly (stuck).
 55014 | Tomb:1   | 55014 ||| Stepping randomly (stuck).
 55015 | Tomb:1   | 55015 ||| Stepping randomly (stuck).
 55016 | Tomb:1   | 55016 ||| Stepping randomly (stuck).
 55017 | Tomb:1   | 55017 ||| Stepping randomly (stuck).
 55018 | Tomb:1   | 55018 ||| Stepping randomly (stuck).
 55019 | Tomb:1   | 55019 ||| Stepping randomly (stuck).
 55020 | Tomb:1   | 55020 ||| Stepping randomly (stuck).
 55021 | Tomb:1   | 55021 ||| Stepping randomly (stuck).
 55022 | Tomb:1   | 55022 ||| Stepping randomly (stuck).
 55023 | Tomb:1   | 55023 ||| Stepping randomly (stuck).
 55024 | Tomb:1   | 55024 ||| Stepping randomly (stuck).
 55025 | Tomb:1   | 55025 ||| Stepping randomly (stuck).
 55026 | Tomb:1   | 55026 ||| Stepping randomly (stuck).
 55027 | Tomb:1   | 55027 ||| Stepping randomly (stuck).
 55028 | Tomb:1   | 55028 ||| Stepping randomly (stuck).
 55029 | Tomb:1   | 55029 ||| Stepping randomly (stuck).
 55030 | Tomb:1   | 55030 ||| Stepping randomly (stuck).
 55031 | Tomb:1   | 55031 ||| Stepping randomly (stuck).
 55032 | Tomb:1   | 55032 ||| Stepping randomly (stuck).
 55033 | Tomb:1   | 55033 ||| Stepping randomly (stuck).
 55034 | Tomb:1   | 55034 ||| Stepping randomly (stuck).
 55035 | Tomb:1   | 55035 ||| Stepping randomly (stuck).
 55036 | Tomb:1   | 55036 ||| Stepping randomly (stuck).
 55037 | Tomb:1   | 55037 ||| Stepping randomly (stuck).
 55038 | Tomb:1   | 55038 ||| Stepping randomly (stuck).
 55039 | Tomb:1   | 55039 ||| Stepping randomly (stuck).
 55040 | Tomb:1   | 55040 ||| Stepping randomly (stuck).
 55041 | Tomb:1   | 55041 ||| Stepping randomly (stuck).
 55042 | Tomb:1   | 55042 ||| Stepping randomly (stuck).
 55043 | Tomb:1   | 55043 ||| Stepping randomly (stuck).
 55044 | Tomb:1   | 55044 ||| Stepping randomly (stuck).
 55045 | Tomb:1   | 55045 ||| Stepping randomly (stuck).
 55046 | Tomb:1   | 55046 ||| Stepping randomly (stuck).
 55047 | Tomb:1   | 55047 ||| Stepping randomly (stuck).
 55048 | Tomb:1   | 55048 ||| Stepping randomly (stuck).
 55049 | Tomb:1   | 55049 ||| Stepping randomly (stuck).
 55050 | Tomb:1   | 55050 ||| Stepping randomly (stuck).
 55051 | Tomb:1   | 55051 ||| Stepping randomly (stuck).
 55052 | Tomb:1   | 55052 ||| Stepping randomly (stuck).
 55053 | Tomb:1   | 55053 ||| Stepping randomly (stuck).
 55054 | Tomb:1   | 55054 ||| Stepping randomly (stuck).
 55055 | Tomb:1   | 55055 ||| Stepping randomly (stuck).
 55056 | Tomb:1   | 55056 ||| Stepping randomly (stuck).
 55057 | Tomb:1   | 55057 ||| Stepping randomly (stuck).
 55058 | Tomb:1   | 55058 ||| Stepping randomly (stuck).
 55059 | Tomb:1   | 55059 ||| Stepping randomly (stuck).
 55060 | Tomb:1   | 55060 ||| Stepping randomly (stuck).
 55061 | Tomb:1   | 55061 ||| Stepping randomly (stuck).
 55062 | Tomb:1   | 55062 ||| Stepping randomly (stuck).
 55063 | Tomb:1   | 55063 ||| Stepping randomly (stuck).
 55064 | Tomb:1   | 55064 ||| Stepping randomly (stuck).
 55065 | Tomb:1   | 55065 ||| Stepping randomly (stuck).
 55066 | Tomb:1   | 55066 ||| Stepping randomly (stuck).
 55067 | Tomb:1   | 55067 ||| Stepping randomly (stuck).
 55068 | Tomb:1   | 55068 ||| Stepping randomly (stuck).
 55069 | Tomb:1   | 55069 ||| Stepping randomly (stuck).
 55070 | Tomb:1   | 55070 ||| Stepping randomly (stuck).
 55071 | Tomb:1   | 55071 ||| Stepping randomly (stuck).
 55072 | Tomb:1   | 55072 ||| Stepping randomly (stuck).
 55073 | Tomb:1   | 55073 ||| Stepping randomly (stuck).
 55074 | Tomb:1   | 55074 ||| Stepping randomly (stuck).
 55075 | Tomb:1   | 55075 ||| Stepping randomly (stuck).
 55076 | Tomb:1   | 55076 ||| Stepping randomly (stuck).
 55077 | Tomb:1   | 55077 ||| Stepping randomly (stuck).
 55078 | Tomb:1   | 55078 ||| Stepping randomly (stuck).
 55079 | Tomb:1   | 55079 ||| Stepping randomly (stuck).
 55080 | Tomb:1   | 55080 ||| Stepping randomly (stuck).
 55081 | Tomb:1   | 55081 ||| Stepping randomly (stuck).
 55082 | Tomb:1   | 55082 ||| Stepping randomly (stuck).
 55083 | Tomb:1   | 55083 ||| Stepping randomly (stuck).
 55084 | Tomb:1   | 55084 ||| Stepping randomly (stuck).
 55085 | Tomb:1   | 55085 ||| Stepping randomly (stuck).
 55086 | Tomb:1   | 55086 ||| Stepping randomly (stuck).
 55087 | Tomb:1   | 55087 ||| Stepping randomly (stuck).
 55088 | Tomb:1   | 55088 ||| Stepping randomly (stuck).
 55089 | Tomb:1   | 55089 ||| Stepping randomly (stuck).
 55090 | Tomb:1   | 55090 ||| Stepping randomly (stuck).
 55091 | Tomb:1   | 55091 ||| Stepping randomly (stuck).
 55092 | Tomb:1   | 55092 ||| Stepping randomly (stuck).
 55093 | Tomb:1   | 55093 ||| Stepping randomly (stuck).
 55094 | Tomb:1   | 55094 ||| Stepping randomly (stuck).
 55095 | Tomb:1   | 55095 ||| Stepping randomly (stuck).
 55096 | Tomb:1   | 55096 ||| Stepping randomly (stuck).
 55097 | Tomb:1   | 55097 ||| Stepping randomly (stuck).
 55098 | Tomb:1   | 55098 ||| Stepping randomly (stuck).
 55099 | Tomb:1   | 55099 ||| Stepping randomly (stuck).
 55100 | Tomb:1   | 55100 ||| Stepping randomly (stuck).
 55101 | Tomb:1   | 55101 ||| Stepping randomly (stuck).
 55102 | Tomb:1   | 55102 ||| Stepping randomly (stuck).
 55103 | Tomb:1   | 55103 ||| Stepping randomly (stuck).
 55104 | Tomb:1   | 55104 ||| Stepping randomly (stuck).
 55105 | Tomb:1   | 55105 ||| Stepping randomly (stuck).
 55106 | Tomb:1   | 55106 ||| Stepping randomly (stuck).
 55107 | Tomb:1   | 55107 ||| Stepping randomly (stuck).
 55108 | Tomb:1   | 55108 ||| Stepping randomly (stuck).
 55109 | Tomb:1   | 55109 ||| Stepping randomly (stuck).
 55110 | Tomb:1   | 55110 ||| Stepping randomly (stuck).
 55111 | Tomb:1   | 55111 ||| Stepping randomly (stuck).
 55112 | Tomb:1   | 55112 ||| Stepping randomly (stuck).
 55113 | Tomb:1   | 55113 ||| Stepping randomly (stuck).
 55114 | Tomb:1   | 55114 ||| Stepping randomly (stuck).
 55115 | Tomb:1   | 55115 ||| Stepping randomly (stuck).
 55116 | Tomb:1   | 55116 ||| Stepping randomly (stuck).
 55117 | Tomb:1   | 55117 ||| Stepping randomly (stuck).
 55118 | Tomb:1   | 55118 ||| Stepping randomly (stuck).
 55119 | Tomb:1   | 55119 ||| Stepping randomly (stuck).
 55120 | Tomb:1   | 55120 ||| Stepping randomly (stuck).
 55121 | Tomb:1   | 55121 ||| Stepping randomly (stuck).
 55122 | Tomb:1   | 55122 ||| Stepping randomly (stuck).
 55123 | Tomb:1   | 55123 ||| Stepping randomly (stuck).
 55124 | Tomb:1   | 55124 ||| Stepping randomly (stuck).
 55125 | Tomb:1   | 55125 ||| Stepping randomly (stuck).
 55126 | Tomb:1   | 55126 ||| Stepping randomly (stuck).
 55127 | Tomb:1   | 55127 ||| Stepping randomly (stuck).
 55128 | Tomb:1   | 55128 ||| Stepping randomly (stuck).
 55129 | Tomb:1   | 55129 ||| Stepping randomly (stuck).
 55130 | Tomb:1   | 55130 ||| Stepping randomly (stuck).
 55131 | Tomb:1   | 55131 ||| Stepping randomly (stuck).
 55132 | Tomb:1   | 55132 ||| Stepping randomly (stuck).
 55133 | Tomb:1   | 55133 ||| Stepping randomly (stuck).
 55134 | Tomb:1   | 55134 ||| Stepping randomly (stuck).
 55135 | Tomb:1   | 55135 ||| Stepping randomly (stuck).
 55136 | Tomb:1   | 55136 ||| Stepping randomly (stuck).
 55137 | Tomb:1   | 55137 ||| Stepping randomly (stuck).
 55138 | Tomb:1   | 55138 ||| Stepping randomly (stuck).
 55139 | Tomb:1   | 55139 ||| Stepping randomly (stuck).
 55140 | Tomb:1   | 55140 ||| Stepping randomly (stuck).
 55141 | Tomb:1   | 55141 ||| Stepping randomly (stuck).
 55142 | Tomb:1   | 55142 ||| Stepping randomly (stuck).
 55143 | Tomb:1   | 55143 ||| Stepping randomly (stuck).
 55144 | Tomb:1   | 55144 ||| Stepping randomly (stuck).
 55145 | Tomb:1   | 55145 ||| Stepping randomly (stuck).
 55146 | Tomb:1   | 55146 ||| Stepping randomly (stuck).
 55147 | Tomb:1   | 55147 ||| Stepping randomly (stuck).
 55148 | Tomb:1   | 55148 ||| Stepping randomly (stuck).
 55149 | Tomb:1   | 55149 ||| Stepping randomly (stuck).
 55150 | Tomb:1   | 55150 ||| Stepping randomly (stuck).
 55151 | Tomb:1   | 55151 ||| Stepping randomly (stuck).
 55152 | Tomb:1   | 55152 ||| Stepping randomly (stuck).
 55153 | Tomb:1   | 55153 ||| Stepping randomly (stuck).
 55154 | Tomb:1   | 55154 ||| Stepping randomly (stuck).
 55155 | Tomb:1   | 55155 ||| Stepping randomly (stuck).
 55156 | Tomb:1   | 55156 ||| Stepping randomly (stuck).
 55157 | Tomb:1   | 55157 ||| Stepping randomly (stuck).
 55158 | Tomb:1   | 55158 ||| Stepping randomly (stuck).
 55159 | Tomb:1   | 55159 ||| Stepping randomly (stuck).
 55160 | Tomb:1   | 55160 ||| Stepping randomly (stuck).
 55161 | Tomb:1   | 55161 ||| Stepping randomly (stuck).
 55162 | Tomb:1   | 55162 ||| Stepping randomly (stuck).
 55163 | Tomb:1   | 55163 ||| Stepping randomly (stuck).
 55164 | Tomb:1   | 55164 ||| Stepping randomly (stuck).
 55165 | Tomb:1   | 55165 ||| Stepping randomly (stuck).
 55166 | Tomb:1   | 55166 ||| Stepping randomly (stuck).
 55167 | Tomb:1   | 55167 ||| Stepping randomly (stuck).
 55168 | Tomb:1   | 55168 ||| Stepping randomly (stuck).
 55169 | Tomb:1   | 55169 ||| Stepping randomly (stuck).
 55170 | Tomb:1   | 55170 ||| Stepping randomly (stuck).
 55171 | Tomb:1   | 55171 ||| Stepping randomly (stuck).
 55172 | Tomb:1   | 55172 ||| Stepping randomly (stuck).
 55173 | Tomb:1   | 55173 ||| Stepping randomly (stuck).
 55174 | Tomb:1   | 55174 ||| Stepping randomly (stuck).
 55175 | Tomb:1   | 55175 ||| Stepping randomly (stuck).
 55176 | Tomb:1   | 55176 ||| Stepping randomly (stuck).
 55177 | Tomb:1   | 55177 ||| Stepping randomly (stuck).
 55178 | Tomb:1   | 55178 ||| Stepping randomly (stuck).
 55179 | Tomb:1   | 55179 ||| Stepping randomly (stuck).
 55180 | Tomb:1   | 55180 ||| Stepping randomly (stuck).
 55181 | Tomb:1   | 55181 ||| Stepping randomly (stuck).
 55182 | Tomb:1   | 55182 ||| Stepping randomly (stuck).
 55183 | Tomb:1   | 55183 ||| Stepping randomly (stuck).
 55184 | Tomb:1   | 55184 ||| Stepping randomly (stuck).
 55185 | Tomb:1   | 55185 ||| Stepping randomly (stuck).
 55186 | Tomb:1   | 55186 ||| Stepping randomly (stuck).
 55187 | Tomb:1   | 55187 ||| Stepping randomly (stuck).
 55188 | Tomb:1   | 55188 ||| Stepping randomly (stuck).
 55189 | Tomb:1   | 55189 ||| Stepping randomly (stuck).
 55190 | Tomb:1   | 55190 ||| Stepping randomly (stuck).
 55191 | Tomb:1   | 55191 ||| Stepping randomly (stuck).
 55192 | Tomb:1   | 55192 ||| Stepping randomly (stuck).
 55193 | Tomb:1   | 55193 ||| Stepping randomly (stuck).
 55194 | Tomb:1   | 55194 ||| Stepping randomly (stuck).
 55195 | Tomb:1   | 55195 ||| Stepping randomly (stuck).
 55196 | Tomb:1   | 55196 ||| Stepping randomly (stuck).
 55197 | Tomb:1   | 55197 ||| Stepping randomly (stuck).
 55198 | Tomb:1   | 55198 ||| Stepping randomly (stuck).
 55199 | Tomb:1   | 55199 ||| Stepping randomly (stuck).
 55200 | Tomb:1   | 55200 ||| Stepping randomly (stuck).
 55201 | Tomb:1   | 55201 ||| Stepping randomly (stuck).
 55202 | Tomb:1   | 55202 ||| Stepping randomly (stuck).
 55203 | Tomb:1   | 55203 ||| Stepping randomly (stuck).
 55204 | Tomb:1   | 55204 ||| Stepping randomly (stuck).
 55205 | Tomb:1   | 55205 ||| Stepping randomly (stuck).
 55206 | Tomb:1   | 55206 ||| Stepping randomly (stuck).
 55207 | Tomb:1   | 55207 ||| Stepping randomly (stuck).
 55208 | Tomb:1   | 55208 ||| Stepping randomly (stuck).
 55209 | Tomb:1   | 55209 ||| Stepping randomly (stuck).
 55210 | Tomb:1   | 55210 ||| Stepping randomly (stuck).
 55211 | Tomb:1   | 55211 ||| Stepping randomly (stuck).
 55212 | Tomb:1   | 55212 ||| Stepping randomly (stuck).
 55213 | Tomb:1   | 55213 ||| Stepping randomly (stuck).
 55214 | Tomb:1   | 55214 ||| Stepping randomly (stuck).
 55215 | Tomb:1   | 55215 ||| Stepping randomly (stuck).
 55216 | Tomb:1   | 55216 ||| Stepping randomly (stuck).
 55217 | Tomb:1   | 55217 ||| Stepping randomly (stuck).
 55218 | Tomb:1   | 55218 ||| Stepping randomly (stuck).
 55219 | Tomb:1   | 55219 ||| Stepping randomly (stuck).
 55220 | Tomb:1   | 55220 ||| Stepping randomly (stuck).
 55221 | Tomb:1   | 55221 ||| Stepping randomly (stuck).
 55222 | Tomb:1   | 55222 ||| Stepping randomly (stuck).
 55223 | Tomb:1   | 55223 ||| Stepping randomly (stuck).
 55224 | Tomb:1   | 55224 ||| Stepping randomly (stuck).
 55225 | Tomb:1   | 55225 ||| Stepping randomly (stuck).
 55226 | Tomb:1   | 55226 ||| Stepping randomly (stuck).
 55227 | Tomb:1   | 55227 ||| Stepping randomly (stuck).
 55228 | Tomb:1   | 55228 ||| Stepping randomly (stuck).
 55229 | Tomb:1   | 55229 ||| Stepping randomly (stuck).
 55230 | Tomb:1   | 55230 ||| Stepping randomly (stuck).
 55231 | Tomb:1   | 55231 ||| Stepping randomly (stuck).
 55232 | Tomb:1   | 55232 ||| Stepping randomly (stuck).
 55233 | Tomb:1   | 55233 ||| Stepping randomly (stuck).
 55234 | Tomb:1   | 55234 ||| Stepping randomly (stuck).
 55235 | Tomb:1   | 55235 ||| Stepping randomly (stuck).
 55236 | Tomb:1   | 55236 ||| Stepping randomly (stuck).
 55237 | Tomb:1   | 55237 ||| Stepping randomly (stuck).
 55238 | Tomb:1   | 55238 ||| Stepping randomly (stuck).
 55239 | Tomb:1   | 55239 ||| Stepping randomly (stuck).
 55240 | Tomb:1   | 55240 ||| Stepping randomly (stuck).
 55241 | Tomb:1   | 55241 ||| Stepping randomly (stuck).
 55242 | Tomb:1   | 55242 ||| Stepping randomly (stuck).
 55243 | Tomb:1   | 55243 ||| Stepping randomly (stuck).
 55244 | Tomb:1   | 55244 ||| Stepping randomly (stuck).
 55245 | Tomb:1   | 55245 ||| Stepping randomly (stuck).
 55246 | Tomb:1   | 55246 ||| Stepping randomly (stuck).
 55247 | Tomb:1   | 55247 ||| Stepping randomly (stuck).
 55248 | Tomb:1   | 55248 ||| Stepping randomly (stuck).
 55249 | Tomb:1   | 55249 ||| Stepping randomly (stuck).
 55250 | Tomb:1   | 55250 ||| Stepping randomly (stuck).
 55251 | Tomb:1   | 55251 ||| Stepping randomly (stuck).
 55252 | Tomb:1   | 55252 ||| Stepping randomly (stuck).
 55253 | Tomb:1   | 55253 ||| Stepping randomly (stuck).
 55254 | Tomb:1   | 55254 ||| Stepping randomly (stuck).
 55255 | Tomb:1   | 55255 ||| Stepping randomly (stuck).
 55256 | Tomb:1   | 55256 ||| Stepping randomly (stuck).
 55257 | Tomb:1   | 55257 ||| Stepping randomly (stuck).
 55258 | Tomb:1   | 55258 ||| Stepping randomly (stuck).
 55259 | Tomb:1   | 55259 ||| Stepping randomly (stuck).
 55260 | Tomb:1   | 55260 ||| Stepping randomly (stuck).
 55261 | Tomb:1   | 55261 ||| Stepping randomly (stuck).
 55262 | Tomb:1   | 55262 ||| Stepping randomly (stuck).
 55263 | Tomb:1   | 55263 ||| Stepping randomly (stuck).
 55264 | Tomb:1   | 55264 ||| Stepping randomly (stuck).
 55265 | Tomb:1   | 55265 ||| Stepping randomly (stuck).
 55266 | Tomb:1   | 55266 ||| Stepping randomly (stuck).
 55267 | Tomb:1   | 55267 ||| Stepping randomly (stuck).
 55268 | Tomb:1   | 55268 ||| Stepping randomly (stuck).
 55269 | Tomb:1   | 55269 ||| Stepping randomly (stuck).
 55270 | Tomb:1   | 55270 ||| Stepping randomly (stuck).
 55271 | Tomb:1   | 55271 ||| Stepping randomly (stuck).
 55272 | Tomb:1   | 55272 ||| Stepping randomly (stuck).
 55273 | Tomb:1   | 55273 ||| Stepping randomly (stuck).
 55274 | Tomb:1   | 55274 ||| Stepping randomly (stuck).
 55275 | Tomb:1   | 55275 ||| Stepping randomly (stuck).
 55276 | Tomb:1   | 55276 ||| Stepping randomly (stuck).
 55277 | Tomb:1   | 55277 ||| Stepping randomly (stuck).
 55278 | Tomb:1   | 55278 ||| Stepping randomly (stuck).
 55279 | Tomb:1   | 55279 ||| Stepping randomly (stuck).
 55280 | Tomb:1   | 55280 ||| Stepping randomly (stuck).
 55281 | Tomb:1   | 55281 ||| Stepping randomly (stuck).
 55282 | Tomb:1   | 55282 ||| Stepping randomly (stuck).
 55283 | Tomb:1   | 55283 ||| Stepping randomly (stuck).
 55284 | Tomb:1   | 55284 ||| Stepping randomly (stuck).
 55285 | Tomb:1   | 55285 ||| Stepping randomly (stuck).
 55286 | Tomb:1   | 55286 ||| Stepping randomly (stuck).
 55287 | Tomb:1   | 55287 ||| Stepping randomly (stuck).
 55288 | Tomb:1   | 55288 ||| Stepping randomly (stuck).
 55289 | Tomb:1   | 55289 ||| Stepping randomly (stuck).
 55290 | Tomb:1   | 55290 ||| Stepping randomly (stuck).
 55291 | Tomb:1   | 55291 ||| Stepping randomly (stuck).
 55292 | Tomb:1   | 55292 ||| Stepping randomly (stuck).
 55293 | Tomb:1   | 55293 ||| Stepping randomly (stuck).
 55294 | Tomb:1   | 55294 ||| Stepping randomly (stuck).
 55295 | Tomb:1   | 55295 ||| Stepping randomly (stuck).
 55296 | Tomb:1   | 55296 ||| Stepping randomly (stuck).
 55297 | Tomb:1   | 55297 ||| Stepping randomly (stuck).
 55298 | Tomb:1   | 55298 ||| Stepping randomly (stuck).
 55299 | Tomb:1   | 55299 ||| Stepping randomly (stuck).
 55300 | Tomb:1   | 55300 ||| Stepping randomly (stuck).
 55301 | Tomb:1   | 55301 ||| Stepping randomly (stuck).
 55302 | Tomb:1   | 55302 ||| Stepping randomly (stuck).
 55303 | Tomb:1   | 55303 ||| Stepping randomly (stuck).
 55304 | Tomb:1   | 55304 ||| Stepping randomly (stuck).
 55305 | Tomb:1   | 55305 ||| Stepping randomly (stuck).
 55306 | Tomb:1   | 55306 ||| Stepping randomly (stuck).
 55307 | Tomb:1   | 55307 ||| Stepping randomly (stuck).
 55308 | Tomb:1   | 55308 ||| Stepping randomly (stuck).
 55309 | Tomb:1   | 55309 ||| Stepping randomly (stuck).
 55310 | Tomb:1   | 55310 ||| Stepping randomly (stuck).
 55311 | Tomb:1   | 55311 ||| Stepping randomly (stuck).
 55312 | Tomb:1   | 55312 ||| Stepping randomly (stuck).
 55313 | Tomb:1   | 55313 ||| Stepping randomly (stuck).
 55314 | Tomb:1   | 55314 ||| Stepping randomly (stuck).
 55315 | Tomb:1   | 55315 ||| Stepping randomly (stuck).
 55316 | Tomb:1   | 55316 ||| Stepping randomly (stuck).
 55317 | Tomb:1   | 55317 ||| Stepping randomly (stuck).
 55318 | Tomb:1   | 55318 ||| Stepping randomly (stuck).
 55319 | Tomb:1   | 55319 ||| Stepping randomly (stuck).
 55320 | Tomb:1   | 55320 ||| Stepping randomly (stuck).
 55321 | Tomb:1   | 55321 ||| Stepping randomly (stuck).
 55322 | Tomb:1   | Quit the game

Levels and vault maps discovered:
D:1:      dpeg_arrival_leaves_temple_mockup, layout_loops_ring, serial_shops,
          shop
D:2:      layout_loops_ring, uniq_jessica, uniq_robin
D:3:      layout_rooms, uniq_crazy_yiuf_cottage, uniq_sigmund, uniq_ijyb
D:4:      layout_rooms, uniq_grinder, uniq_menkaure
D:5:      layout_rooms, overflow_temple_1_default, serial_bayou,
          serial_bayou_crossing, serial_bayou_pond_c, serial_bayou_lagoon_a,
          serial_bayou_lake_a
D:6:      layout_basic, gammafunk_temple_overflow_arena
D:7:      layout_basic, nicolae_overflow_quartered_altars,
          minmay_temple_entry_hall, st_stairs_9
D:8:      layout_basic, kennysheep_little_box, mrwooster_statue_mirror
D:9:      layout_roguey, erik_lair_orcish_takeover, uniq_erica, uniq_pikel,
          uniq_maurice, uniq_grum
D:10:     layout_irregular_city, gammafunk_temple_overflow_claw
D:11:     layout_cave_pools, okawaru_gym_becter, uniq_gastronok, uniq_josephine
D:12:     layout_loops_cross, orc_david_3, uniq_jorgrun
D:13:     gammafunk_boulding_lane, layout_basic,
          hangedman_vaults_entry_quadrant_bands, fungi_pond_lemuel,
          minivault_28, uniq_rupert, uniq_azrael
D:14:     layout_grid_maze, minmay_strange_pillars
D:15:     gammafunk_depths_entry_grave, layout_cave_pools, serial_shops,
          nicolae_shop_tiny_waterfront, nicolae_uskayaw_en_pointe,
          evilmike_minifort
Temple:   nicolae_temple_slightly_damp_pantheon
Lair:1:   layout_hall_layers, grunt_forest_large_clearings
Lair:2:   layout_hall_layers, guppyfry_snake_entry_garden
Lair:3:   layout_gridlike, swamp_mist, grunt_megastairs_5,
          infiniplex_staircase_pool_2, uniq_urug
Lair:4:   layout_regular_city, slime_entry_1, grunt_megastairs_1
Lair:5:   minmay_lair_end_enchanted_forest, layout_hall_layers,
          grunt_forest_small_clearings
Swamp:1:  layout_basic_swamp, evilmike_swamp_ruin_rubble_2
Swamp:2:  layout_basic_swamp, evilmike_swamp_ruin_house_4, uniq_donald
Swamp:3:  layout_basic_swamp, gammafunk_ghost_arena,
          nicolae_swamp_ascending_descending, hangedman_swamp_pad, swamp_pool1,
          uniq_roxanne
Swamp:4:  swamp_old_school, layout_basic_swamp, worms_lemuel
Snake:1:  layout_grid_maze, serial_bayou_shore_b, uniq_aizul
Snake:2:  layout_honeycomb, nicolae_fountain_basement, uniq_vashnia
Snake:3:  layout_cave_pods
Snake:4:  grunt_snake_rune_pools, layout_misc_corridors, basic_altar, drop_trap,
          nicolae_letterblocks [nicolae_letter_subblock,
          nicolae_letter_subblock, nicolae_letter_subblock,
          nicolae_letter_subblock, nicolae_letter_subblock,
          nicolae_letter_subblock, nicolae_letter_subblock,
          nicolae_letter_subblock, nicolae_letter_subblock,
          nicolae_letter_subblock, nicolae_letter_subblock,
          nicolae_letter_subblock, nicolae_letter_subblock,
          nicolae_letter_subblock, nicolae_letter_subblock,
          nicolae_letter_subblock, nicolae_letter_subblock,
          nicolae_letter_subblock, nicolae_letter_subblock,
          nicolae_letter_subblock, nicolae_letter_subblock,
          nicolae_letter_subblock, nicolae_letter_subblock,
          nicolae_letter_subblock, nicolae_letter_subblock], minmay_shop_grove
Slime:1:  layout_caves
Slime:2:  layout_caves, basic_altar
Slime:3:  layout_caves
Slime:4:  layout_caves, nicolae_slime_getting_an_eyeful
Slime:5
Orc:1:    layout_diamond_mine, kennysheep_orc_sif_temple
Orc:2:    st_orc_town, layout_diamond_mine, uniq_snorg
Vaults:1: v_pattern_4, nicolae_vaults_cornered_office, nicolae_vaults_museum,
          nicolae_vaults_double_plus_1, ontoclasm_vaults_ring_square,
          vaults_room_pools, nicolae_vaults_diamond_2,
          nicolae_vaults_border_crossing, nicolae_vaults_tetromino_L_1,
          layout_vaults_chaotic_city, serial_shops, nicolae_shop_hallway_plus
Vaults:2: ontoclasm_vaults_ligature, minmay_crypt_entry_simple_sparse,
          nicolae_vaults_loss_of_containment, v_misc_3, vaults_room_pools,
          hangedman_vaults_maws, nicolae_vaults_ellipses_ellipsis,
          vaults_standard_mumra_x, nicolae_vaults_twisting_passages,
          nicolae_vaults_closet_pinwheel_5, vaults_room_hallway,
          grunt_vaults_diagonal, nicolae_vaults_tetromino_Z_1,
          layout_vaults_omnibox, serial_shops, shop
Vaults:3: nicolae_vaults_little_guard_posts,
          nicolae_vaults_offset_grid_hallway_4, hangedman_vaults_corner,
          nicolae_vaults_layer_cake_slice, nicolae_vaults_prndl,
          nicolae_vaults_puzzle_piece, vaults_room_stairs_pillars,
          ontoclasm_vaults_pinch, v_misc_26, nicolae_vaults_hallways_thing,
          nicolae_vaults_storage_room_doors, nicolae_vaults_storage_closets_3,
          ontoclasm_vaults_fault, vaults_room_door_ring, hangedman_vaults_trim,
          ontoclasm_vaults_twist, nicolae_vaults_little_squares_6,
          layout_vaults_ring
Vaults:4: grunt_vaults_twisty, nicolae_vaults_taking_the_gang_shopping,
          nicolae_vaults_tetromino_T_1, vaults_room_ringed_pool, v_misc_26,
          nicolae_vaults_hexular_roomagon, dpeg_vaults_monster_box,
          vaults_room_corners, layout_vaults_omnigrid
Vaults:5
Crypt:1:  layout_regular_city, ebering_ghost_rock_garden,
          ebering_dispersal_statue_hall, library_closet, door_vault
Crypt:2:  layout_gridlike, basic_altar, nicolae_elevator_lobby_plus
Crypt:3:  lightli_unholy_cathedral, layout_chaotic_city, basic_altar,
          lemuel_dead_fish_pool, uniq_saint_roka, uniq_josephina
Tomb:1
Depths:1: layout_long_grid, grunt_hell_horde, nicolae_wu_jian_wuxing_cycle,
          minmay_librarian
Depths:2: evilmike_marble_ring, layout_gridville, hell_entry,
          nicolae_ashenzari_panopticon, serial_shops, bzr_entry_dummy,
          nicolae_shop_back_alley_shop, pan_entry, lightli_giant_bouncers,
          firewood_loft
Depths:3: regret_index_dithmenos_brocken_genspenst, layout_gridlike,
          enter_ziggurat_e, minmay_room_of_horrors, hell_entry,
          cheibriados_altar_1, gammafunk_ghost_mausoleum, mu_enter_wizlab_1
Depths:4: grunt_zot_entry_bicorn, layout_long_grid, hell_entry,
          hangedman_decor_diamond_cutter, tgw_xom
Zot:1:    layout_cellular_growth, grunt_megastairs_2
Zot:2:    kennysheep_six_static_rooms, layout_basic
Zot:3:    layout_gridlike
Zot:4:    layout_misc_corridors

Skill      XL: |  1  2  3  4  5  6  7  8  9 10 11 12 13 14 15 16 17 18 19 20 21 22 23 24 25 26 27 |
---------------+----------------------------------------------------------------------------------+-----
Axes           | 2 3 4 5 6 7 9 10 12 13 14 15 17 18 | 18.0
Throwing       | 1 2 3 4 5 6 7 8 9 10 11 12 13 14 | 14.0
Fighting       | 5 7 8 9 10 12 14 16 17 18 19 21 23 24 25 | 25.4
Armour         | 4 5 6 8 9 10 11 12 14 15 16 19 22 | 22.0
Shields        | 7 8 9 10 11 12 13 15 16 18 20 21 22 | 22.0
Dodging        | 1 2 3 4 5 6 8 9 10 11 12 | 12.0
Invocations    | 4 8 10 16 19 | 19.3

Action                     |  1- 3 |  4- 6 |  7- 9 | 10-12 | 13-15 | 16-18 | 19-21 | 22-24 | 25-27 || total
---------------------------+-------+-------+-------+-------+-------+-------+-------+-------+-------++-------
  Melee: War axe           |   104 |   109 |   277 |   632 |   849 |       |       |       |   189 ||  2160
         Unarmed           |       |       |       |    28 |       |       |       |       |       ||    28
         Flail             |       |       |       |    12 |    16 |       |       |       |       ||    28
         Broad axe         |       |       |       |       |   152 |  1229 |  1378 |  1205 |  1059 ||  5023
         Peck              |       |       |       |       |       |       |   281 |   348 |   228 ||   857
  Throw: Javelin           |       |    11 |    21 |    18 |   169 |   111 |   113 |   126 |    41 ||   610
         Boomerang         |       |     6 |    21 |       |    20 |    31 |    48 |    19 |   255 ||   400
 Invoke: Heroism           |       |       |       |    30 |    31 |    36 |    13 |    27 |    10 ||   147
         Finesse           |       |       |       |       |    11 |     5 |     9 |     8 |     2 ||    35
         Cleansing Flame   |       |       |       |       |       |       |       |       |    16 ||    16
         Summon Divine War |       |       |       |       |       |       |       |       |     3 ||     3
         Brand Weapon With |       |       |       |       |       |       |       |       |     1 ||     1
    Use: Scroll            |     3 |     7 |     8 |     5 |     4 |     6 |     3 |     1 |    14 ||    51
         Potion            |     1 |     4 |       |     5 |     5 |     3 |     6 |     1 |     9 ||    34
 Armour: Scale mail        |    40 |    22 |       |       |       |       |       |       |       ||    62
         Plate armour      |       |    46 |     2 |       |       |       |       |       |       ||    48
         Ice dragon scales |       |       |   155 |   322 |   461 |   734 |   181 |       |       ||  1853
         Crystal plate arm |       |       |       |       |       |       |   162 |   396 |   496 ||  1054
  Dodge: Dodged            |    47 |    39 |    88 |   207 |   254 |   485 |   284 |   273 |   375 ||  2052
  Block: Buckler           |    20 |    18 |     1 |       |       |       |       |       |       ||    39
         Kite shield       |       |       |   113 |   294 |   422 |   794 |    97 |       |       ||  1720
         Reflection        |       |       |       |       |       |    64 |     4 |       |       ||    68
         Tower shield      |       |       |       |       |       |       |   749 |   977 |  1088 ||  2814

Table legend:
 A = Non-vault XP
 B = Vault XP
 C = Vault XP percentage of total XP
 D = Non-vault monster count
 E = Vault monster count
 F = Vault count percentage of total count
                 A         B        C        D         E       F
            +---------+---------+-------+---------+---------+-------
      Total |  834265 |  499908 |  37.5 |    1537 |     725 |  32.1
            +---------+---------+-------+---------+---------+-------
        D:1 |      31 |       0 |   0.0 |      18 |       0 |   0.0
        D:2 |      36 |      72 |  66.7 |      15 |      12 |  44.4
        D:3 |     132 |     259 |  66.2 |      21 |       2 |   8.7
        D:4 |     286 |     446 |  60.9 |      15 |       2 |  11.8
        D:5 |    1162 |       0 |   0.0 |      21 |       0 |   0.0
        D:6 |    1169 |       0 |   0.0 |      30 |       0 |   0.0
        D:7 |     800 |     187 |  18.9 |      26 |       2 |   7.1
        D:8 |    1619 |       0 |   0.0 |      28 |       0 |   0.0
        D:9 |    2444 |    2623 |  51.8 |      26 |      14 |  35.0
       D:10 |    4132 |     628 |  13.2 |      29 |       3 |   9.4
       D:11 |    3324 |    2626 |  44.1 |      12 |       3 |  20.0
       D:12 |    6698 |    2589 |  27.9 |      22 |       9 |  29.0
       D:13 |   10611 |   14072 |  57.0 |      17 |      35 |  67.3
       D:14 |    7591 |     100 |   1.3 |      14 |       1 |   6.7
       D:15 |   16403 |   10866 |  39.8 |      28 |      20 |  41.7
     Lair:1 |    6207 |     571 |   8.4 |      24 |       1 |   4.0
     Lair:2 |    4710 |     329 |   6.5 |      15 |       2 |  11.8
     Lair:3 |    5341 |    2326 |  30.3 |      22 |       7 |  24.1
     Lair:4 |   10569 |    1895 |  15.2 |      33 |       7 |  17.5
     Lair:5 |   14527 |    9926 |  40.6 |      36 |      46 |  56.1
    Swamp:1 |    6303 |       0 |   0.0 |      11 |       0 |   0.0
    Swamp:2 |    7489 |    1334 |  15.1 |      15 |       1 |   6.2
    Swamp:3 |   15812 |    1364 |   7.9 |      27 |       1 |   3.6
    Swamp:4 |    9242 |   19700 |  68.1 |      18 |      33 |  64.7
    Snake:1 |   12147 |    1220 |   9.1 |      30 |       1 |   3.2
    Snake:2 |    9859 |    9781 |  49.8 |      20 |      11 |  35.5
    Snake:3 |   22624 |       0 |   0.0 |      42 |       0 |   0.0
    Snake:4 |   25326 |   24438 |  49.1 |      49 |      38 |  43.7
    Slime:1 |    9215 |       0 |   0.0 |      26 |       0 |   0.0
    Slime:2 |    4615 |       0 |   0.0 |      11 |       0 |   0.0
    Slime:3 |    4467 |       0 |   0.0 |       4 |       0 |   0.0
    Slime:4 |    3481 |    1215 |  25.9 |       3 |       6 |  66.7
    Slime:5 |   19373 |   27175 |  58.4 |      39 |      17 |  30.4
      Orc:1 |    2962 |     312 |   9.5 |      44 |       6 |  12.0
      Orc:2 |    4879 |    9299 |  65.6 |      47 |      60 |  56.1
   Vaults:1 |   55987 |   23870 |  29.9 |      78 |      29 |  27.1
   Vaults:2 |   22061 |   17466 |  44.2 |      36 |      27 |  42.9
   Vaults:3 |   17038 |   10843 |  38.9 |      24 |      13 |  35.1
   Vaults:4 |   30531 |   16080 |  34.5 |      41 |      22 |  34.9
   Vaults:5 |   27553 |  125174 |  82.0 |      39 |     109 |  73.6
    Crypt:1 |   40573 |       0 |   0.0 |      55 |       0 |   0.0
    Crypt:2 |   31312 |       0 |   0.0 |      46 |       0 |   0.0
    Crypt:3 |   32263 |   38828 |  54.6 |      43 |      57 |  57.0
     Tomb:1 |    7863 |   38878 |  83.2 |      21 |      37 |  63.8
   Depths:1 |   30339 |   10142 |  25.1 |      39 |      10 |  20.4
   Depths:2 |   36657 |   20053 |  35.4 |      43 |      19 |  30.6
   Depths:3 |   23268 |   24722 |  51.5 |      31 |      38 |  55.1
   Depths:4 |   44744 |   17164 |  27.7 |      46 |      16 |  25.8
      Zot:1 |   39533 |    4242 |   9.7 |      35 |       2 |   5.4
      Zot:2 |   44934 |    7093 |  13.6 |      39 |       6 |  13.3
      Zot:3 |   44297 |       0 |   0.0 |      38 |       0 |   0.0
      Zot:4 |   49726 |       0 |   0.0 |      45 |       0 |   0.0
            +---------+---------+-------+---------+---------+-------
